Workbook

Sheet Monitoring_eng
A1: questionID_2019 | B1: questionID | C1: question | D1: Vinnytsia region | E1: Vinnytsia region_comment | F1: Volyn region | G1: Volyn region_comment | H1: Dnipropetrovsk region | I1: Dnipropetrovsk region_comment | J1: Zhytomyr region | K1: Zhytomyr region_comment | L1: Zakarpattia region | M1: Zakarpattia region_comment | N1: Zaporizhzhia region | O1: Zaporizhzhia region_comment | P1: Ivano-Frankivsk region | Q1: Ivano-Frankivsk region_comment | R1: Kyiv region | S1: Kyiv region_comment | T1: Kirovohrad region | U1: Kirovohrad region_comment | V1: Lviv region | W1: Lviv region_comment | X1: Mykolaiv region | Y1: Mykolaiv region_comment | Z1: Odesa region | AA1: Odesa region_comment | AB1: Poltava region | AC1: Poltava region_comment | AD1: Rivne region | AE1: Rivne region_comment | AF1: Sumy region | AG1: Sumy region_comment | AH1: Ternopil region | AI1: Ternopil region_comment | AJ1: Kharkiv region | AK1: Kharkiv region_comment | AL1: Kherson region | AM1: Kherson region_comment | AN1: Khmelnytskyi region | AO1: Khmelnytskyi region_comment | AP1: Cherkasy region | AQ1: Cherkasy region_comment | AR1: Chernivtsi region | AS1: Chernivtsi region_comment | AT1: Chernihiv region | AU1: Chernihiv region_comment
A2: R19001 | B2: Q1 | C2: Is there an online platform for communication between citizens and the Regional Council available on the Regional Council website for filing complaints, suggestions and appeals, as well as requests for information? | D2: yes | E2: https://vinrada.gov.ua/deputatska_priymalna.htm https://vinrada.gov.ua/povidomlennya-pro-korupcijne-pravoporushennya.htm | F2: yes | G2: http://volynrada.gov.ua/zapit-na-otrimannya-publichnoyi-informaciyi http://volynrada.gov.ua/node/59183 | H2: yes | I2: https://oblrada.dp.gov.ua/zvernennia-hromadian/ | J2: yes | K2: https://zt.gov.ua/index.php/%D0%B7%D0%B0%D0%BF%D0%B8%D1%82%D0%B0%D0%BD%D0%BD%D1%8F-%D0%B4%D0%BE-%D0%BA%D0%B5%D1%80%D1%96%D0%B2%D0%BD%D0%B8%D1%86%D1%82%D0%B2%D0%B0.html | L2: yes | M2: https://zakarpat-rada.gov.ua/elektronna-pryjmalnya/ | N2: yes | O2: http://zor.gov.ua/content/zvernennya-gromadyan | P2: yes | Q2: https://e-dem.in.ua/ivano-frankivsk-or | R2: yes | S2: https://petition.kor.gov.ua/ | T2: yes | U2: https://oblrada.kr.ua/elektronna-prijmalnya- | V2: no | X2: yes | Y2: https://www.mk-oblrada.gov.ua/vzaemodiya-z-gromadskistyu | Z2: yes | AA2: http://oblrada.odessa.gov.ua/zvernennya-do-golovy-oblrady/ | AB2: yes | AC2: http://oblrada-pl.gov.ua/index.php?option=com_content&view=article&id=3613&Itemid=173 | AD2: yes | AE2: http://oblrada.rv.ua/sklad_struktura/electronic_address.php ; http://oblrada.rv.ua/sklad_struktura/electronic_form.php | AF2: yes | AG2: http://online.sorada.gov.ua/Account/LogOn?returnUrl=http%3A%2F%2Fonline.sorada.gov.ua%3A9006%2FRada%2FAccountUser%2FIndex | AH2: yes | AI2: http://te-rada.org/profile/?ref=appeal | AJ2: no | AL2: yes | AM2: http://khor.gov.ua/zvernennya-gromadyan/ | AN2: yes | AO2: http://km-oblrada.gov.ua/contacts/ | AP2: yes | AR2: yes | AS2: http://oblrada.cv.ua/online_reception/ | AT2: yes | AU2: https://chor.gov.ua/zv-yazki-z-gromadskistyu/elektronna-priymalnya
A3: R19002 | B3: Q2 | C3: Do the responds to citizens' appeals, suggestions, and complaints are available on the respective online platform for public observation? | D3: no | F3: no | H3: yes | I3: https://oblrada.dp.gov.ua/electronni-petisii/ | J3: no | L3: no | N3: no | P3: no | R3: yes | S3: https://petition.kor.gov.ua/ | T3: no | V3: no | X3: no | Z3: no | AB3: no | AD3: no | AF3: no | AH3: no | AJ3: no | AL3: no | AN3: no | AP3: no | AR3: no | AT3: no
A4: R19003 | B4: Q3 | C4: Is there a possibility to track the progress of appeals, complaints, and suggestions on the respective online platform? | D4: no | F4: yes | G4: http://volynada.gov.ua/node/26153 | H4: yes | I4: https://oblrada.dp.gov.ua/electronni-petisii/ | J4: no | L4: no | N4: no | P4: no | R4: yes | S4: https://petition.kor.gov.ua/ | T4: no | V4: no | X4: no | Z4: no | AB4: no | AD4: no | AF4: no | AH4: no | AJ4: no | AL4: no | AN4: no | AP4: yes | AQ4: https://www.oblradack.gov.ua/zvernennia-gromadian | AR4: no | AT4: no
A5: R19004 | B5: Q4 | C5: Does the Regional Council provide the response to requests for information within the statutory deadlines (official request of ICPS)? | D5: yes | E5: response received in time | F5: yes | G5: response received in time | H5: no | J5: no | L5: no | N5: yes | O5: response received in time | P5: yes | Q5: response received in time | R5: yes | S5: response received in time | T5: no | V5: yes | W5: response received in time | X5: no | Z5: yes | AA5: response received in time | AB5: no | AD5: yes | AE5: response received in time | AF5: no | AH5: yes | AI5: response received in time | AJ5: yes | AK5: response received in time | AL5: no | AN5: yes | AO5: response received in time | AP5: yes | AQ5: response received in time | AR5: yes | AS5: response received in time | AT5: no
A6: R19005 | B6: Q5 | C6: Does the Regional Council provide the response to requests for information in full (official request of ICPS)? | D6: yes | E6: response received in full | F6: yes | G6: response received in full | H6: no | J6: no | L6: no | N6: yes | O6: response received in full | P6: yes | Q6: response received in full | R6: yes | S6: response received in full | T6: no | V6: yes | W6: response received in full | X6: no | Z6: yes | AA6: response received in full | AB6: no | AD6: yes | AE6: response received in full | AF6: no | AH6: yes | AI6: response received in full | AJ6: yes | AK6: response received in full | AL6: no | AN6: yes | AO6: response received in full | AP6: yes | AQ6: response received in full | AR6: yes | AS6: response received in full | AT6: no
A7: R19006 | B7: Q6 | C7: Does the Regional Council provide the response to requests for information within the statutory deadlines (Secret shopper’s request)? | D7: yes | E7: response received in time | F7: yes | G7: response received in time | H7: no | J7: no | L7: no | N7: yes | O7: response received in time | P7: yes | Q7: response received in time | R7: yes | S7: response received in time | T7: no | V7: yes | W7: response received in time | X7: no | Z7: yes | AA7: response received in time | AB7: no | AD7: yes | AE7: response received in time | AF7: no | AH7: yes | AI7: response received in time | AJ7: yes | AK7: response received in time | AL7: no | AN7: yes | AO7: response received in time | AP7: yes | AQ7: response received in time | AR7: yes | AS7: response received in time | AT7: no
A8: R19007 | B8: Q7 | C8: Does the Regional Council provide the response to requests for information in full (Secret shopper’s request)? | D8: yes | E8: response received in full | F8: yes | G8: response received in full | H8: no | J8: yes | L8: no | N8: yes | O8: response received in full | P8: yes | Q8: response received in full | R8: yes | S8: response received in full | T8: no | V8: no | X8: no | Z8: yes | AA8: response received in full | AB8: no | AD8: yes | AE8: response received in full | AF8: no | AH8: yes | AI8: response received in full | AJ8: no | AL8: no | AN8: yes | AO8: response received in full | AP8: yes | AQ8: response received in full | AR8: no | AT8: no
A9: R19008 | B9: Q8 | C9: Is the information about the head of the Regional Council, Regional Council deputies (including CVs or biographical information, contact information, time and place of reception of citizens) published on the Regional Council website? | D9: yes | E9: https://vinrada.gov.ua/golova_ta_zastupniki_golovi_oblasnoi_radi.htm ; https://vinrada.gov.ua/rada_spisok_deputativ.htm | F9: yes | G9: http://volynrada.gov.ua/leadership; http://volynrada.gov.ua/deputies_council | H9: yes | I9: https://oblrada.dp.gov.ua/oblasna-rada/kerivnitstvo/пригунов-гліб-олександрович/ | J9: yes | K9: https://zt.gov.ua/index.php/oblasna-rada/struktura-ta-personi/kerivnitstvo/133-gor.html | L9: yes | M9: https://zakarpat-rada.gov.ua/oblasna-rada/kerivnytstvo-rady/holova-rady/ | N9: yes | O9: http://zor.gov.ua/management; http://zor.gov.ua/deputat/all; http://zor.gov.ua/content/grafik-pryyomu-deputativ | P9: yes | Q9: http://www.orada.if.ua/deputies/сич-олександер-максимович/; http://www.orada.if.ua/обласна-рада/депутати/ | R9: yes | S9: https://kor.gov.ua/sklad_rady/kerivnytstvo.html https://kor.gov.ua/sklad_rady/fraktsii_ta_ deputatskyi_korpus/deputatskyi_korpus.html | T9: yes | U9: https://oblrada.kr.ua/golova-oblasnoi-radi | V9: yes | W9: https://mail.lvivoblrada.gov.ua/the-structure/deputati https://mail.lvivoblrada.gov.ua/the-structure/kerivnictvo-lvivskoji-oblasnoji-radi | X9: yes | Y9: https://www.mk-oblrada.gov.ua/deputatskyy-korpus | Z9: yes | AA9: http://oblrada.odessa.gov.ua/zvernennya-gromadyan/grafik-osobystogo-pryjomu/ | AB9: yes | AC9: http://oblrada-pl.gov.ua/index.php?option=com_content&view=article&id=46&Itemid=34 | AD9: yes | AE9: http://oblrada.rv.ua/sklad_struktura/kerivnictvo.php http://oblrada.rv.ua/sklad_struktura/priom.php?SECTION_ID=48&ELEMENT_ID=1909 http://oblrada.rv.ua/sklad_struktura/deputat.php http://oblrada.rv.ua/sklad_struktura/priom.php?SECTION_ID=48&ELEMENT_ID=1913 | AF9: yes | AG9: https://sorada.gov.ua/pro-oblasnu-radu/kerivnytstvo-oblasnoji-rady.html | AH9: yes | AI9: http://te-rada.org/info/?id=2; http://te-rada.org/user/#&type=3 | AJ9: yes | AK9: http://www.oblrada.kharkov.ua/ua/deputies | AL9: yes | AM9: http://khor.gov.ua/storinka-golovy-hersonskoyi-oblasnoyi-rady/ | AN9: yes | AO9: http://km-oblrada.gov.ua/management-regional-council/ | AP9: yes | AQ9: https://www.oblradack.gov.ua/deputati-oblasnoi-radi-vii-sklikannya | AR9: yes | AS9: http://oblrada.cv.ua/structure/ http://oblrada.cv.ua/activity/admission_shedule/ | AT9: yes | AU9: https://chor.gov.ua/2012-07-25-11-44-50; https://chor.gov.ua/oblasna-rada/deputati.
A10: R19009 | B10: Q9 | C10: Is the information on the list and contact details of the Regional Council standing committees, as well as names of Council standing committees’ members published on the Regional Council website? | D10: yes | E10: https://vinrada.gov.ua/spisok_deputativ_po_komisiyah.htm | F10: yes | G10: http://volynrada.gov.ua/standing_committees | H10: yes | I10: https://oblrada.dp.gov.ua/category/komissions/ | J10: yes | K10: https://zt.gov.ua/index.php/oblasna-rada/struktura-ta-personi/postijni-komisiji.html | L10: yes | M10: https://zakarpat-rada.gov.ua/oblasna-rada/postijni-komisiji/ | N10: yes | O10: http://zor.gov.ua/postiyni_komisii | P10: yes | Q10: http://www.orada.if.ua/депутатський-склад-за-комісіями/ | R10: yes | S10: https://kor.gov.ua/sklad_rady/komisii.html | T10: yes | U10: https://oblrada.kr.ua/postijni-komisii-kirovogradskoi-oblasnoi-radi | V10: yes | W10: https://mail.lvivoblrada.gov.ua/the-structure/postiini-deputatski-komisiji-1 https://mail.lvivoblrada.gov.ua/the-structure/deputatski-frakciji-ta-grupi-1 | X10: yes | Y10: https://www.mk-oblrada.gov.ua/sklad-postiynyh-komisiy | Z10: yes | AA10: http://oblrada.odessa.gov.ua/pro-oblasnu-radu/deputatskyj-korpus/postijni-komisiyi/ | AB10: yes | AC10: http://oblrada-pl.gov.ua/index.php?option=com_content&view=article&id=3613&Itemid=173 | AD10: yes | AE10: http://oblrada.rv.ua/sklad_struktura/komisii.php | AF10: yes | AG10: https://sorada.gov.ua/pro-oblasnu-radu/34-about-sumy-oblast-council/15701-spysok-deputativ-sumskoji-oblasnoji-rady-somogo-sklykannja.html | AH10: yes | AI10: http://te-rada.org/user/#&type=4 | AJ10: yes | AK10: http://www.oblrada.kharkov.ua/ua/deputies/commission | AL10: yes | AM10: http://khor.gov.ua/postijni-komisiyi-oblasnoyi-rady/ | AN10: yes | AO10: http://km-oblrada.gov.ua/members-of-the-seventh-convocation/ | AP10: yes | AQ10: https://www.oblradack.gov.ua/sklad-postynyh-komisij | AR10: yes | AS10: http://oblrada.cv.ua/structure/commissions/ | AT10: yes | AU10: https://chor.gov.ua/oblasna-rada/postijni-komisiji
A11: R19010 | B11: Q10 | C11: Is the information on the contact details of the Regional Council executive body and names of its members published on the Regional Council website? | D11: yes | E11: http://www.vinrada.gov.ua/zagalniy_spisok_pracivnikiv.htm | F11: yes | G11: http://volynrada.gov.ua/aparat | H11: yes | I11: https://oblrada.dp.gov.ua/category/oblasna-rada/vikon-aparat/ | J11: yes | K11: https://zt.gov.ua/index.php/oblasna-rada/struktura-ta-personi/vikonavchij-aparat.html | L11: yes | M11: https://zakarpat-rada.gov.ua/oblasna-rada/vykonavchyj-aparat/ | N11: yes | O11: http://zor.gov.ua/viddili | P11: yes | Q11: "Regional Council - Executive Office" section | R11: yes | S11: https://kor.gov.ua/sklad_rady/vykonavchyi _aparat.html | T11: yes | U11: https://oblrada.kr.ua/vikonavchij-aparat | V11: yes | W11: https://mail.lvivoblrada.gov.ua/the-structure/struktura-aparatu | X11: yes | Y11: https://www.mk-oblrada.gov.ua/vykonavchyy-aparat | Z11: yes | AA11: http://oblrada.odessa.gov.ua/pro-oblasnu-radu/aparat-oblasnoyi-rady/struktura-aparatu/ | AB11: yes | AD11: yes | AE11: http://oblrada.rv.ua/sklad_struktura/vikonavchiy_aparat/ | AF11: yes | AG11: https://sorada.gov.ua/pro-oblasnu-radu/34-about-sumy-oblast-council.html | AH11: yes | AI11: http://te-rada.org/?id=64 | AJ11: yes | AK11: http://www.oblrada.kharkov.ua/ua/board-structure/executive-body | AL11: yes | AM11: http://khor.gov.ua/radnyky-golovy-hersonskoyi-oblasnoyi-rady-na-gromadskyh-zasadah/ | AN11: yes | AO11: http://km-oblrada.gov.ua/postijni-komisi%D1%97/vii-sklikannya/ | AP11: yes | AQ11: https://www.oblradack.gov.ua/aparat-radi-telefonniy-dovdnik-0 | AR11: yes | AS11: http://oblrada.cv.ua/structure/machineries/ | AT11: yes | AU11: https://chor.gov.ua/oblasna-rada/vikonavchiy-aparat/spisok-pratsivnikiv
A12: R19011 | B12: Q11 | C12: Is the information on convening the session published on the Regional Council website no later than 10 days prior to the session in user-friendly access (e.g. in a separate section)? | D12: yes | E12: http://www.vinrada.gov.ua/grafik-provedennya-zasidan-postijnih-komisij.htm | F12: yes | G12: http://volynrada.gov.ua/actualna-informacia/24-zhovtnya-chergova-sesiya-oblasnoyi-radi | H12: no | J12: yes | K12: http://zt.gov.ua/ | L12: yes | M12: https://zakarpat-rada.gov.ua/category/rozporyadzhennya/ | N12: yes | O12: http://zor.gov.ua "Events and Publications" section | P12: yes | Q12: http://orada.if.ua/news/ | R12: yes | S12: https://kor.gov.ua/pres-tsentr/podii.html | T12: yes | U12: http://www.oblrada.kirovograd.ua/ "Announcements", "Important" section | V12: yes | W12: https://mail.lvivoblrada.gov.ua/plenary-sessions/poryadok-dennii-1 https://mail.lvivoblrada.gov.ua/news/u-vivtorok-29-zhovtnya-vidbudetsya-ii-plenarne-zasidannya-hh-chergovoji-sesiji-oblasnoji-radi | X12: yes | Y12: Published on the main webpage http://mk-oblrada.gov.ua/ | Z12: yes | AA12: http://oblrada.odessa.gov.uadokumenty/rozporyadzhennya/ | AB12: yes | AC12: http://oblrada-pl.gov.ua/index.php?option=com_content&view=article&id=10469&Itemid=37 | AD12: yes | AE12: "Announcements of events" section on http://www.oblrada.rv.ua/ | AF12: yes | AG12: https://sorada.gov.ua/novyny-mistsevyh-rad/37-plan-zahodiv.html | AH12: yes | AI12: http://te-rada.org/list/?t=4&s=rada | AJ12: yes | AK12: http://www.oblrada.kharkov.ua/ua/press-center/anonsy/anonsy-all/22800-plan-osnovnikh-zakhodiv-kharkivskoji-oblasnoji-radi-ta-jiji-vikonavchogo-aparatu-z-28-zhovtnya-po-03-listopada-2019-roku | AL12: yes | AM12: https://drive.google.com/ | AN12: yes | AO12: http://km-oblrada.gov.ua/wp-content/uploads/2019/10/Rozpor-pro-sklik-29-sesii.pdf | AP12: yes | AQ12: https://www.oblradack.gov.ua/ https://www.oblradack.gov.ua/rozporyadzhennya-pro-sklikannya-sesy-oblasnoyi-radi https://www.oblradack.gov.ua/rozporyadzhennya-pro-sklikannya-sesy-oblasnoyi-radi | AR12: yes | AS12: http://oblrada.cv.ua/news/ | AT12: yes | AU12: https://chor.gov.ua/nasha-diyalnist/anonsi/item/8148-uvaha-sklykaietsia-visimnadtsiata-sesiia-oblasnoi-rady-somoho-skl ; https://chor.gov.ua/nasha-diyalnist/anonsi/item/8525-uvaha-sklykaietsia-visimnadtsiata-sesiia-oblasnoi-rady-somoho-s
A13: R19012 | B13: Q12 | C13: Are the preparatory materials to all sessions (including agenda, draft documents for approval) published on the Regional Council website at least two days before the meeting? | D13: yes | E13: http://www.vinrada.gov.ua/proekti_rishen.htm | F13: yes | G13: http://volynrada.gov.ua/projects | H13: no | J13: no | L13: yes | M13: https://zakarpat-rada.gov.ua/category/proekty-rishennya/ | N13: yes | O13: http://zor.gov.ua/content/proekty-rishen-do-rozglyadu-na-sesiyi ; http://zor.gov.ua/content/arhiv-proektiv-rishen | P13: yes | Q13: http://www.orada.if.ua/проєкти-рішень/ | R13: yes | S13: https://kor.gov.ua/robota_rady/proekty_rishen.html | T13: no | V13: yes | W13: https://www.lvivoblrada.gov.ua/plenary-sessions/poryadok-dennii-1 https://www.lvivoblrada.gov.ua/plenary-sessions/proekti-rishen/proekti-rishen-pidgotovlenni-dlya-rozglyadu https://www.lvivoblrada.gov.ua/plenary-sessions/proekti-rishen-iniciativa/iniciativa-deputata-grupi-deputativ https://www.lvivoblrada.gov.ua/plenary-sessions/proekti-rishen-iniciativa/iniciativa-vikonavchih-organiv-vladi https://www.lvivoblrada.gov.ua/plenary-sessions/proekti-rishen-iniciativa/iniciativa-pidrozdiliv-oblasnoji-radi | X13: no | Z13: yes | AA13: http://oblrada.odessa.gov.ua/dokumenty/proekty-rishen-2/ | AB13: yes | AC13: http://oblrada-pl.gov.ua/index.php?option=com_content&view=article&id=10469&Itemid=37 | AD13: yes | AE13: http://oblrada.rv.ua/documents/proekty_rishen_oblasnoyi_rady/ | AF13: no | AH13: yes | AI13: According to the test version of the portal | AJ13: yes | AK13: http://www.ts.lica.com.ua/?type=0&base=77&menu=377376&id=2538 | AL13: yes | AM13: http://khor.gov.ua/proekty-rishen/ | AN13: yes | AO13: http://km-oblrada.gov.ua/proekti-rishen/ | AP13: yes | AQ13: https://www.oblradack.gov.ua/poryadki-denn-zasdan-postynih-komsy-proekt | AR13: no | AT13: yes | AU13: https://chor.gov.ua/normativni-dokumenti/proekti-regulyatornih-aktiv-ta-rishen
A14: R19013 | B14: Q13 | C14: Are the materials as well as minutes of the meetings and the results of roll-call votes of the Regional Council sessions published on the Regional Council website? | D14: yes | E14: http://www.vinrada.gov.ua/protokoli-ta-visnovki-21.htm | F14: yes | G14: http://volynrada.gov.ua/session http://volynrada.gov.ua/protocoltext http://volynrada.gov.ua/golos http://volynrada.gov.ua/all-solutions?calling=6&committees=All | H14: yes | I14: https://oblrada.dp.gov.ua/plenarn%d1%96-zas%d1%96dannja/protokoli-ses%d1%96j/ | J14: yes | K14: https://zt.gov.ua/index.php/27-%D1%81%D0%B5%D1%81%D1%96%D1%8F-08-10-2019/%D0%BF%D1%80%D0%BE%D1%82%D0%BE%D0%BA%D0%BE%D0%BB-%D1%81%D0%B5%D1%81%D1%96%D1%97.html | L14: yes | M14: https://zakarpat-rada.gov.ua/normatyvni-dokumenty/rishennya-rady/vii-sklykannya/16-sesiya-26-09-2019/ | N14: yes | O14: http://zor.gov.ua/content/trydcyat-druga-sesiya-somogo-sklykannya | P14: yes | Q14: http://www.orada.if.ua/протоколи-сесій/, http://www.orada.if.ua/результати-поіменних голосувань/ | R14: yes | S14: https://kor.gov.ua/robota_rady/rezultaty _holosuvannia.html | T14: yes | U14: https://oblrada.kr.ua/protokoli-plenarnih-zasidan | V14: yes | W14: https://mail.lvivoblrada.gov.ua/plenary-sessions/rezultati-golosuvannya https://mail.lvivoblrada.gov.ua/plenary-sessions/protokoli-sesii | X14: yes | Y14: https://www.mk-oblrada.gov.ua/protokoly-plenarnyh-zasidan | Z14: yes | AA14: http://oblrada.odessa.gov.ua/dokumenty/protokoly/; http://oblrada.odessa.gov.ua/dokumenty/rezultaty-golosuvannya/ | AB14: yes | AC14: http://oblrada-pl.gov.ua/index.php?option=com_content&view=category&id=86&Itemid=201 | AD14: yes | AE14: http://oblrada.rv.ua/documents/protokoly_zasidan_rady/index.php?SECTION_ID=170&PAGEN_1=2 http://oblrada.rv.ua/documents/rezultati_poimennogo_golosuvannya/ | AF14: yes | AG14: https://sorada.gov.ua/dokumenty-oblrady.html | AH14: yes | AI14: According to the test version of the portal | AJ14: yes | AK14: http://www.ts.lica.com.ua/?type=0&base=77&menu=373666&id=1489 | AL14: yes | AM14: http://khor.gov.ua/rezultaty-rozglyadu-pytan-poryadku-dennogo-hersonskoyi-oblasnoyi-rady-vii-sklykannya/ | AN14: yes | AO14: http://km-oblrada.gov.ua/vii-sklikannya/ | AP14: yes | AQ14: https://www.oblradack.gov.ua/protokoli-zasdan-postynih-komsy | AR14: yes | AS14: http://oblrada.cv.ua/document/list/section/99/ | AT14: yes | AU14: https://chor.gov.ua/normativni-dokumenti/protokoli-sesij/itemlist/category/234-7-sklikannya ; https://chor.gov.ua/normativni-dokumenti/rishennya/item/8284-rezultaty-poimennoho-holosuvannia ; https://chor.gov.ua/normativni-dokumenti/rishennya/item/8605-rezultaty-poimennoho-holosuvannia
A15: R19014 | B15: Q14 | C15: Are materials as well as audio/video recording of the meetings published on the Regional Council? | D15: yes | E15: http://www.vinrada.gov.ua/audio-ta-videozapis-10.htm | F15: yes | G15: http://volynrada.gov.ua/protocol http://volynrada.gov.ua/all_video https://www.youtube.com/channel/UCzXdX9qa3ZqSSILGMlwezQA | H15: yes | I15: https://oblrada.dp.gov.ua/videogallery/ http://212.3.96.115/protocol https://oblrada.dp.gov.ua/plenarnі-zasіdannja/rezultati-poіmennogo-golosuvannja/ | J15: yes | K15: https://zt.gov.ua/index.php/27-%D1%81%D0%B5%D1%81%D1%96%D1%8F-08-10-2019/%D0%B5%D0%BB%D0%B5%D0%BA%D1%82%D1%80%D0%BE%D0%BD%D0%BD%D0%B8%D0%B9-%D0%BF%D1%80%D0%BE%D1%82%D0%BE%D0%BA%D0%BE%D0%BB-%D0%BF%D0%BE%D1%96%D0%BC%D0%B5%D0%BD%D0%BD%D0%BE%D0%B3%D0%BE-%D0%B3%D0%BE%D0%BB%D0%BE%D1%81%D1%83%D0%B2%D0%B0%D0%BD%D0%BD%D1%8F.html https://zt.gov.ua/index.php/27-%D1%81%D0%B5%D1%81%D1%96%D1%8F-08-10-2019/%D0%BF%D1%80%D0%BE%D1%82%D0%BE%D0%BA%D0%BE%D0%BB-%D1%81%D0%B5%D1%81%D1%96%D1%97.html | L15: no | N15: yes | O15: http://zor.gov.ua/content/videotranslyaciya-32-yi-chergovoyi-sesiyi-zaporizkoyi-oblasnoyi-rady | P15: no | R15: no | T15: yes | U15: https://oblrada.kr.ua/sesijna-diyalnist | V15: yes | W15: http://archieve.oblrada.lviv.ua/index.php?option=com_content&view=article&id=159&Itemid=91 | X15: yes | Y15: https://www.mk-oblrada.gov.ua/pishennya-oblasnoi-rady?group_id=187 | Z15: yes | AA15: http://oblrada.odessa.gov.ua/dokumenty/stenogramy/ | AB15: no | AD15: yes | AE15: http://oblrada.rv.ua/documents/protokoly_zasidan_rady/index.php?SECTION_ID=170&PAGEN_1=2 | AF15: yes | AG15: https://sorada.gov.ua/dokumenty-oblrady/5-sklykannja.html https://sorada.gov.ua/dokumenty-oblrady/6-sklykannja.html https://sorada.gov.ua/dokumenty-oblrady/7-sklykannja.html | AH15: yes | AI15: http://te-rada.org/meeting/ | AJ15: partially | AK15: http://www.ts.lica.com.ua/?type=0&base=77&menu=377252&id=2522; http://www.oblrada.kharkov.ua/ua/press-center/video/332-plenarni-zasidannia-kharkivskoi-oblasnoi-rady | AL15: yes | AM15: http://khor.gov.ua/rezultaty-rozglyadu-pytan-poryadku-dennogo-hersonskoyi-oblasnoyi-rady-vii-sklykannya/ | AN15: yes | AO15: http://km-oblrada.gov.ua/videotranslyaciya-zasidan-sesij-oblasnoi-radi/ | AP15: no | AR15: yes | AS15: http://oblrada.cv.ua/video/ http://oblrada.cv.ua/photoreports/ | AT15: no
A16: R19015 | B16: Q15 | C16: Are materials of the Regional Council standing committees published on the Regional Council website (including transcripts, audio/video recording of the meetings, minutes of the meetings and the results of roll-call votes)? | D16: partially | E16: http://www.vinrada.gov.ua/protokoli-ta-visnovki-21.htm | F16: yes | G16: http://volynrada.gov.ua/all_video https://www.youtube.com/channel/UCzXdX9qa3ZqSSILGMlwezQA http://volynrada.gov.ua/standing_committees/postiina-komisiya-z-pitan-osviti-nauki-informatsiinogo-prostoru-kulturi-ta-movi-0 | H16: yes | I16: https://oblrada.dp.gov.ua/category/komissions/komis-soc-econom/ | J16: yes | K16: https://zt.gov.ua/index.php/oblasna-rada/struktura-ta-personi/postijni-komisiji/185-postijna-komisiya-z-pitan-byudzhetu-i-komunalnoji-vlasnosti.html https://zt.gov.ua/index.php/oblasna-rada/struktura-ta-personi/postijni-komisiji.html | L16: yes | M16: https://zakarpat-rada.gov.ua/normatyvni-dokumenty/publichna-informatsija/dostup-do-publichnoji-informatsiji/protokoly-zasidan/protokoly-komisij/ | N16: yes | O16: http://zor.gov.ua/content/protokoly-postiynyh-komisiy-7-sklykannya ; http://zor.gov.ua/node/1520/ | P16: yes | Q16: http://www.orada.if.ua/протоколи-засідань-постійних-комісі/ | R16: yes | S16: https://kor.gov.ua/robota_rady/zasidannia_komisii.html | T16: yes | U16: https://oblrada.kr.ua/videozapisi-zasidan | V16: yes | W16: https://mail.lvivoblrada.gov.ua/activity/postiini-komisiji-oblasnoji-radi/protokoli-postiinih-komisii | X16: yes | Y16: https://www.mk-oblrada.gov.ua/dokumenty-postiynyh-komisiy | Z16: yes | AA16: http://oblrada.odessa.gov.ua/pro-oblasnu-radu/deputatskyj-korpus/postijni-komisiyi/ | AB16: yes | AC16: http://oblrada-pl.gov.ua/index.php?option=com_content&view=category&id=88:vii-sklikannja&Itemid=130&layout=default | AD16: yes | AE16: http://oblrada.rv.ua/documents/rekomendats/index.php?SECTION_ID=100 | AF16: yes | AG16: https://sorada.gov.ua/dokumenty-oblrady/protokoly/protocols-commissions.html | AH16: yes | AI16: http://te-rada.org/document/ | AJ16: partially | AK16: http://www.oblrada.kharkov.ua/ua/public-information/protocols-of-standing-committees | AL16: yes | AM16: http://khor.gov.ua/protokoly-zasidan-postijnyh-komisij-hersonskoyi-oblasnoyi-rady-vii-sklykannya-ta-vysnovky-i-rekomendatsiyi/ | AN16: yes | AO16: http://km-oblrada.gov.ua/postijni-komisi%d1%97/vii-sklikannya/protokoli-postijnix-komisij/ | AP16: yes | AQ16: https://www.oblradack.gov.ua/protokoli-zasdan-postynih-komsy | AR16: yes | AS16: http://oblrada.cv.ua/photoreports/ | AT16: yes | AU16: https://chor.gov.ua/protokoli-ta-rekomendatsiji-postijnikh-komisij
A17: R19016 | B17: Q16 | C17: Are the Regional Council decisions published on the Regional Council website? | D17: yes | E17: http://www.vinrada.gov.ua/rishennya-5.htm | F17: yes | G17: http://volynrada.gov.ua/session | H17: yes | I17: https://oblrada.dp.gov.ua/category/news/ https://oblrada.dp.gov.ua/category/documents/проекти-рішень/proeki-rishen/ | J17: no | L17: yes | M17: https://zakarpat-rada.gov.ua/normatyvni-dokumenty/rishennya-rady/ | N17: yes | O17: http://zor.gov.ua/sessii_ta_rishenya_radi | P17: yes | Q17: http://www.orada.if.ua/рішення-обласної-ради/ | R17: yes | S17: https://kor.gov.ua/robota_rady/rishennia.html | T17: no | V17: yes | W17: http://www.oblrada.lviv.ua/%D1%80%D1%96%D1%88%D0%B5%D0%BD%D0%BD%D1%8F_vii_%D1%81%D0%BA%D0%BB%D0%B8%D0%BA%D0%B0%D0%BD%D0%BD%D1%8F_428categ.html | X17: no | Z17: yes | AA17: http://oblrada.odessa.gov.ua/dokumenty/rishennya/ | AB17: yes | AC17: http://oblrada-pl.gov.ua/index.php?option=com_content&view=article&id=11457:rozpochalosja-druge-plenarne-zasidannja-dvadtsjat-somoyi-sesiyi-oblasnoyi-radi&catid=1:latest-news&Itemid=50 | AD17: yes | AE17: http://oblrada.rv.ua/documents/rekomendats/index.php?SECTION_ID=100 | AF17: no | AH17: yes | AI17: http://te-rada.org/document/ | AJ17: no | AL17: yes | AM17: http://khor.gov.ua/rishennia-sesij-khersonskoi-oblasnoi-rady/ | AN17: yes | AO17: http://km-oblrada.gov.ua/rishennya-sesiy/ | AP17: yes | AQ17: https://www.oblradack.gov.ua/ostanni-rishennya-sesyi | AR17: no | AT17: yes | AU17: https://chor.gov.ua/normativni-dokumenti/rishennya/itemlist/category/231-7-sklikannya
A18: R19017 | B18: Q17 | C18: Are the regular reports on the work of the head of the Regional Council published on the Regional Council website (at least annually)? | D18: yes | E18: http://www.vinrada.gov.ua/dodatok-do-proektu-rishennya-pro-zvit-golovi-oblasnoi-radi-olijnika-ad-video.htm | F18: yes | G18: http://volynrada.gov.ua/session/23/2-1 http://volynrada.gov.ua/session/19/2-0 http://volynrada.gov.ua/session/10/3-0 | H18: no | I18: https://oblrada.dp.gov.ua/oblasna-rada/kerivnitstvo/пригунов-гліб-олександрович/ | J18: yes | K18: https://zt.gov.ua/index.php/news/13553-%D0%B2%D0%BE%D0%BB%D0%BE%D0%B4%D0%B8%D0%BC%D0%B8%D1%80-%D1%88%D0%B8%D1%80%D0%BC%D0%B0-%D0%B2%D1%96%D0%B4%D0%B7%D0%B2%D1%96%D1%82%D1%83%D0%B2%D0%B0%D0%B2-%D0%B7%D0%B0-%D0%B2%D0%B8%D0%BA%D0%BE%D0%BD%D0%B0%D0%BD%D1%83-%D1%80%D0%BE%D0%B1%D0%BE%D1%82%D1%83-%D1%83-2018-%D1%80%D0%BE%D1%86%D1%96.html | L18: yes | M18: https://zakarpat-rada.gov.ua/normatyvni-dokumenty/rishennya-rady/vii-sklykannya/13-sesiya-13-12-2018/ | N18: yes | O18: http://zor.gov.ua/sites/default/files/rishennya/07_22_28.zip | P18: yes | Q18: http://www.orada.if.ua/обласна-рада/звіти-голови/ | R18: yes | S18: https://kor.gov.ua/pres-tsentr/novyny.html | T18: yes | U18: https://oblrada.kr.ua/uploads/tiny/documents/rizne/Zvit_golovu_za_2018.pdf | V18: yes | W18: https://mail.lvivoblrada.gov.ua/activity/deputatska-diyalnist/zvit-deputata-pro-provedenu-robotu | X18: yes | Y18: https://www.mk-oblrada.gov.ua/search-result.php | Z18: yes | AA18: http://oblrada.odessa.gov.ua/pro-oblasnu-radu/deputatskyj-korpus/zvity/ | AB18: yes | AC18: http://oblrada-pl.gov.ua/index.php?option=com_content&view=article&id=10687&Itemid=226 | AD18: yes | AE18: http://oblrada.rv.ua/sklad_struktura/kerivnictvo.php?SECTION_ID=27&ELEMENT_ID=15961 | AF18: yes | AG18: https://docs.google.com/viewer?url=https://sorada.gov.ua/dokumenty-oblrady/7-sklykannja/category/170-19-session-7-skl.html?download=6549%3A19-session-267-skl | AH18: yes | AI18: According to the test version of the portal | AJ18: yes | AK18: http://www.oblrada.kharkov.ua/ua/board-structure/direction/602-chernov-serhiy-ivanovych | AL18: no | AN18: yes | AO18: http://km-oblrada.gov.ua/zvit-golovi-oblasnoi-radi-zagorodnog/?hilite=%27%D0%97%D0%B2%D1%96%D1%82%27 | AP18: yes | AQ18: https://www.oblradack.gov.ua/ostanni-rishennya-sesyi | AR18: yes | AS18: http://oblrada.cv.ua/document/list/section/29/ | AT18: yes | AU18: https://chor.gov.ua/nasha-diyalnist/publikatsiji/item/6184-detsentralizatsiia-vlady-ta-reformuvannia-orhaniv-mistsevoho-samo ; https://chor.gov.ua/nasha-diyalnist/publikatsiji/item/7940-cherez-strukturne-reformuvannia-ta-detsentralizatsiiu-vlady-do-ek ; https://chor.gov.ua/2012-07-25-11-44-50
A19: R19018 | B19: Q18 | C19: Are the reports on the processing of requests for public information published periodically (at least annually) on the Regional Council website? | D19: yes | E19: https://vinrada.gov.ua/zviti-za-2019-r.htm | F19: yes | G19: http://volynrada.gov.ua/node/26153 | H19: yes | I19: https://oblrada.dp.gov.ua/publichna-informatsia/ | J19: yes | K19: https://zt.gov.ua/index.php/ofitsijni-dokumenti/dostup-do-publichnoji-informatsiji/2012-09-24-21-09-36.html | L19: no | N19: yes | O19: http://zor.gov.ua/content/dostup-do-publichnoyi-informaciyi | P19: yes | Q19: http://www.orada.if.ua/%D0%B7%D0%B2%D1%96%D1%82-%D0%BF%D1%80%D0%BE-%D0%B2%D0%B8%D0%BA%D0%BE%D0%BD%D0%B0%D0%BD%D0%BD%D1%8F%D0%B8%D1%82%D1%96%D0%B2/ | R19: yes | S19: https://kor.gov.ua/pres-tsentr/novyny.html | T19: yes | U19: https://oblrada.kr.ua/zvit-pro-rozglyad-zapitiv-pro-dostup-do-publichnoi-informatsii | V19: yes | W19: https://mail.lvivoblrada.gov.ua/the-public-information/zviti-1 | X19: yes | Y19: https://www.mk-oblrada.gov.ua/zvity-pro-robotu-iz-zapytamy-na-informatsiyu | Z19: yes | AA19: http://oblrada.odessa.gov.ua/zvernennya-gromadyan/statyctychni-dani/ | AB19: yes | AC19: http://oblrada-pl.gov.ua/index.php?option=com_content&view=category&layout=blog&id=96&Itemid=217 | AD19: yes | AE19: http://oblrada.rv.ua/documents/public_information.php | AF19: no | AH19: yes | AI19: http://te-rada.org/list/?t=25&s=rada | AJ19: no | AL19: no | AN19: yes | AO19: http://km-oblrada.gov.ua/zviti-shhodo-zadovolennya-zapitiv-na-inf/ | AP19: yes | AQ19: https://www.oblradack.gov.ua/rozdl-zvti | AR19: yes | AS19: http://oblrada.cv.ua/document/pub_info/ | AT19: yes | AU19: https://chor.gov.ua/zv-yazki-z-gromadskistyu/item/113-zviti
A20: R19019 | B20: Q19 | C20: Is the information on the approved socio-economic and cultural development programs, target programs, as well as reports on their implementation published on the Regional Council website? | D20: yes | E20: http://www.vinrada.gov.ua/perelik_dovgostrokovih_program.htm http://www.vinrada.gov.ua/zvit_pro_vikonannya_zahodiv_oblasnih_program.htm | F20: yes | G20: http://volynrada.gov.ua/node/29409 http://volynrada.gov.ua/programs | H20: yes | I20: http://212.3.96.115/region-programmes | J20: yes | K20: https://zt.gov.ua/index.php/ofitsijni-dokumenti/%D0%BE%D0%B1%D0%BB%D0%B0%D1%81%D0%BD%D1%96-%D0%BF%D1%80%D0%BE%D0%B3%D1%80%D0%B0%D0%BC%D0%B8/%D0%BF%D0%B5%D1%80%D0%B5%D0%BB%D1%96%D0%BA-%D0%BE%D0%B1%D0%BB%D0%B0%D1%81%D0%BD%D0%B8%D1%85-%D0%BF%D1%80%D0%BE%D0%B3%D1%80%D0%B0%D0%BC.html https://zt.gov.ua/index.php/ofitsijni-dokumenti/%D0%BE%D0%B1%D0%BB%D0%B0%D1%81%D0%BD%D1%96-%D0%BF%D1%80%D0%BE%D0%B3%D1%80%D0%B0%D0%BC%D0%B8/%D1%85%D1%96%D0%B4-%D0%B2%D0%B8%D0%BA%D0%BE%D0%BD%D0%B0%D0%BD%D0%BD%D1%8F-%D0%BE%D0%B1%D0%BB%D0%B0%D1%81%D0%BD%D0%B8%D1%85-%D0%BF%D1%80%D0%BE%D0%B3%D1%80%D0%B0%D0%BC.html | L20: yes | M20: https://zakarpat-rada.gov.ua/normatyvni-dokumenty/rishennya-rady/ | N20: yes | O20: http://zor.gov.ua/content/perelik-naboriv-danyh-shcho-pidlyagayut-oprylyudnennyu-u-formi-vidkrytyh-danyh | P20: yes | Q20: http://www.orada.if.ua/wp-content/uploads/2019/04/perelik_program_2019.pdf | R20: yes | S20: https://kor.gov.ua/pres-tsentr/novyny.html | T20: yes | U20: https://oblrada.kr.ua/diyuchi-oblasni-programi | V20: yes | W20: https://mail.lvivoblrada.gov.ua/oblasni-programi/programi-2019-roku | X20: yes | Y20: https://www.mk-oblrada.gov.ua/oblasni-programy | Z20: yes | AA20: http://oblrada.odessa.gov.ua/odeska-oblast/strategichni-ta-programni-dokumenty-oblasti/perelik-diyuchyh-regionalnyh-tsilovyh-ta-kompleksnyh-program-odeskoyi-oblasti/ | AB20: yes | AC20: http://oblrada-pl.gov.ua/index.php?option=com_content&view=article&id=11398:oleksandr-bilenkij-liderstvo-tse-intuyitivnij-ruh-vpered-z-velikimi-viklikami-do-sebe&catid=1:latest-news&Itemid=50 | AD20: yes | AE20: http://oblrada.rv.ua/documents/oblprogram/oblprogram.php http://oblrada.rv.ua/documents/oblprogram/zvit.php | AF20: yes | AG20: https://sorada.gov.ua/dokumenty-oblrady/proekty-rishen/category/68-proekty-rishen.html | AH20: yes | AI20: http://te-rada.org/?id=300 | AJ20: no | AL20: yes | AM20: http://khor.gov.ua/vidkryti-dani/ | AN20: yes | AO20: http://km-oblrada.gov.ua/programi-regionalnogo-rozvitku/ | AP20: yes | AQ20: https://www.oblradack.gov.ua/oblasn-programi https://www.oblradack.gov.ua/materiali-chergovoyi-sesyi-oblasnoyi-radi https://www.oblradack.gov.ua/ostanni-rishennya-sesyi | AR20: yes | AS20: http://oblrada.cv.ua/passport/8 | AT20: yes | AU20: https://chor.gov.ua/oblasni-programi/item/6525-chynni-oblasni-prohramy-zizminamy
A21: R19020 | B21: Q20 | C21: Is the basic information about the region published on the Regional Council website (administrative-territorial structure, culture, nature, etc.)? | D21: yes | E21: https://vinrada.gov.ua/pasport_oblasti.htm | F21: yes | G21: http://volynrada.gov.ua/general-information | H21: yes | I21: https://oblrada.dp.gov.ua/region/passport-oblasti/ | J21: yes | K21: http://zt.gov.ua/index.php/zhitomirshchina/pro-nash-kraj/vizitivka-oblasti.html | L21: yes | M21: https://zakarpat-rada.gov.ua/zakarpattya/ | N21: yes | O21: http://zor.gov.ua/zap-krai | P21: no | R21: yes | S21: https://kor.gov.ua/kyivska_oblast/pro_oblast.html | T21: yes | U21: https://oblrada.kr.ua/administrativno-teritorialnij-ustrij | V21: yes | W21: http://www.oblrada.lviv.ua/%D0%BF%D0%B0%D1%81%D0%BF%D0%BE%D1%80%D1%82_%D0%BB%D1%8C%D0%B2%D1%96%D0%B2%D1%81%D1%8C%D0%BA%D0%BE%D1%97_%D0%BE%D0%B1%D0%BB%D0%B0%D1%81%D1%82%D1%96_394cms.htm | X21: yes | Y21: https://www.mk-oblrada.gov.ua/pro-oblast | Z21: yes | AA21: http://oblrada.odessa.gov.ua/odeska-oblast/pasport-oblasti/; http://oblrada.odessa.gov.ua/odeska-oblast/administratyvno-terytorialnij-ustrij/ | AB21: yes | AC21: http://oblrada-pl.gov.ua/index.php?option=com_content&view=category&id=43&Itemid=79 | AD21: yes | AE21: http://oblrada.rv.ua/mistseve_samovryaduvannya/pasport_oblasti/ http://oblrada.rv.ua/mistseve_samovryaduvannya/admin_ustrij.php | AF21: yes | AG21: https://sorada.gov.ua/pro-sumsku-oblast.html | AH21: yes | AI21: http://te-rada.org/?id=45 | AJ21: yes | AK21: http://www.oblrada.kharkov.ua/ua/kharkiv-region | AL21: no | AM21: uk.wikipedia.org/wiki/Херсонська_область | AN21: yes | AO21: http://km-oblrada.gov.ua/xmelnicka-oblast/ | AP21: yes | AQ21: https://www.oblradack.gov.ua/geografichne-pologennja https://www.oblradack.gov.ua/istoria https://www.oblradack.gov.ua/symvolika https://www.oblradack.gov.ua/naselennja https://www.oblradack.gov.ua/administratyvno-teretorialnij-ustrij https://www.oblradack.gov.ua/istorychni-ta-kulturni-obekty | AR21: yes | AS21: http://oblrada.cv.ua/passport/ | AT21: yes | AU21: https://chor.gov.ua/nash-kray/administrativno-teritorialniy-ustriy ; https://chor.gov.ua/nash-kray/istoriya ; https://chor.gov.ua/nash-kray/vidatni-osobistosti
A22: R19021 | B22: Q21 | C22: Is the procedure for the public access to the Regional Council sessions published in the user-friendly access on the Regional Council website? | D22: yes | E22: https://vinrada.gov.ua/poryadok-dostupu-do-sesijnoi-zali.htm | F22: yes | G22: http://volynrada.gov.ua/node/44694 | H22: yes | I22: https://oblrada.dp.gov.ua/oficiyni-documenti/reglament/ | J22: yes | K22: https://zt.gov.ua/index.php/news/13546-%D1%80%D0%BE%D0%B7%E2%80%99%D1%8F%D1%81%D0%BD%D0%B5%D0%BD%D0%BD%D1%8F-%D1%89%D0%BE%D0%B4%D0%BE-%D0%BF%D1%80%D0%B8%D1%81%D1%83%D1%82%D0%BD%D0%BE%D1%81%D1%82%D1%96-%D0%BF%D1%80%D0%B5%D0%B4%D1%81%D1%82%D0%B0%D0%B2%D0%BD%D0%B8%D0%BA%D1%96%D0%B2-%D0%B3%D1%80%D0%BE%D0%BC%D0%B0%D0%B4%D1%81%D1%8C%D0%BA%D0%BE%D1%81%D1%82%D1%96-%D0%BD%D0%B0-%D1%81%D0%B5%D1%81%D1%96%D1%8F%D1%85-%D0%BE%D0%B1%D0%BB%D0%B0%D1%81%D0%BD%D0%BE%D1%97-%D1%80%D0%B0%D0%B4%D0%B8.html | L22: yes | M22: https://zakarpat-rada.gov.ua/category/rozporyadzhennya/page/3/ | N22: no | P22: yes | R22: yes | S22: https://kor.gov.ua/pres-tsentr/akredytatsiia _predstavnykiv_zmi.html | T22: no | V22: no | X22: no | Z22: yes | AA22: http://oblrada.odessa.gov.ua/wp-content/uploads/Pravyla-propusknogo-rezhymu-2017-.pdf | AB22: no | AD22: yes | AE22: http://www.oblrada.rv.ua/documents/dostup_gromadyan.php http://oblrada.rv.ua/sklad_struktura/komisii.php | AF22: yes | AG22: https://sorada.gov.ua/pro-oblasnu-radu/reglament-roboty-oblasnoji-rady.html | AH22: yes | AI22: According to the test version of the portal | AJ22: yes | AK22: http://www.oblrada.kharkov.ua/ua/about-rada/regulations | AL22: yes | AM22: http://khor.gov.ua/zapyt-na-uchast-u-plenarnomu-zasidanni/ | AN22: yes | AO22: http://km-oblrada.gov.ua/dostup-do-publichnoi-informacii/ | AP22: yes | AQ22: https://www.oblradack.gov.ua/reglament-oblasnoyi-radi | AR22: no | AT22: yes | AU22: https://chor.gov.ua/normativni-dokumenti/reglament; https://chor.gov.ua/nasha-diyalnist/anonsi/item/7582-nahaduiemo-pro-poriadok-dostupu-osib-do-plenarnykh-zasidan-cherni
A23: R19022 | B23: Q22 | C23: Is there an instrument allowing the public to submit, track and sign electronic petitions to the Regional Council on the Regional Council website? | D23: yes | E23: https://vinrada.gov.ua/elektronni-peticii.htm | F23: yes | G23: https://e-dem.in.ua/volyn-or | H23: yes | I23: https://oblrada.dp.gov.ua/electronni-petisii/ | J23: yes | K23: https://e-dem.in.ua/zhytomyr-or | L23: no | N23: yes | O23: http://petition.zor.gov.ua | P23: yes | Q23: https://e-dem.in.ua/ivano-frankivsk-or | R23: yes | S23: https://petition.kor.gov.ua/ | T23: yes | U23: https://oblrada.kr.ua/elektronna-petitsiya | V23: yes | W23: https://e-dem.in.ua/lviv-or | X23: yes | Y23: https://e-dem.in.ua/mykolayiv-or | Z23: no | AB23: no | AD23: yes | AE23: http://oblrada.rv.ua/petition/ | AF23: yes | AG23: http://online.sorada.gov.ua/Account/LogOn?returnUrl=http%3A%2F%2Fonline.sorada.gov.ua%3A9006%2FRada%2FAccountUser%2FIndex | AH23: yes | AI23: http://petition.te-rada.org/petition | AJ23: yes | AK23: http://www.oblrada.kharkov.ua/petitions/ | AL23: yes | AM23: http://petition.khor.gov.ua/ | AN23: yes | AO23: http://km-oblrada.gov.ua/petici%d1%97/ | AP23: yes | AQ23: https://pt.oblradack.gov.ua/ | AR23: no | AT23: yes | AU23: https://e-dem.in.ua/chernihiv-or/
A24: R19023 | B24: Q23 | C24: Are the conditions for providing grants and funding of business projects from the regional budget to the regional residents published on the Regional Council website? | D24: yes | E24: https://vinrada.gov.ua/ogoloshennya-86.htm | F24: yes | G24: http://volynrada.gov.ua/actualna-informacia/konkurs-mistsevikh-initsiativ | H24: no | J24: no | L24: no | N24: no | P24: yes | Q24: http://www.orada.if.ua/конкурс-проектів-та-програм-місцевог/ | R24: yes | S24: https://kor.gov.ua/pres-tsentr/novyny.html | T24: no | V24: no | X24: no | Z24: yes | AA24: http://oblrada.odessa.gov.ua/pro-oblasnu-radu/do-vidoma-gromady/ | AB24: no | AD24: yes | AE24: http://oblrada.rv.ua/documents/provisions.php | AF24: yes | AG24: https://sorada.gov.ua/grants.html | AH24: no | AI24: Is not under the authority of the regional council | AJ24: yes | AK24: http://oblrada.kharkov.ua/ua/contests-grants/grants | AL24: yes | AM24: http://khor.gov.ua/oblasnyj-konkurs-proektiv-rozvytku/ | AN24: yes | AO24: https://microprojects.km-oblrada.gov.ua/ | AP24: no | AQ24: Is not under the authority of the regional council | AR24: no | AT24: yes | AU24: https://chor.gov.ua/oblasnij-konkurs-zhurnalistskikh-robit
A25: R19024 | B25: Q24 | C25: Is the information on the given grants and business projects financed from the regional budget published on the Regional Council website? | D25: yes | E25: https://vinrada.gov.ua/peremozhci-6.htm | F25: yes | G25: http://www.volynrada.gov.ua/news/reiting-proektiv-mistsevikh-initsiativ-konkursu-volinskoyi-oblasnoyi-radi | H25: no | J25: no | L25: no | N25: no | P25: no | R25: yes | S25: https://kor.gov.ua/pres-tsentr/novyny.html | T25: no | V25: no | X25: no | Z25: no | AB25: yes | AC25: http://oblrada-pl.gov.ua/grant/grant010618.pdf | AD25: yes | AE25: http://oblrada.rv.ua/documents/oblprogram/zvit.php | AF25: yes | AG25: https://sorada.gov.ua/grants.html | AH25: no | AI25: Is not under the authority of the regional council | AJ25: yes | AK25: http://www.oblrada.kharkov.ua/ua/contests-grants | AL25: no | AN25: yes | AO25: https://microprojects.km-oblrada.gov.ua/ | AP25: no | AQ25: Is not under the authority of the regional council | AR25: no | AT25: yes | AU25: https://chor.gov.ua/oblasnij-konkurs-zhurnalistskikh-robit
A26: R19025 | B26: Q25 | C26: Is the information on the completed and ongoing projects with foreign funding, implemented in the region (grant projects, international technical assistance projects), including reports on their implementation published on the Regional Council website? | D26: no | F26: yes | G26: http://volynrada.gov.ua/design | H26: no | J26: no | L26: yes | M26: https://zakarpat-rada.gov.ua/category/news/ | N26: no | P26: no | R26: yes | S26: https://kor.gov.ua/pres-tsentr/novyny.html | T26: no | V26: no | X26: no | Z26: yes | AA26: http://oblrada.odessa.gov.ua/pro-oblasnu-radu/napryamky-diyalnosti/mizhnarodna-diyalnist-ta-prykordonne-spivrobitnytstvo/ | AB26: no | AD26: yes | AE26: http://oblrada.rv.ua/documents/oblprogram/zvit.php | AF26: yes | AG26: https://sorada.gov.ua/grants.html | AH26: no | AI26: Is not under the authority of the regional council | AJ26: yes | AK26: http://www.oblrada.kharkov.ua/ua/contests-grants/grants | AL26: no | AN26: yes | AP26: no | AQ26: Is not under the authority of the regional council | AR26: no | AT26: no
A27: R19026 | B27: Q26 | C27: Is the information on the open educational and cultural competitions for participation of youth and citizens published on the Regional Council website? | D27: yes | E27: https://vinrada.gov.ua/rishennya-17.htm | F27: yes | G27: http://volynrada.gov.ua/awards/polozhennya-pro-oblasni-premiyi-za-zaslugi-u-sferi-nauki-i-osviti http://volynrada.gov.ua/awards/polozhennya-pro-poryadok-provedennya-konkursu-oblasnoyi-radi-sered-oblasnikh-raionnikh-miskik | H27: no | J27: yes | K27: https://zt.gov.ua/index.php/news/14300-%D0%B6%D0%B8%D1%82%D0%BE%D0%BC%D0%B8%D1%80-%D0%B2%D1%96%D0%B4%D0%B7%D0%BD%D0%B0%D1%87%D0%B0%D1%82%D0%B8%D0%BC%D0%B5-%D0%B4%D0%B5%D0%BD%D1%8C-%D0%B7%D0%B0%D1%85%D0%B8%D1%81%D0%BD%D0%B8%D0%BA%D0%B0-%D1%83%D0%BA%D1%80%D0%B0%D1%97%D0%BD%D0%B8.html | L27: yes | M27: https://zakarpat-rada.gov.ua/category/news/ | N27: yes | O27: http://www.zor.gov.ua/content/zaporizka-oblasna-rada-dlya-studentiv | P27: yes | Q27: http://www.orada.if.ua/конкурс-ініціатив-місцевих-карпатсь/ | R27: yes | S27: https://kor.gov.ua/pres-tsentr/novyny.html | T27: yes | U27: https://www.oblrada.kr.ua/importance/ogoloshuetsya-konkurs-na-zdobuttya-oblasnoi-literaturnoi-premii-imeni-evgena-malanyuka | V27: no | X27: no | Z27: yes | AA27: http://oblrada.odessa.gov.ua/pro-oblasnu-radu/konkursy-ta-nagorody/ | AB27: yes | AC27: http://oblrada-pl.gov.ua/index.php?option=com_content&view=article&id=10234&Itemid=218 | AD27: yes | AE27: http://oblrada.rv.ua/documents/oblprogram/oblprogram.php | AF27: yes | AG27: https://sorada.gov.ua/grants.html | AH27: no | AI27: http://te-rada.org/?id=300 Is not under the authority of the regional council | AJ27: yes | AK27: http://www.oblrada.kharkov.ua/ua/contests-grants | AL27: yes | AM27: http://khor.gov.ua/oblasnyj-konkurs-proektiv-gromadskyh-organizatsij/ | AN27: yes | AO27: http://km-oblrada.gov.ua/premii-oblasnoi-radi/ | AP27: no | AQ27: Is not under the authority of the regional council | AR27: no | AT27: yes | AU27: https://chor.gov.ua/nasha-diyalnist/anonsi/item/8707-uvaha-rozpochalasia-robota-po-pidhotovtsi-konkursu-festyvaliu-dyt ; https://chor.gov.ua/nasha-diyalnist/anonsi/item/8439-studentiv-vyshiv-chernihivshchyny-zaproshuiut-vsiaty-uchast-u-vse
A28: R19027 | B28: Q27 | C28: Is there a separate section in English on the Regional Council website, where the foreigners may find postal contact details, phone numbers of the Regional Council management in specific fields and the head of the Regional Council? | D28: yes | E28: http://www.vinrada.gov.ua/aktualno-205.htm | F28: no | H28: no | J28: no | L28: no | N28: yes | P28: yes | Q28: http://www.orada.if.ua/en/regional-council/contacts/ | R28: no | T28: no | V28: no | X28: no | Z28: no | AB28: no | AD28: yes | AE28: http://www.oblrada.rv.ua/sklad_struktura/vikonavchiy_aparat/ http://www.oblrada.rv.ua/mistseve_samovryaduvannya/pasport_oblasti/index.php?SECTION_ID=92&ELEMENT_ID=10016 | AF28: no | AH28: yes | AI28: According to the test version of the portal | AJ28: yes | AK28: http://www.oblrada.kharkov.ua/en/ | AL28: no | AN28: yes | AP28: no | AR28: no | AT28: yes | AU28: https://chor.gov.ua/oblasna-rada/kontakti
A29: R19028 | B29: Q28 | C29: Is the Regional Council procurement plan for the current period published on the Regional Council website? | D29: yes | E29: https://vinrada.gov.ua/richnij-plan-zakupivel-na-2019-rik.htm | F29: yes | G29: http://volynrada.gov.ua/procurement | H29: yes | I29: https://oblrada.dp.gov.ua/category/diyalnist/richni-plani-zakupivel/ | J29: no | L29: yes | M29: https://zakarpat-rada.gov.ua/derzhavni-zakupivli/ | N29: yes | O29: http://zor.gov.ua/content/derzhavni-zakupivli | P29: no | R29: yes | S29: https://kor.gov.ua/robota_rady/informatsiia.html | T29: yes | U29: https://www.oblrada.kr.ua/konkursni-torgi | V29: yes | W29: https://prozorro.gov.ua/tender/search?edrpou=25255072&edrpou=22340506 | X29: no | Z29: yes | AA29: http://oblrada.odessa.gov.ua/pro-oblasnu-radu/derzhavni-zakupivli/odeska-oblasna-rada/ | AB29: yes | AC29: http://oblrada-pl.gov.ua/ses/dz/2019.pdf | AD29: yes | AE29: http://oblrada.rv.ua/komunalna_vlasnist/konkursni_torgy/oblrada/index.php?SECTION_ID=165&ELEMENT_ID=14681&back_url_admin=%2Fbitrix%2Fadmin%2Fiblock_element_admin.php%3FIBLOCK_ID%3D2%26type%3Ddocuments%26lang%3Dua%26find_section_section%3D165 | AF29: yes | AG29: https://sorada.gov.ua/derzhavni-zakupivli.html | AH29: yes | AI29: http://te-rada.org/list/?t=35&s=rada | AJ29: yes | AK29: http://www.oblrada.kharkov.ua/ua/component/content/article/316-richnyi-plan-zakupivel/20918-richnij-plan-zakupivel-na-2019-rik?Itemid=1319 | AL29: no | AN29: yes | AO29: http://km-oblrada.gov.ua/derzhavni-zakupivli-orenda/ | AP29: no | AR29: no | AT29: no
A30: R19029 | B30: Q29 | C30: Are the procurement plans for 2014, 2015, 2016 published on the Regional Council website? | D30: yes | E30: https://vinrada.gov.ua/2018-rik-2.htm | F30: yes | G30: http://volynrada.gov.ua/procurement | H30: yes | I30: https://oblrada.dp.gov.ua/category/diyalnist/richni-plani-zakupivel/ | J30: yes | K30: https://zt.gov.ua/index.php/upravlinnya-majnom/%D0%B4%D0%B5%D1%80%D0%B6%D0%B0%D0%B2%D0%BD%D1%96-%D0%B7%D0%B0%D0%BA%D1%83%D0%BF%D1%96%D0%B2%D0%BB%D1%96/%D1%80%D1%96%D1%87%D0%BD%D0%B8%D0%B9-%D0%BF%D0%BB%D0%B0%D0%BD-%D0%B7%D0%B0%D0%BA%D1%83%D0%BF%D1%96%D0%B2%D0%BB%D1%96.html%D0%BF%D0%BB%D0%B0%D0%BD-%D0%B7%D0%B0%D0%BA%D1%83%D0%BF%D1%96%D0%B2%D0%BB%D1%96.html | L30: yes | M30: https://zakarpat-rada.gov.ua/derzhavni-zakupivli/ | N30: no | P30: no | R30: yes | S30: https://kor.gov.ua/robota_rady/informatsiia.html | T30: yes | U30: https://prozorro.gov.ua/plan/search?query=22223982&dateplan[plan_tender]=01.01.2019%E2%80%9431.12.2019 | V30: no | X30: yes | Y30: https://prozorro.gov.ua/tender/search?query=25696652 | Z30: yes | AA30: http://oblrada.odessa.gov.ua/pro-oblasnu-radu/derzhavni-zakupivli/odeska-oblasna-rada/ | AB30: yes | AC30: http://oblrada-pl.gov.ua/index.php?option=com_content&view=category&layout=blog&id=37&Itemid=65 | AD30: yes | AE30: http://oblrada.rv.ua/komunalna_vlasnist/konkursni_torgy/oblrada/ | AF30: yes | AG30: https://sorada.gov.ua/derzhavni-zakupivli.html | AH30: yes | AI30: yes - after 2016, no - 2014-2015 | AJ30: yes | AK30: http://www.oblrada.kharkov.ua/ua/public-information/management-of-municipal-property/events-and-announcements | AL30: no | AN30: yes | AO30: ProZorro | AP30: no | AR30: yes | AS30: http://oblrada.cv.ua/activity/purchases/ | AT30: yes | AU30: https://chor.gov.ua/oblasna-rada/derzhavni-zakupivli
A31: R19030 | B31: Q30 | C31: Is there a separate section on the Regional Council website containing publication of information on the Regional Council procurements, including notifications on the planned Regional Council procurements? | D31: yes | E31: https://vinrada.gov.ua/richnij-plan-zakupivel-na-2019-rik.htm | F31: yes | G31: http://volynrada.gov.ua/procurement | H31: no | J31: yes | K31: https://zt.gov.ua/index.php/upravlinnya-majnom/%D0%B4%D0%B5%D1%80%D0%B6%D0%B0%D0%B2%D0%BD%D1%96-%D0%B7%D0%B0%D0%BA%D1%83%D0%BF%D1%96%D0%B2%D0%BB%D1%96/%D1%80%D1%96%D1%87%D0%BD%D0%B8%D0%B9-%D0%BF%D0%BB%D0%B0%D0%BD-%D0%B7%D0%B0%D0%BA%D1%83%D0%BF%D1%96%D0%B2%D0%BB%D1%96.html?limitstart=0 | L31: yes | M31: https://zakarpat-rada.gov.ua/derzhavni-zakupivli/ | N31: no | O31: http://zor.gov.ua/content/derzhavni-zakupivli | P31: no | R31: yes | S31: https://kor.gov.ua/robota_rady/informatsiia.html | T31: yes | U31: https://www.oblrada.kr.ua/konkursni-torgi | V31: yes | W31: https://prozorro.gov.ua/tender/search?edrpou=25255072&edrpou=22340506 | X31: yes | Y31: https://www.mk-oblrada.gov.ua/publichni-zakupivli-475cms.htm | Z31: yes | AA31: http://oblrada.odessa.gov.ua/pro-oblasnu-radu/derzhavni-zakupivli/odeska-oblasna-rada/ | AB31: yes | AC31: http://oblrada-pl.gov.ua/index.php?option=com_content&view=category&layout=blog&id=37&Itemid=65 | AD31: yes | AE31: http://oblrada.rv.ua/komunalna_vlasnist/konkursni_torgy/oblrada/index.php?SECTION_ID=165&ELEMENT_ID=14681 | AF31: yes | AG31: https://sorada.gov.ua/derzhavni-zakupivli.html | AH31: yes | AI31: According to the test version of the portal | AJ31: yes | AK31: http://www.oblrada.kharkov.ua/ua/public-information/vidkryti-dani/richnyi-plan-zakupivel | AL31: no | AN31: yes | AO31: http://km-oblrada.gov.ua/derzhavni-zakupivli-orenda/plan-provedennya-zakupivel-tovariv-robit-poslug-za-byudzhetni-koshti/ | AP31: no | AR31: no | AT31: no
A32: R19031 | B32: Q31 | C32: Is the information on the completed Regional Council procurements published in the respective section (type of procurement, date, price, candidates, their proposals, minutes of meetings of the Commission)? | D32: yes | E32: https://vinrada.gov.ua/2019-rik-2.htm | F32: no | H32: yes | I32: https://oblrada.dp.gov.ua/category/diyalnist/richni-plani-zakupivel/ | J32: no | L32: yes | M32: https://zakarpat-rada.gov.ua/derzhavni-zakupivli/ | N32: yes | O32: http://zor.gov.ua https://www.dzo.com.ua/companies/18061 | P32: no | R32: no | T32: yes | U32: https://www.oblrada.kr.ua/konkursni-torgi | V32: yes | W32: https://prozorro.gov.ua/tender/search?edrpou=25255072&edrpou=22340506 | X32: yes | Y32: https://prozorro.gov.ua/tender/search?query=25696652 | Z32: yes | AA32: http://oblrada.odessa.gov.ua/pro-oblasnu-radu/derzhavni-zakupivli/odeska-oblasna-rada/ | AB32: no | AD32: yes | AE32: http://oblrada.rv.ua/komunalna_vlasnist/konkursni_torgy/oblrada/index.php?SECTION_ID=165&ELEMENT_ID=14681 | AF32: yes | AG32: https://sorada.gov.ua/derzhavni-zakupivli.html | AH32: no | AJ32: partially | AK32: http://www.oblrada.kharkov.ua/ua/public-information/vidkryti-dani/richnyi-plan-zakupivel | AL32: no | AN32: yes | AO32: http://km-oblrada.gov.ua/derzhavni-zakupivli-orenda/ | AP32: no | AR32: no | AT32: no
A33: R19032 | B33: Q32 | C33: Are all the contracts and the amendments thereto published on the Regional Council website on a regular basis (providing hyperlinks between contracts invoices and amendments to contracts for easy access to all the documents relating to the respective contract)? | D33: yes | E33: https://vinrada.gov.ua/zakupivli-na-prozorro.htm | F33: no | H33: yes | I33: https://oblrada.dp.gov.ua/category/diyalnist/richni-plani-zakupivel/ | J33: no | L33: yes | M33: https://zakarpat-rada.gov.ua/derzhavni-zakupivli/ | N33: yes | O33: http://zor.gov.ua/content/perelik-naboriv-danyh-shcho-pidlyagayut-oprylyudnennyu-u-formi-vidkrytyh-danyh | P33: no | R33: no | T33: yes | U33: https://www.oblrada.kr.ua/konkursni-torgi | V33: yes | W33: https://prozorro.gov.ua/tender/search?edrpou=25255072&edrpou=22340506 | X33: no | Z33: yes | AA33: http://oblrada.odessa.gov.ua/pro-oblasnu-radu/derzhavni-zakupivli/odeska-oblasna-rada/ | AB33: yes | AC33: http://oblrada-pl.gov.ua/index.php?option=com_content&view=category&layout=blog&id=37&Itemid=65 | AD33: yes | AE33: http://oblrada.rv.ua/komunalna_vlasnist/konkursni_torgy/oblrada/index.php?SECTION_ID=165&ELEMENT_ID=14681 | AF33: no | AH33: no | AJ33: no | AL33: no | AN33: yes | AP33: no | AR33: no | AT33: no
A34: R19033 | B34: Q33 | C34: Is there a possibility to track on the Regional Council website in a real-time mode the information on procurements carried out through the e-procurement system with the respective hyperlinks to the current offers? | D34: yes | E34: https://www.dzo.eonTua/tenders/current?filter%5Bobiect%5D=title&filter%5Bsearch%5D=&filter%5Boperator%5D=and&filter%5Bidentifierssearch%5D=&filter%5Bidentifiers%5D=00022438&filter%5Bclassification%5D=&filter%5Btendervalueamount%5D%5Bstart%5D=&filter%5Btendervalueamount%5D%5Bend%5D=&filter%5Bdate%5D%5Bstart%5D=&filter%5Bdate%5D%5Bend%5D=&filter%5Border%5D=:patedesc&formname=filter | F34: no | H34: no | J34: no | L34: no | N34: yes | O34: http://zor.gov.ua https://www.dzo.com.ua/companies/18061 | P34: no | R34: no | T34: yes | U34: https://www.oblrada.kr.ua/konkursni-torgi | V34: yes | W34: https://prozorro.gov.ua/tender/search?edrpou=25255072&edrpou=22340506 | X34: yes | Y34: https://prozorro.gov.ua/tender/search?query=25696652 | Z34: yes | AA34: http://oblrada.odessa.gov.ua/pro-oblasnu-radu/derzhavni-zakupivli/odeska-oblasna-rada/ | AB34: yes | AC34: http://oblrada-pl.gov.ua/index.php?option=com_content&view=category&layout=blog&id=37&Itemid=65 | AD34: yes | AE34: http://oblrada.rv.ua/komunalna_vlasnist/konkursni_torgy/oblrada/index.php?SECTION_ID=165&ELEMENT_ID=14681 | AF34: no | AH34: no | AJ34: no | AL34: no | AN34: yes | AO34: http://km-oblrada.gov.ua/vidkriti-dani/ | AP34: no | AR34: no | AT34: no
A35: R19034 | B35: Q34 | C35: Does the Regional Council publish on its website the list of agencies, institutions, enterprises joint property of territorial communities of villages, towns and cities in the region? | D35: yes | E35: https://vinrada.gov.ua/reestr-dovidnik-pidpriemstv-ustanov-%C2%A0organizacij-obektiv-spilnoi-vlasnosti-teritorialnih-gromad-sil-selisch-mist-oblasti.htm | F35: yes | G35: http://volynrada.gov.ua/communal/list | H35: yes | I35: https://oblrada.dp.gov.ua/diyalnist/zakladi-utanovi/perelik-okp/%d0%be%d0%b1%d0%bb%d0%b0%d1%81%d0%bd%d1%96-%d0%ba%d0%be%d0%bc%d0%bc%d1%83%d0%bd%d0%b0%d0%bb%d1%8c%d0%bd%d1%96-%d0%bf%d1%96%d0%b4%d0%bf%d1%80%d0%b8%d1%94%d0%bc%d1%81%d1%82%d0%b2%d0%b0-%d0%b7/ | J35: no | L35: yes | M35: http://usvth.uz.ua/ | N35: yes | O35: http://zor.gov.ua/komunalna-vlasnist ; http://zor.gov.ua/content/perelik-naboriv-danyh-shcho-pidlyagayut-oprylyudnennyu-u-formi-vidkrytyh-danyh | P35: yes | Q35: http://www.orada.if.ua/документи/документи-управління-обєктами/переліки-майна/ | R35: yes | S35: https://kor.gov.ua/kyivska_oblast/pidporiadkovani_pidpryiemstva/komunalni_pidpryiemstva.html | T35: yes | U35: https://oblrada.kr.ua/informatsijna-baza | V35: yes | W35: http://www.oblrada.lviv.ua/%D0%BF%D1%96%D0%B4%D0%BF%D1%80%D0%B8%D1%94%D0%BC%D1%81%D1%82%D0%B2%D0%B0_%D0%BA%D0%BE%D0%BC%D1%83%D0%BD%D0%B0%D0%BB%D1%8C%D0%BD%D0%BE%D1%97_%D0%B2%D0%BB%D0%B0%D1%81%D0%BD%D0%BE%D1%81%D1%82%D1%96_%D0%BB%D0%BE%D1%80_405cms.htm | X35: yes | Y35: https://www.mk-oblrada.gov.ua/zaklady-ustanovy-ta-organizatsii | Z35: yes | AA35: http://property.odessa.gov.ua/perelik-obyektiv/ | AB35: yes | AC35: http://oblrada-pl.gov.ua/index.php?option=com_content&view=article&id=875&Itemid=139 | AD35: yes | AE35: http://oblrada.rv.ua/komunalna_vlasnist/perilik_oblasnyh_komunalnyh_zakladiv_pidpryjemstv_ustanov/ | AF35: yes | AG35: http://mayno.sm.gov.ua/node/13 | AH35: yes | AI35: http://te-rada.org/?id=70 | AJ35: yes | AK35: http://www.oblrada.kharkov.ua/ua/public-information/zaklady-osvity-shcho-perebuvaiut-u-spilnii-vlasnosti-hromad-oblasti | AL35: yes | AM35: http://khor.gov.ua/komunalni-ustanovy-ta-pidpryyemstva/ | AN35: yes | AP35: yes | AQ35: https://www.oblradack.gov.ua/upravlnnya-maynom-oblasnoyi-komunalnoyi-vlasnost-vikonavchogo-aparatu-oblasnoyi-radi. https://www.oblradack.gov.ua/5374-xh-sesia-oblasnoii-radi-vi-sklikannia | AR35: yes | AS35: http://oblrada.cv.ua/activity/communal/ | AT35: yes | AU35: https://chor.gov.ua/normativni-dokumenti/rishennya/item/6297-pro-zatverdzhennia-perelikiv-ob-iektiv-spilnoi-vlasnosti-terytori
A36: R19035 | B36: Q35 | C36: Does the Regional Council publish on its website the list of real property of joint property of territorial communities of villages, towns and cities in the region? | D36: no | F36: yes | G36: http://volynrada.gov.ua/communal/perelik-maina-spilnoyi-vlasnosti-teritorialnikh-gromad-sil-selishch-mist-oblasti-shcho-pere | H36: no | J36: yes | K36: http://zt.gov.ua/index.php/upravlinnya-majnom/robocha-grupa-z-pitan-vikoristannya-majna/vilne-nerukhome-majno-yake-ne-vikoristovuetsya-ta-mozhe-buti-nadano-v-orendu.html | L36: yes | M36: http://usvth.uz.ua/obiekty-svth/obiekty-nerukhomoho-maina.html | N36: yes | O36: http://zor.gov.ua/node/19 ; http://zor.gov.ua/content/perelik-naboriv-danyh-shcho-pidlyagayut-oprylyudnennyu-u-formi-vidkrytyh-danyh | P36: yes | Q36: http://www.orada.if.ua/документи/документи-управління-обєктами/переліки-майна/ | R36: yes | S36: https://kor.gov.ua/kyivska_oblast/pidporiadkovani_pidpryiemstva/komunalni_pidpryiemstva.html | T36: yes | U36: https://oblrada.kr.ua/informatsijna-baza | V36: yes | W36: http://www.oblrada.lviv.ua/mayno | X36: no | Z36: yes | AA36: http://property.odessa.gov.ua/perelik-obyektiv/ | AB36: yes | AC36: http://oblrada-pl.gov.ua/index.php?option=com_content&view=article&id=875&Itemid=139 | AD36: yes | AE36: http://oblrada.rv.ua/komunalna_vlasnist/perelik_obyektiv_spilnoyi_vlasnosti_terytorialnykh_hromad_oblasti/ | AF36: yes | AG36: http://mayno.sm.gov.ua/node/13 | AH36: no | AJ36: yes | AK36: http://www.oblrada.kharkov.ua/ua/public-information/management-of-municipal-property/analitichni-materiali | AL36: yes | AM36: http://khor.gov.ua/category/informatsiia-upravlinnia-rozvytku-ob-iektiv-spilnoi-vlasnosti-terytorialnykh-hromad-oblasti-vykonavchoho-aparatu/ | AN36: yes | AO36: http://km-oblrada.gov.ua/vidkriti-dani/ | AP36: yes | AQ36: https://www.oblradack.gov.ua/5374-xh-sesia-oblasnoii-radi-vi-sklikannia | AR36: yes | AS36: http://oblrada.cv.ua/activity/communal/ | AT36: yes | AU36: https://ukm.chor.gov.ua/pro-upravlinnya-komunalnogo-majna/ob-ekti-komunalnoji-vlasnosti/item/71-perelik-ob-iektiv-nerukhomoho-maina-spilnoi-vlasnosti-terytorialn
A37: R19036 | B37: Q36 | C37: Are the procedure and conditions of communal property objects’ privatization published on the Regional Council website? | D37: yes | E37: https://vinrada.gov.ua/poryadok-dennij-ta-rishennya-37.htm | F37: yes | G37: http://volynrada.gov.ua/communal/polozhennya-pro-diyalnist-auktsionnoyi-komisiyi-z-prodazhu-ob-yektiv-maloyi-privatizatsiyi- | H37: no | J37: no | L37: yes | M37: http://usvth.uz.ua/ | N37: yes | O37: http://zor.gov.ua/content/proekty-rishen-do-rozglyadu-na-sesiyi | P37: yes | Q37: http://www.orada.if.ua/документи/документи-управління-обєктами/повідомлення/ | R37: yes | S37: https://kor.gov.ua/kyivska_oblast/pidporiadkovani_pidpryiemstva/poriadky.html | T37: yes | U37: https://www.oblrada.kr.ua/normativna-baza | V37: yes | W37: https://lvivoblrada.gov.ua/activity/privatizaciyu | X37: no | Z37: yes | AA37: http://property.odessa.gov.ua/orenda-i-pryvatyzatsiya/ | AB37: yes | AC37: http://oblrada-pl.gov.ua/uploads/1234.pdf | AD37: yes | AE37: http://oblrada.rv.ua/komunalna_vlasnist/informacija_pro_vidchuzhennja_majna/ | AF37: yes | AG37: https://sorada.gov.ua/upr-mayno.html | AH37: no | AJ37: no | AL37: yes | AM37: http://khor.gov.ua/pryvatyzatsiya/ | AN37: yes | AP37: yes | AQ37: https://www.oblradack.gov.ua/xkhvi-sesiya-oblasnoi-radi-vii-sklikannya | AR37: no | AT37: yes | AU37: https://ukm.chor.gov.ua/normativni-dokumenti/normativno-pravova-informatsiya/item/641-polozhennia-pro-poriadok-peredachi-ob-iektiv-prava-spilnoi-vlasno
A38: R19037 | B38: Q37 | C38: Are the procedure and conditions for the deprivation of the right to use communal property objects published on the Regional Council website? | D38: yes | E38: https://vinrada.sov.ua/rishennva-8.htm | F38: yes | G38: http://volynrada.gov.ua/communal/polozhennya-pro-poryadok-vidchuzhennya-maina-shcho-perebuvaye-u-spilnii-vlasnosti-teritoria | H38: no | J38: yes | K38: http://6.zt.gov.ua/index.php/ofitsijni-dokumenti/normativni-dokumenti/rishennya-oblasnoji-radi/3837-%E2%84%96-817-%D0%BF%D1%80%D0%BE-%D0%B7%D0%B0%D1%82%D0%B2%D0%B5%D1%80%D0%B4%D0%B6%D0%B5%D0%BD%D0%BD%D1%8F-%D0%BF%D0%BE%D0%BB%D0%BE%D0%B6%D0%B5%D0%BD%D0%BD%D1%8F-%D0%BF%D1%80%D0%BE-%D0%BF%D0%BE%D1%80%D1%8F%D0%B4%D0%BE%D0%BA-%D0%B2%D1%96%D0%B4%D1%87%D1%83%D0%B6%D0%B5%D0%BD%D0%BD%D1%8F-%D0%BC%D0%B0%D0%B9%D0%BD%D0%B0,-%D1%89%D0%BE-%D0%BF%D0%B5%D1%80%D0%B5%D0%B1%D1%83%D0%B2%D0%B0%D1%94-%D1%83-%D1%81%D0%BF%D1%96%D0%BB%D1%8C%D0%BD%D1%96%D0%B9-%D0%B2%D0%BB%D0%B0%D1%81%D0%BD%D0%BE%D1%81%D1%82%D1%96-%D1%82%D0%B5%D1%80%D0%B8%D1%82%D0%BE%D1%80%D1%96%D0%B0%D0%BB%D1%8C%D0%BD%D0%B8%D1%85-%D0%B3%D1%80%D0%BE%D0%BC%D0%B0%D0%B4-%D1%81%D1%96%D0%BB,-%D1%81%D0%B5%D0%BB%D0%B8%D1%89,-%D0%BC%D1%96%D1%81%D1%82-%D0%BE%D0%B1%D0%BB%D0%B0%D1%81%D1%82%D1%96,-%D1%83-%D0%BD%D0%BE%D0%B2%D1%96%D0%B9-%D1%80%D0%B5%D0%B4%D0%B0%D0%BA%D1%86%D1%96%D1%97.html | L38: yes | M38: http://usvth.uz.ua/ | N38: yes | O38: http://zor.gov.ua/content/proekty-rishen-do-rozglyadu-na-sesiyi | P38: yes | Q38: http://www.orada.if.ua/документи/документи-управління-обєктами/повідомлення/ | R38: yes | S38: https://kor.gov.ua/kyivska_oblast/pidporiadkovani_pidpryiemstva/poriadky.html | T38: yes | U38: https://www.oblrada.kr.ua/garyacha-informatsiya | V38: no | X38: yes | Y38: https://www.mk-oblrada.gov.ua/normatyvna-baza | Z38: yes | AA38: http://property.odessa.gov.ua/orenda-i-pryvatyzatsiya/ | AB38: no | AD38: yes | AE38: http://oblrada.rv.ua/komunalna_vlasnist/informacija_pro_vidchuzhennja_majna/ | AF38: yes | AG38: https://sorada.gov.ua/upr-mayno.html | AH38: yes | AI38: According to the test version of the portal | AJ38: no | AL38: no | AN38: yes | AO38: http://km-oblrada.gov.ua/derzhavni-zakupivli-orenda/ | AP38: yes | AQ38: https://www.oblradack.gov.ua/normativno-regulyatorn-akti | AR38: no | AT38: yes | AU38: https://ukm.chor.gov.ua/normativni-dokumenti/normativno-pravova-informatsiya/item/6-polozhennia-pro-poriadok-vidchuzhennia-ta-spysannia-maina-shcho-i
A39: R19038 | B39: Q38 | C39: Are the procedure and conditions of the territorial community’s property rental published on the Regional Council website? | D39: yes | E39: https://vinrada.gov.ua/poryadok-dennij-ta-rishennya-7.htm | F39: yes | G39: http://volynrada.gov.ua/communal/polozhennya-pro-orendu-nerukhomogo-maina-spilnoyi-vlasnosti-teritorialnikh-gromad-sil-selis | H39: yes | I39: http://212.3.96.115/trade_exchange | J39: no | L39: yes | M39: http://usvth.uz.ua/diialnist/orenda-maina/normatyvna-baza.html | N39: yes | O39: http://zor.gov.ua/content/regulyatorni-akty ; http://zor.gov.ua/content/perelik-naboriv-danyh-shcho-pidlyagayut-oprylyudnennyu-u-formi-vidkrytyh-danyh | P39: yes | Q39: http://www.orada.if.ua/документи/документи-управління-обєктами/повідомлення/ | R39: yes | S39: https://kor.gov.ua/kyivska_oblast/pidporiadkovani_pidpryiemstva/poriadky.html | T39: yes | U39: https://www.oblrada.kr.ua/garyacha-informatsiya | V39: no | X39: yes | Y39: https://www.mk-oblrada.gov.ua/normatyvna-baza | Z39: yes | AA39: http://property.odessa.gov.ua/orenda-i-pryvatyzatsiya/ | AB39: yes | AC39: http://oblrada-pl.gov.ua/uploads/123456789.pdf | AD39: yes | AE39: http://oblrada.rv.ua/komunalna_vlasnist/orenda_majna/ | AF39: yes | AG39: https://sorada.gov.ua/upr-mayno.html | AH39: yes | AI39: http://te-rada.org/list/?t=31&s=rada | AJ39: no | AL39: yes | AM39: http://khor.gov.ua/orenda-auktsion/ | AN39: yes | AO39: ProZorro | AP39: no | AR39: no | AT39: yes | AU39: https://chor.gov.ua/normativni-dokumenti/rishennya/item/532-pro-zatverdzhennya-polozhennya-pro-poryadok-provedennya-konkursu ; https://chor.gov.ua/component/k2/item/6749-pro-vnesennia-zmin-do-polozhennia-pro-poriadok-peredachi-maina-sp
A40: R19039 | B40: Q39 | C40: Is the procedure of competition for the right to purchase/rent the territorial community’s property published on the Regional Council website? | D40: yes | E40: https://vinrada.gov.ua/poryadok-dennij-ta-rishennya-7.htm | F40: yes | G40: http://volynrada.gov.ua/communal/polozhennya-pro-orendu-nerukhomogo-maina-spilnoyi-vlasnosti-teritorialnikh-gromad-sil-selis | H40: yes | I40: http://212.3.96.115/trade_exchange | J40: no | L40: yes | M40: http://usvth.uz.ua/diialnist/orenda-maina/normatyvna-baza.html | N40: yes | O40: http://www.zor.gov.ua/content/regulyatorni-akty ; http://zor.gov.ua/content/perelik-naboriv-danyh-shcho-pidlyagayut-oprylyudnennyu-u-formi-vidkrytyh-danyh | P40: yes | Q40: http://www.orada.if.ua/документи/документи-управління-обєктами/повідомлення/ | R40: yes | S40: https://kor.gov.ua/kyivska_oblast/pidporiadkovani_pidpryiemstva/poriadky.html | T40: yes | U40: https://www.oblrada.kr.ua/korisna-informatsiya | V40: no | X40: yes | Y40: https://www.mk-oblrada.gov.ua/normatyvna-baza | Z40: yes | AA40: http://property.odessa.gov.ua/orenda-i-pryvatyzatsiya/ | AB40: yes | AC40: http://oblrada-pl.gov.ua/ses/next/732.pdf | AD40: yes | AE40: http://www.oblrada.rv.ua/komunalna_vlasnist/informacija_pro_vidchuzhennja_majna/ | AF40: yes | AG40: https://sorada.gov.ua/upr-mayno.html | AH40: yes | AI40: According to the test version of the portal | AJ40: no | AL40: no | AN40: yes | AO40: http://km-oblrada.gov.ua/derzhavni-zakupivli-orenda/perelik-dogovoriv/?hilite=%27e-data%27 | AP40: yes | AQ40: https://www.oblradack.gov.ua/5296-xh-sesia-oblasnoii-radi-vi-sklikannia | AR40: no | AT40: yes | AU40: https://chor.gov.ua/normativni-dokumenti/rishennya/item/532-pro-zatverdzhennya-polozhennya-pro-poryadok-provedennya-konkursu ; https://chor.gov.ua/component/k2/item/6749-pro-vnesennia-zmin-do-polozhennia-pro-poriadok-peredachi-maina-sp
A41: R19040 | B41: Q40 | C41: Is the information on the planned competitive procedures for the sale/rental of the territorial community’s property published on the Regional Council website? | D41: yes | E41: https://vinrada.gov.ua/2019-rik.htm | F41: yes | G41: http://volynrada.gov.ua/announcement/pro-orendu-u-volinskomu-koledzhi-kulturi-ta-mistetstv | H41: yes | I41: http://212.3.96.115/trade_exchange | J41: yes | K41: https://zt.gov.ua/index.php/upravlinnya-majnom/ogoloshennya/majno-v-orendu.html | L41: yes | M41: http://usvth.uz.ua/ | N41: yes | O41: http://zor.gov.ua/content/informaciyne-povidomlennya | P41: yes | Q41: http://www.orada.if.ua/документи/документи-управління-обєктами/повідомлення/ | R41: yes | S41: https://kor.gov.ua/kyivska_oblast/pidporiadkovani_pidpryiemstva/poriadky.html | T41: yes | U41: https://www.oblrada.kr.ua/garyacha-informatsiya | V41: no | X41: yes | Y41: https://www.mk-oblrada.gov.ua/news?group=28 | Z41: yes | AA41: http://property.odessa.gov.ua/orenda-i-pryvatyzatsiya/ | AB41: no | AD41: yes | AE41: http://oblrada.rv.ua/komunalna_vlasnist/orenda_majna/ http://www.oblrada.rv.ua/komunalna_vlasnist/informacija_pro_vidchuzhennja_majna/ | AF41: yes | AG41: https://sorada.gov.ua/upr-mayno.html | AH41: yes | AI41: http://te-rada.org/list/?t=29&s=rada | AJ41: yes | AK41: http://www.oblrada.kharkov.ua/ua/public-information/management-of-municipal-property/events-and-announcements | AL41: no | AN41: yes | AO41: http://km-oblrada.gov.ua/komunalna-vlasnist/ | AP41: yes | AQ41: https://www.oblradack.gov.ua/ogoloshennya-pro-peredachu-v-orendu-vilnikh-primischen | AR41: no | AT41: yes | AU41: https://ukm.chor.gov.ua/potochna-diyalnist/informatsiya-pro-provedennya-konkursiv-na-pravo-orendi-komunalnogo-majna-oblasti
A42: R19041 | B42: Q41 | C42: Is the information on results of the competitive procedures of the sale/rental of the communal property objects published on the Regional Council website? | D42: yes | E42: https://vinrada.gov.ua/perelik-orendariv-vbudinkah-scho-znahodvatsva-na-balansiupravlinnva-spilnoi-komunalnoi-vlasnosti.htm | F42: no | H42: yes | I42: http://212.3.96.115/trade_exchange | J42: no | L42: yes | M42: http://usvth.uz.ua/ | N42: yes | O42: http://zor.gov.ua/content/informaciyne-povidomlennya | P42: yes | Q42: http://www.orada.if.ua/документи/документи-управління-обєктами/результати-конкурсів/ | R42: no | T42: yes | U42: https://www.oblrada.kr.ua/garyacha-informatsiya | V42: no | X42: no | Z42: yes | AA42: http://property.odessa.gov.ua/orenda-i-pryvatyzatsiya/ | AB42: no | AD42: yes | AE42: http://oblrada.rv.ua/komunalna_vlasnist/informacija_pro_vidchuzhennja_majna/ | AF42: yes | AG42: https://sorada.gov.ua/upr-mayno.html | AH42: yes | AI42: http://te-rada.org/list/?t=29&s=rada | AJ42: yes | AK42: http://www.oblrada.kharkov.ua/ua/public-information/management-of-municipal-property/results-of-competitions | AL42: no | AN42: yes | AO42: http://km-oblrada.gov.ua/vidkriti-dani/ | AP42: no | AR42: no | AT42: yes | AU42: https://ukm.chor.gov.ua/2016-02-05-07-05-44
A43: R19042 | B43: Q42 | C43: Is the analysis of expediency of the sale/rental of property, including available financial maintenance expenses and the projected amount of revenues to the regional budget published before every sale/rental on the Regional Council website? | D43: no | F43: no | H43: no | J43: no | L43: no | N43: yes | O43: http://zor.gov.ua/content/regulyatorni-akty; http://zor.gov.ua/content/perelik-naboriv-danyh-shcho-pidlyagayut-oprylyudnennyu-u-formi-vidkrytyh-danyh | P43: no | R43: yes | S43: https://kor.gov.ua/kyivska_oblast/pidporiadkovani_pidpryiemstva/poriadky.html | T43: no | V43: no | X43: no | Z43: yes | AA43: http://property.odessa.gov.ua/orenda-i-pryvatyzatsiya/ | AB43: no | AD43: no | AF43: yes | AG43: https://sorada.gov.ua/upr-mayno.html | AH43: no | AJ43: yes | AK43: http://www.oblrada.kharkov.ua/ua/public-information/management-of-municipal-property/analitichni-materiali | AL43: no | AN43: no | AP43: yes | AQ43: https://www.oblradack.gov.ua/materiali-chergovoyi-sesyi-oblasnoyi-radi | AR43: no | AT43: no
A44: R19043 | B44: Q43 | C44: Are the results of competitions for the sale/rental of property published on the Regional Council website on a regular basis? | D44: yes | E44: https://vinrada.gov.ua/perelik-orendariv-vbudinkah-scho-znahodvatsva-na-balansiupravlinnva-spilnoi-komunalnoi-vlasnosti.htm | F44: no | H44: no | J44: no | L44: yes | M44: http://usvth.uz.ua/ | N44: yes | O44: http://zor.gov.ua/content/informaciyne-povidomlennya | P44: yes | Q44: http://www.orada.if.ua/документи/документи-управління-обєктами/результати-конкурсів/ | R44: yes | S44: https://kor.gov.ua/kyivska_oblast/upravlinnia_spilnoiu_vlasnistiu/upravlinnia_z_pytan_komunalnoi_vlasnosti_ta_zhytlovokomunalnoho_hospodarstva _vykonavchoho_aparatu_kyivskoi_oblasnoi_rady.html | T44: yes | U44: https://www.oblrada.kr.ua/garyacha-informatsiya | V44: no | X44: no | Z44: yes | AA44: http://property.odessa.gov.ua/orenda-i-pryvatyzatsiya/ | AB44: no | AD44: yes | AE44: http://oblrada.rv.ua/komunalna_vlasnist/orenda_majna/ http://www.oblrada.rv.ua/komunalna_vlasnist/informacija_pro_vidchuzhennja_majna/ | AF44: yes | AG44: https://sorada.gov.ua/upr-mayno.html | AH44: yes | AI44: http://te-rada.org/list/?t=29&s=rada | AJ44: yes | AK44: http://www.oblrada.kharkov.ua/ua/public-information/management-of-municipal-property/results-of-competitions | AL44: no | AN44: yes | AO44: http://km-oblrada.gov.ua/derzhavni-zakupivli-orenda/ | AP44: no | AR44: no | AT44: yes | AU44: https://ukm.chor.gov.ua/2016-02-05-07-05-44
A45: R19044 | B45: Q44 | C45: Is the information regarding every sold/rented object with indication of the amount of revenues to the regional budget and a person who has won the competition published on the Regional Council website? | D45: yes | E45: https://vinrada.gov.ua/perelik-obektiv-neruhomosti-teritorialnih-gromad-vinnickoi-oblasti-yaki-perebuvajut-v-orendi-2.htm | F45: no | H45: no | J45: yes | K45: https://zt.gov.ua/index.php/upravlinnya-majnom/robocha-grupa-z-pitan-vikoristannya-majna/%D0%BE%D0%B1%E2%80%99%D1%94%D0%BA%D1%82%D0%B8-%D0%BA%D0%BE%D0%BC%D1%83%D0%BD%D0%B0%D0%BB%D1%8C%D0%BD%D0%BE%D1%97-%D0%B2%D0%BB%D0%B0%D1%81%D0%BD%D0%BE%D1%81%D1%82%D1%96,-%D1%89%D0%BE-%D0%BF%D0%B5%D1%80%D0%B5%D0%B4%D0%B0%D0%BD%D1%96-%D0%B2-%D0%BE%D1%80%D0%B5%D0%BD%D0%B4%D1%83-%D1%87%D0%B8-%D1%96%D0%BD%D1%88%D0%B5-%D0%BF%D1%80%D0%B0%D0%B2%D0%BE-%D0%BA%D0%BE%D1%80%D0%B8%D1%81%D1%82%D1%83%D0%B2%D0%B0%D0%BD%D0%BD%D1%8F.html | L45: yes | M45: https://zakarpat-rada.gov.ua/mayno/orendaryam/prymischennya-peredani-v-orendu/ | N45: yes | O45: http://zor.gov.ua/content/informaciyne-povidomlennya ; http://zor.gov.ua/content/perelik-naboriv-danyh-shcho-pidlyagayut-oprylyudnennyu-u-formi-vidkrytyh-danyh | P45: yes | Q45: http://www.orada.if.ua/документи/документи-управління-обєктами/результати-конкурсів/ | R45: no | T45: no | V45: no | X45: no | Z45: yes | AA45: http://property.odessa.gov.ua/orenda-i-pryvatyzatsiya/ | AB45: no | AD45: yes | AE45: http://oblrada.rv.ua/komunalna_vlasnist/orenda_majna/ http://www.oblrada.rv.ua/komunalna_vlasnist/informacija_pro_vidchuzhennja_majna/ | AF45: yes | AG45: https://sorada.gov.ua/upr-mayno.html | AH45: yes | AI45: According to the test version of the portal | AJ45: partially | AK45: http://www.oblrada.kharkov.ua/ua/public-information/management-of-municipal-property/results-of-competitions | AL45: no | AN45: yes | AO45: http://km-oblrada.gov.ua/vidkriti-dani/ | AP45: yes | AQ45: https://www.oblradack.gov.ua/upravlnnya-maynom-oblasnoyi-komunalnoyi-vlasnost-vikonavchogo-aparatu-oblasnoyi-radi | AR45: no | AT45: yes | AU45: https://ukm.chor.gov.ua/informatsiya-pro-orendu-majna/item/752-informatsiia-pro-stan-nadkhodzhen-koshtiv-vid-orendy-maina-spilno
A46: R19045 | B46: Q45 | C46: Is the current budget with all the amendments published on the Regional Council website? | D46: yes | E46: https://vinrada.gov.ua/rishennya-pro-oblasnij-bjudzhet-na-2016-rik.htm | F46: yes | G46: http://volynrada.gov.ua/budget/pro-oblasnii-byudzhet-na-2019-rik | H46: yes | I46: https://oblrada.dp.gov.ua/category/documents/oblasniy-budjet/ | J46: yes | K46: https://zt.gov.ua/index.php/%D0%BE%D0%B1%D0%BB%D0%B0%D1%81%D0%BD%D0%B8%D0%B9-%D0%B1%D1%8E%D0%B4%D0%B6%D0%B5%D1%82-%D0%BD%D0%B0-%D0%BC%D0%B0%D0%BF%D1%96.html | L46: yes | M46: https://zakarpat-rada.gov.ua/normatyvni-dokumenty/rishennya-rady/ | N46: yes | O46: http://zor.gov.ua/content/2019-rik | P46: yes | Q46: http://www.orada.if.ua/обласний-бюджет-на-2019-рік/ | R46: yes | S46: https://kor.gov.ua/robota_rady/rishennia.html | T46: yes | U46: https://www.oblrada.kr.ua/informatsiya-pro-oblasnij-byudzhet | V46: yes | W46: https://lvivoblrada.gov.ua/activity/pro-finansovi-resursi http://192.168.2.6/ | X46: yes | Y46: https://www.mk-oblrada.gov.ua/publichni-finansy | Z46: yes | AA46: http://oblrada.odessa.gov.ua/odeska-oblast/byudzhet-odeskoyi-oblasti/; http://oblrada.odessa.gov.ua/dokumenty/rishennya/ | AB46: yes | AC46: http://oblrada-pl.gov.ua/index.php?option=com_content&view=article&id=10236&Itemid=220 | AD46: yes | AE46: http://oblrada.rv.ua/documents/oblasnyj_bjudzhet/index.php?SECTION_ID=169&ELEMENT_ID=17869 | AF46: yes | AG46: https://sorada.gov.ua/actual/actual/20041-oblasna-rada-pryjnjala-oblasnyj-bjudzhet-na-2019-rik-ta-rozgljanula-shche-majzhe-pivsotni-pytan.html | AH46: yes | AI46: According to the test version of the portal | AJ46: yes | AK46: http://www.oblrada.kharkov.ua/ua/public-information/vidkryti-dani/zvit-pro-vykorystannia-biudzhetnykh-koshtiv-dlia-rozporiadnykiv-informatsii-iaki-vykorystovuiut-biudzhetni-koshty-v-tomu-chysli-za-okremymy-biudzhetnymy-prohramamy | AL46: yes | AM46: http://khor.gov.ua/oblasnyj-byudzhet/ | AN46: yes | AO46: http://km-oblrada.gov.ua/regional-budget/ | AP46: yes | AQ46: https://www.oblradack.gov.ua/byudzhet-2019 | AR46: yes | AS46: http://oblrada.cv.ua/document/list/section/13/ | AT46: yes | AU46: https://chor.gov.ua/oblasnij-byudzhet
A47: R19046 | B47: Q46 | C47: Are the budgets for 2014, 2015, 2016 published on the Regional Council website? | D47: yes | E47: https://vinrada.eov.ua/uDload/files/7sklikannva/3Poza-ses/22.rar https://vinrada.eov.ua/uDload/flles/6sklikanna/31poza-ses/805.гаг https://vinrada.eov.ua/uDload/files/6sklikanna/21poza-sеs/669.гаг | F47: yes | G47: http://volynrada.gov.ua/findsession | H47: yes | I47: https://oblrada.dp.gov.ua/category/documents/oblasniy-budjet/ | J47: yes | K47: https://zt.gov.ua/index.php/zhitomirshchina/pro-nash-kraj/oblasnij-byudzhet.html?limitstart=0 | L47: yes | M47: https://zakarpat-rada.gov.ua/normatyvni-dokumenty/rishennya-rady/ | N47: yes | O47: http://zor.gov.ua/sessii_ta_rishenya_radi | P47: yes | Q47: http://www.orada.if.ua/обласний-бюджет/бюджети-минулих-років/ | R47: yes | S47: https://kor.gov.ua/robota_rady/rishennia.html | T47: yes | U47: https://www.oblrada.kr.ua/informatsiya-pro-oblasnij-byudzhet | V47: partially | W47: http://www.oblrada.lviv.ua/%D1%80%D1%96%D1%88%D0%B5%D0%BD%D0%BD%D1%8F_vii_%D1%81%D0%BA%D0%BB%D0%B8%D0%BA%D0%B0%D0%BD%D0%BD%D1%8F_428categ.html | X47: yes | Y47: https://www.mk-oblrada.gov.ua/publichni-finansy | Z47: yes | AA47: http://oblrada.odessa.gov.ua/odeska-oblast/byudzhet-odeskoyi-oblasti/ | AB47: yes | AC47: http://oblrada-pl.gov.ua/index.php?option=com_content&view=article&id=10237&Itemid=221 | AD47: yes | AE47: http://oblrada.rv.ua/documents/oblasnyj_bjudzhet/ | AF47: yes | AG47: https://sorada.gov.ua/vykorystannja-koshtiv-oblasnogo-bjudzhetu.html | AH47: yes | AI47: According to the test version of the portal | AJ47: yes | AK47: http://www.ts.lica.com.ua/?p=3&u=1&base=77 | AL47: yes | AM47: http://khor.gov.ua/oblasnyj-byudzhet/ | AN47: yes | AP47: yes | AQ47: https://www.oblradack.gov.ua/oblasniy-byudzhet | AR47: yes | AS47: http://oblrada.cv.ua/document/list/section/13/ | AT47: yes | AU47: https://chor.gov.ua/normativni-dokumenti/rishennya/item/1851-pro-oblasnyi-biudzhetna-2014-rik ; https://chor.gov.ua/normativni-dokumenti/rishennya/item/2611-pro-oblasnyi-biudzhetna-2015-rik ; https://chor.gov.ua/normativni-dokumenti/rishennya/item/3337-pro-oblasnyi-biudzhetna-2016-rik
A48: R19047 | B48: Q47 | C48: Does the Regional Council publish on its website the reports on the implementation of the budget for informing the population no less than 2 times a year? | D48: yes | E48: https://vinrada.gov.ua/rishennya-pro-oblasnij-bjudzhet-na-2016-rik.htm | F48: yes | G48: http://volynrada.gov.ua/budget/pro-oblasnii-byudzhet-na-2019-rik | H48: yes | I48: https://oblrada.dp.gov.ua/category/documents/oblasniy-budjet/ | J48: yes | K48: https://zt.gov.ua/index.php/zhitomirshchina/pro-nash-kraj/oblasnij-byudzhet.html?limitstart=0 | L48: yes | M48: https://zakarpat-rada.gov.ua/normatyvni-dokumenty/rishennya-rady/ | N48: yes | O48: http://zor.gov.ua/sessii_ta_rishenya_radi | P48: yes | Q48: http://www.orada.if.ua/рішення-обласної-ради/ | R48: yes | S48: https://kor.gov.ua/pres-tsentr/novyny.html | T48: yes | U48: https://www.oblrada.kr.ua/informatsiya-pro-oblasnij-byudzhet | V48: yes | W48: http://192.168.2.6/ | X48: yes | Y48: https://www.mk-oblrada.gov.ua/document-list.php?group_id=185 | Z48: yes | AA48: http://oblrada.odessa.gov.ua/dokumenty/rishennya/ | AB48: yes | AC48: http://oblrada-pl.gov.ua/index.php?option=com_content&view=article&id=10236&Itemid=220 | AD48: yes | AE48: http://oblrada.rv.ua/documents/oblasnyj_bjudzhet/ http://oblrada.rv.ua/documents/oblasnyj_bjudzhet/index.php?SECTION_ID=169&ELEMENT_ID=10394 | AF48: yes | AG48: https://sorada.gov.ua/vykorystannja-koshtiv-oblasnogo-bjudzhetu/18923-dovidka-pro-vykonannja-oblasnogo-bjudzhetu-sumskoji-oblasti-za-sichen-lypen-2017-roku.html | AH48: yes | AI48: http://te-rada.org/list/?t=39&s=rada | AJ48: yes | AK48: http://www.oblrada.kharkov.ua/ua/public-information/vidkryti-dani/zvit-pro-vykorystannia-biudzhetnykh-koshtiv-dlia-rozporiadnykiv-informatsii-iaki-vykorystovuiut-biudzhetni-koshty-v-tomu-chysli-za-okremymy-biudzhetnymy-prohramamy | AL48: no | AN48: yes | AO48: http://km-oblrada.gov.ua/informaciya-pro-vikonannya-oblasnogo-byudzhetu/ | AP48: yes | AQ48: https://www.oblradack.gov.ua/zvity-pro-vykonannja-oblasnogo-bjdgetu | AR48: yes | AS48: http://oblrada.cv.ua/document/list/section/13/ | AT48: yes | AU48: https://chor.gov.ua/oblasnij-byudzhet
A49: R19048 | B49: Q48 | C49: Does the Regional Council publish on its website draft budgets for the following year no later than 20 working days prior to consideration for the approval? | D49: yes | E49: https://vinrada.gov.ua/proekt-oblasnogo-bjudzhetu-na-2019-rik.htm | F49: yes | G49: http://volynrada.gov.ua/projects | H49: yes | I49: https://oblrada.dp.gov.ua/documents/oblasniy-budjet/про-обласний-бюджет-на-2019-рік-2/ | J49: no | L49: yes | M49: https://zakarpat-rada.gov.ua/category/proekty-rishennya/ | N49: yes | O49: http://www.zor.gov.ua/content/node/1582/ | P49: yes | Q49: http://www.orada.if.ua/проєкти-рішень/ | R49: yes | S49: https://kor.gov.ua/pres-tsentr/novyny.html | T49: no | V49: yes | W49: https://lvivoblrada.gov.ua/plenary-sessions/proekti-rishen/proekti-rishen-pidgotovlenni-dlya-rozglyadu | X49: yes | Y49: https://www.mk-oblrada.gov.ua/publichni-finansy | Z49: yes | AA49: http://oblrada.odessa.gov.ua/dokumenty/proekty-rishen/ | AB49: no | AD49: yes | AE49: http://oblrada.rv.ua/documents/proekty_rishen_oblasnoyi_rady/ | AF49: yes | AG49: https://sorada.gov.ua/vykorystannja-koshtiv-oblasnogo-bjudzhetu/19196-v-oblasnij-radi-vidbulysja-sluhannja-bjudzhetu-ta-programy-sotsialno-ekonomichnogo-rozvytku-na-2018-rik.html | AH49: yes | AI49: According to the test version of the portal | AJ49: yes | AK49: http://www.ts.lica.com.ua/?p=0&type=1&base=77&menu=374610&id=12058 | AL49: no | AN49: yes | AO49: http://km-oblrada.gov.ua/proekti-rishen-simnadcyatoi-sesii-oblasnoi-radi-plenarne-zasidannya-yakoi-zaplanovano-na-22-grudnya-2017-roku/ | AP49: yes | AQ49: https://www.oblradack.gov.ua/materiali-chergovoyi-sesyi-oblasnoyi-radi | AR49: no | AT49: yes | AU49: https://chor.gov.ua/normativni-dokumenti/proekti-regulyatornih-aktiv-ta-rishen/itemlist/category/230-7-sklikannya
A50: R19049 | B50: Q49 | C50: Does the Regional Council publish on its website the procedure and the schedule of consultations with citizens and businesses on content of the draft budget for the following year? | D50: yes | E50: https://vinrada.gov.ua/proekt-oblasnogo-bjudzhetu-na-2019-rik.htm | F50: yes | G50: http://volynrada.gov.ua/session/18/20-0 | H50: no | J50: no | L50: no | N50: no | P50: yes | Q50: https://www.orada.if.ua/news/ | R50: no | T50: no | V50: yes | W50: "Announces" section | X50: no | Z50: no | AA50: Authority of regional state administration | AB50: no | AD50: no | AF50: yes | AG50: https://sorada.gov.ua/consultations.html | AH50: yes | AI50: According to the test version of the portal | AJ50: no | AL50: no | AN50: no | AP50: no | AR50: no | AT50: yes | AU50: https://chor.gov.ua/component/k2/item/4369-pro-biudzhetnyi-rehlament-chernihivskoi-rady
A51: R19050 | B51: Q50 | C51: Does the Regional Council publish on its website the report on the results of public consultations on the budget for the following year? | D51: no | F51: yes | G51: http://volynrada.gov.ua/node/57753 | H51: no | J51: no | L51: no | N51: no | P51: yes | Q51: https://www.orada.if.ua/news/ | R51: no | T51: no | V51: no | X51: no | Z51: no | AA51: Authority of regional state administration | AB51: no | AD51: no | AF51: no | AH51: no | AJ51: no | AL51: no | AN51: no | AP51: no | AR51: yes | AS51: http://oblrada.cv.ua/document/list/section/13/ | AT51: yes | AU51: https://chor.gov.ua/protokoli-ta-rekomendatsiji-postijnikh-komisij/item/4058-protokoly
A52: R19051 | B52: Q51 | C52: Does the mechanism for citizen’s involvement in the budget process provided in the Regional Council (budget participation)? | D52: yes | E52: https://vinrada.gov.ua/upload/files/7sklikannya/37Ses/753.pdf | F52: yes | G52: http://volynrada.gov.ua/session/19/23-0 | H52: no | J52: no | L52: no | N52: no | P52: no | R52: no | T52: no | V52: no | X52: no | Z52: no | AA52: Authority of regional state administration | AB52: no | AD52: yes | AE52: http://oblrada.rv.ua/documents/rishennya/7_sklikannya.php?SECTION_ID=171&ELEMENT_ID=12208 | AF52: no | AH52: yes | AI52: According to the test version of the portal | AJ52: no | AL52: no | AN52: yes | AO52: https://microprojects.km-oblrada.gov.ua/ | AP52: no | AR52: no | AT52: no
A53: R19052 | B53: Q52 | C53: Does the Regional Council publish on its website contacts and operating mode of agencies, organizations and enterprises of social protection, which are jointly owned by territorial communities of villages, towns and cities in the region and their contact information? | D53: yes | E53: http://www.vinrada.gov.ua/reestr_obektiv.htm | F53: yes | G53: http://volynrada.gov.ua/communal/list | H53: no | J53: no | L53: no | N53: yes | O53: http://zor.gov.ua/komunalna-vlasnist/komunalna-ustanova-zaporizkyy-geriatrychnyy-pansionat-zaporizkoyi-oblasnoyi-rady | P53: no | R53: yes | S53: https://kor.gov.ua/kyivska_oblast/pidporiadkovani_pidpryiemstva/poriadky.html | T53: no | V53: yes | W53: http://www.oblrada.lviv.ua/%D0%BF%D1%96%D0%B4%D0%BF%D1%80%D0%B8%D1%94%D0%BC%D1%81%D1%82%D0%B2%D0%B0_%D0%BA%D0%BE%D0%BC%D1%83%D0%BD%D0%B0%D0%BB%D1%8C%D0%BD%D0%BE%D1%97_%D0%B2%D0%BB%D0%B0%D1%81%D0%BD%D0%BE%D1%81%D1%82%D1%96_%D0%BB%D0%BE%D1%80_405cms.htm | X53: no | Z53: no | AB53: no | AD53: yes | AE53: http://oblrada.rv.ua/komunalna_vlasnist/perilik_oblasnyh_komunalnyh_zakladiv_pidpryjemstv_ustanov/ | AF53: no | AH53: yes | AI53: http://te-rada.org/?id=84 | AJ53: yes | AK53: http://www.oblrada.kharkov.ua/ua/about-rada/parlor/nadannia-odnorazovoi-adresnoi-hroshovoi-dopomohy; http://www.oblrada.kharkov.ua/ua/kompleksna-programa-sotsialnogo-zakhistu-naselennya-kharkivskoji-oblasti-na-2016-2020-roki/14483-normativni-dokumenti | AL53: yes | AM53: http://khor.gov.ua/komunalni-ustanovy-ta-pidpryyemstva/ | AN53: yes | AO53: http://km-oblrada.gov.ua/komunalna-vlasnist/zakladi-ustanovi-socialnogo-zaxistu-naselennya/ | AP53: no | AR53: yes | AS53: http://oblrada.cv.ua/passport/15/ | AT53: yes | AU53: https://chor.gov.ua/normativni-dokumenti/rishennya/item/6297-pro-zatverdzhennia-perelikiv-ob-iektiv-spilnoi-vlasnosti-terytori ; https://upsz.cg.gov.ua/index.php?id=21225&tp=1&pg=
A54: R19053 | B54: Q53 | C54: Does the Regional Council publish on its website the information on the existing social protection programs? | D54: yes | E54: https://vinrada.gov.ua/perelik_dovgostrokovih_program.htm | F54: yes | G54: http://volynrada.gov.ua/programs | H54: no | J54: no | L54: yes | M54: https://zakarpat-rada.gov.ua/normatyvni-dokumenty/rishennya-rady/ | N54: no | P54: yes | Q54: http://www.orada.if.ua/перелік-програм-7-скликання/ | R54: yes | S54: https://kor.gov.ua/pres-tsentr/novyny.html | T54: no | V54: yes | W54: http://192.168.2.6/rada/rishennialor.nsf/52889c345440ab40c2257b55007e8f51/52c7093160a58f2ec22581f400500f6d?OpenDocument | X54: yes | Y54: https://www.mk-oblrada.gov.ua/oblasni-programy | Z54: yes | AA54: http://oblrada.odessa.gov.ua/odeska-oblast/strategichni-ta-programni-dokumenty-oblasti/perelik-diyuchyh-regionalnyh-tsilovyh-ta-kompleksnyh-program-odeskoyi-oblasti/ | AB54: no | AD54: yes | AE54: http://oblrada.rv.ua/documents/oblprogram/oblprogram.php | AF54: no | AH54: yes | AI54: http://te-rada.org/?id=300 | AJ54: yes | AK54: http://www.oblrada.kharkov.ua/ua/kompleksna-programa-sotsialnogo-zakhistu-naselennya-kharkivskoji-oblasti-na-2016-2020-roki/14483-normativni-dokumenti | AL54: yes | AM54: http://khor.gov.ua/poriadok-vykorystannia-koshtiv-peredbachenykh-v-oblasnomu-biudzheti-dlia-nadannia-terminovoi-odnorazovoi-materialnoi-dopomohy-hromadianam-iaki-opynylysia-v-skladnykh-zhyttievykh-obstavynakh-za-zvernen/ | AN54: yes | AO54: http://km-oblrada.gov.ua/programi-regionalnogo-rozvitku/ | AP54: yes | AQ54: https://www.oblradack.gov.ua/oblasn-programi | AR54: yes | AS54: http://oblrada.cv.ua/passport/15/ | AT54: yes | AU54: https://chor.gov.ua/oblasni-programi/item/6525-chynni-oblasni-prohramy-zizminamy
A55: R19054 | B55: Q54 | C55: Does the Regional Council website contain a separate section for publishing information on the employment with the Regional Council and/or with agencies, institutions, enterprises joint property of territorial communities of villages, towns and cities in the region? | D55: yes | E55: http://www.vinrada.gov.ua/vakantni-posadi.htm;http://www.vinrada.gov.ua/ogoloshennya-28.htm | F55: no | H55: yes | I55: https://oblrada.dp.gov.ua/category/diyalnist/konkursy/ https://oblrada.dp.gov.ua/category/diyalnist/zakladi-utanovi/konkurs/ | J55: yes | K55: https://zt.gov.ua/index.php/ofitsijni-dokumenti/kadrova-politika/2012-09-24-21-09-36.html | L55: no | N55: no | P55: no | R55: no | S55: https://kor.gov.ua/sklad_rady/vakansii.html | T55: yes | U55: https://www.oblrada.kr.ua/vakansii | V55: yes | W55: https://lvivoblrada.gov.ua/the-structure/vakansiji | X55: yes | Y55: https://www.mk-oblrada.gov.ua/poryadok-provedennya-konkursu-na-zamishchennya-vakantnyh-posad | Z55: yes | AA55: http:/oblrada.odessa.gov.ua/pro-oblasnu-radu/kadrovi-pytannya/ | AB55: yes | AC55: http://oblrada-pl.gov.ua/index.php?option=com_content&view=article&id=6244&Itemid=197 | AD55: yes | AE55: http://oblrada.rv.ua/sklad_struktura/vikonavchiy_aparat/vakansii/ | AF55: yes | AG55: https://sorada.gov.ua/pro-oblasnu-radu/vykonavchyj-aparat/konkurs-na-zamishchennja-vakantnyh-posad.html | AH55: no | AJ55: partially | AK55: http://www.oblrada.kharkov.ua/ua/board-structure/executive-body/vacancies/2015-03-01-11-09-14 | AL55: yes | AM55: http://khor.gov.ua/ogoloshennya-konkursu-na-posady-kerivnykiv-komunalnyh-pidpryyemstv-ustanov-ta-zakladiv/ | AN55: yes | AO55: http://km-oblrada.gov.ua/konkursni-komisi%D1%97/ | AP55: no | AR55: no | AT55: yes | AU55: https://chor.gov.ua/oblasna-rada/vakansiji ; https://chor.gov.ua/nasha-diyalnist/anonsi
A56: R19055 | B56: Q55 | C56: Did the Regional Council publish the procedure for the competition aimed at filling the vacant posts in the Regional Council? | D56: yes | E56: http://www.vinrada.gov.ua/poryadok-provedennya-konkursu.htm | F56: yes | G56: http://volynrada.gov.ua/order/pro-zatverdzhennya-poryadku-provedennya-ispitu-kandidativ-na-zamishchennya-vakantnikh-posad-po | H56: no | I56: https://oblrada.dp.gov.ua/diyalnist/konkursy/інформаційне-повідомлення/ | J56: yes | K56: https://zt.gov.ua/index.php/ofitsijni-dokumenti/kadrova-politika/2012-09-24-21-09-37.html | L56: yes | M56: https://zakarpat-rada.gov.ua/category/announcement/ | N56: yes | P56: no | R56: yes | S56: https://kor.gov.ua/sklad_rady/vykonavchyi_aparat.html | T56: yes | U56: https://www.oblrada.kr.ua/vakansii | V56: yes | W56: https://lvivoblrada.gov.ua/the-structure/vakansiji | X56: yes | Y56: https://www.mk-oblrada.gov.ua/poryadok-provedennya-konkursu-na-zamishchennya-vakantnyh-posad | Z56: yes | AA56: http:/oblrada.odessa.gov.ua/pro-oblasnu-radu/kadrovi-pytannya/ | AB56: yes | AC56: http://oblrada-pl.gov.ua/index.php?option=com_content&view=article&id=6244&Itemid=197 | AD56: yes | AE56: http://oblrada.rv.ua/sklad_struktura/vikonavchiy_aparat/vakansii/ http://oblrada.rv.ua/komunalna_vlasnist/postiyno_diyucha_konkursna_komisiya/sklad_postiyno_diyuchoyi_konkursnoyi_komisiyi/ | AF56: yes | AG56: https://sorada.gov.ua/pro-oblasnu-radu/vykonavchyj-aparat/vacancy-rules.html | AH56: no | AJ56: yes | AK56: http://www.ts.lica.com.ua/?type=1&base=77&menu=367997&id=2512 | AL56: yes | AM56: http://khor.gov.ua/ogoloshennya-konkursu-na-posady-kerivnykiv-komunalnyh-pidpryyemstv-ustanov-ta-zakladiv/ | AN56: yes | AO56: http://km-oblrada.gov.ua/khmelnytsky-region/regulatory-base-activities/staffing/ | AP56: yes | AQ56: https://www.oblradack.gov.ua/files/docs/Vakansii/Porjadok_konkurs.pdf | AR56: no | AT56: yes | AU56: https://chor.gov.ua/component/k2/item/6752-pro-zatverdzhennia-polozhennia-pro-konkursnyi-vidbir-kandydativ-d
A57: R19056 | B57: Q56 | C57: Does the Regional Council publish on its website all announcements of competition aimed at filling the vacant post 1 month prior to the selection? | D57: yes | E57: http://www.vinrada.gov.ua/ogoloshennya-pro-konkurs.htm | F57: yes | G57: http://volynrada.gov.ua/vacancies; http://volynrada.gov.ua/news/u-volinradi-vakansiya | H57: yes | I57: https://oblrada.dp.gov.ua/diyalnist/zakladi-utanovi/konkurs/протокол-№-11-засідання-ради-з-питань-ох/ | J57: yes | K57: https://zt.gov.ua/index.php/ofitsijni-dokumenti/kadrova-politika/%D0%BE%D0%B3%D0%BE%D0%BB%D0%BE%D1%88%D0%B5%D0%BD%D0%BD%D1%8F-%D0%BF%D1%80%D0%BE-%D0%BA%D0%BE%D0%BD%D0%BA%D1%83%D1%80%D1%81-%D0%BD%D0%B0-%D0%B7%D0%B0%D0%BC%D1%96%D1%89%D0%B5%D0%BD%D0%BD%D1%8F-%D0%B2%D0%B0%D0%BA%D0%B0%D0%BD%D1%82%D0%BD%D0%BE%D1%97-%D0%BF%D0%BE%D1%81%D0%B0%D0%B4%D0%B8.html | L57: yes | M57: https://zakarpat-rada.gov.ua/category/announcement/ | N57: yes | P57: no | R57: yes | S57: https://kor.gov.ua/sklad_rady/vakansii.html | T57: no | V57: yes | W57: https://lvivoblrada.gov.ua/the-structure/vakansiji | X57: no | Z57: yes | AA57: http:/oblrada.odessa.gov.ua/pro-oblasnu-radu/kadrovi-pytannya/ | AB57: no | AD57: yes | AE57: "Announcements of events" section | AF57: no | AH57: no | AJ57: no | AL57: yes | AM57: http://khor.gov.ua/ogoloshennya-konkursu-na-posady-kerivnykiv-komunalnyh-pidpryyemstv-ustanov-ta-zakladiv/ | AN57: yes | AO57: http://km-oblrada.gov.ua/konkursni-komisii/ | AP57: yes | AR57: no | AT57: yes | AU57: https://chor.gov.ua/nasha-diyalnist/anonsi/item/8412-informatsiia-pro-konkurs-na-posadu-dyrektora-komunalnoho-pidpryie
A58: R19057 | B58: Q57 | C58: Does the Regional Council publish on its website the results of the selection process, including the final evaluation and the final ranking of candidates? | D58: yes | E58: http://www.vinrada.gov.ua/ogoloshennya-pro-konkurs.htm | F58: no | H58: yes | I58: https://oblrada.dp.gov.ua/diyalnist/zakladi-utanovi/konkurs/повідомлення-33/ | J58: no | L58: no | N58: no | P58: no | R58: yes | S58: https://kor.gov.ua/sklad_rady/vakansii.html | T58: no | V58: no | X58: no | Z58: no | AB58: no | AD58: yes | AE58: http://oblrada.rv.ua/komunalna_vlasnist/postiyno_diyucha_konkursna_komisiya/rishennya_postiyno_diyuchoyi_konkursnoyi_komisiyi/ http://oblrada.rv.ua/komunalna_vlasnist/postiyno_diyucha_konkursna_komisiya_osvita/rishennya_postiyno_diyuchoyi_konkursnoyi_komisiyi/ http://oblrada.rv.ua/komunalna_vlasnist/postiyno_diyucha_konkursna_komisiya/zasidannya_postiyno_diyuchoyi_konkursnoyi_komisiyi/ http://oblrada.rv.ua/komunalna_vlasnist/postiyno_diyucha_konkursna_komisiya_osvita/zasidannya_postiyno_diyuchoyi_konkursnoyi_komisiyi/ | AF58: no | AH58: no | AJ58: no | AL58: no | AN58: yes | AO58: http://km-oblrada.gov.ua/khmelnytsky-region/regulatory-base-activities/staffing/ | AP58: yes | AQ58: https://www.oblradack.gov.ua/ogoloshennia-pro-provedennia-konkursu | AR58: no | AT58: no
A59: R19058 | B59: Q58 | C59: Does the Regional Council publish on its website the results of the selection process, including the final evaluation and the final ranking of candidates at least for the last 2 years? | D59: no | F59: no | H59: no | J59: no | L59: no | N59: no | P59: no | R59: no | T59: no | V59: no | X59: no | Z59: no | AB59: no | AD59: yes | AE59: http://oblrada.rv.ua/komunalna_vlasnist/postiyno_diyucha_konkursna_komisiya/rishennya_postiyno_diyuchoyi_konkursnoyi_komisiyi/ http://oblrada.rv.ua/komunalna_vlasnist/postiyno_diyucha_konkursna_komisiya_osvita/rishennya_postiyno_diyuchoyi_konkursnoyi_komisiyi/ | AF59: no | AH59: no | AJ59: no | AL59: no | AN59: no | AP59: no | AR59: no | AT59: no
A60: R19059 | B60: Q59 | C60: Did the Regional Council publish on its website rules of conduct for the elected officials and employees of the Regional Council (Code of Ethics)? | D60: yes | E60: https://vinrada.gov.ua/pravila-vnutrishnogo-trudovogo-rozporyadku.htm | F60: no | H60: no | J60: no | L60: yes | M60: https://zakarpat-rada.gov.ua/normatyvni-dokumenty/rehlament-roboty/ | N60: no | P60: yes | Q60: https://www.orada.if.ua/обласна-рада/регламент-обласної-ради/ | R60: yes | S60: https://kor.gov.ua/sklad_rady/vykonavchyi_aparat.html | T60: yes | U60: https://www.oblrada.kr.ua/aktualno | V60: no | X60: no | Z60: yes | AA60: http:/oblrada.odessa.gov.ua/pro-oblasnu-radu/reglament/ | AB60: no | AD60: yes | AF60: yes | AG60: https://sorada.gov.ua/pro-oblasnu-radu/vykonavchyj-aparat/pravyla-etychnoji-povedinky-posadovyh-osib-mistsevogo-samovrjaduvannja.html | AH60: no | AJ60: yes | AK60: http://www.oblrada.kharkov.ua/ua/about-rada/regulations | AL60: yes | AM60: http://khor.gov.ua/misiya-funktsiyi-povnovazhennya-ta-normatyvno-pravovi-zasady-diyalnosti/ | AN60: yes | AO60: http://km-oblrada.gov.ua/zapobigannya-korupcii/ | AP60: no | AR60: no | AT60: yes | AU60: https://chor.gov.ua/oblasna-rada/vikonavchiy-aparat
A61: R19060 | B61: Q60 | C61: Does the Regional Council website contain the declarations of property, income, expenses and financial obligations of the head of the Regional Council and regional council members in 2016? | D61: yes | E61: https://vinrada.20v.ua/upload/files/deklaracia/DeklaraciaGol2015.doc | F61: yes | G61: http://volynrada.gov.ua/node/45248 | H61: yes | I61: https://oblrada.dp.gov.ua/oblasna-rada/kerivnitstvo/%d0%be%d0%bb%d1%96%d0%b9%d0%bd%d0%b8%d0%ba-%d1%81%d0%b2%d1%8f%d1%82%d0%be%d1%81%d0%bb%d0%b0%d0%b2-%d0%b2%d0%b0%d1%81%d0%b8%d0%bb%d1%8c%d0%be%d0%b2%d0%b8%d1%87/ | J61: no | L61: yes | M61: https://zakarpat-rada.gov.ua/oblasna-rada/kerivnytstvo-rady/holova-rady/deklaratsiya-pro-majno-dohody-vytraty-i-zobovyazannya-finansovoho-harakteru/ | N61: yes | O61: http://zor.gov.ua/node/4578/ | P61: yes | Q61: http://www.orada.if.ua/обласна-рада/депутати/ | R61: no | T61: no | V61: yes | W61: http://www.oblrada.lviv.ua/%D0%BA%D0%B5%D1%80%D1%96%D0%B2%D0%BD%D0%B8%D1%86%D1%82%D0%B2%D0%BE_%D0%BB%D1%8C%D0%B2%D1%96%D0%B2%D1%81%D1%8C%D0%BA%D0%BE%D1%97_%D0%BE%D0%B1%D0%BB%D0%B0%D1%81%D0%BD%D0%BE%D1%97_%D1%80%D0%B0%D0%B4%D0%B8_400cms.htm | X61: yes | Y61: https://www.mk-oblrada.gov.ua/ochyshchennya-vlady | Z61: partially | AA61: On the website of the National Agency for the Prevention of Corruption | AB61: no | AD61: yes | AE61: http://www.oblrada.rv.ua/sklad_struktura/kerivnictvo.php?SECTION_ID=27&ELEMENT_ID=11449 http://oblrada.rv.ua/sklad_struktura/deputat.php | AF61: partially | AG61: partially | AH61: partially | AI61: On the website of the National Agency for the Prevention of Corruption | AJ61: no | AL61: no | AN61: yes | AP61: no | AR61: no | AT61: no
A62: R19061 | B62: Q61 | C62: Did the Regional Council publish on its website the procedure for monitoring and resolving conflicts of interest? | D62: yes | E62: https://vinrada.gov.ua/ureguljuvannya-pryamogota-potencijnogo-konlliktu-interesiv.htm | F62: yes | G62: http://volynrada.gov.ua/node/59181 | H62: yes | I62: https://oblrada.dp.gov.ua/zvernennia-hromadian/ | J62: no | L62: no | N62: yes | O62: http://zor.gov.ua/content/zakonodavstvo | P62: yes | Q62: https://www.orada.if.ua/документи/методичні-рекомендації-з-питань-запо/ | R62: yes | S62: https://kor.gov.ua/robota_rady/pravovi_zasady_diialnosti.html | T62: no | V62: no | X62: no | Z62: no | AB62: yes | AC62: http://oblrada-pl.gov.ua/index.php?option=com_content&view=article&id=4146:konflikt-interesiv&catid=79:zapobigannja-projavam-koruptsiyi&Itemid=182 | AD62: yes | AE62: http://oblrada.rv.ua/documents/pravova_baza.php | AF62: no | AH62: no | AJ62: partially | AK62: http://www.oblrada.kharkov.ua/ua/about-rada/regulations | AL62: no | AN62: yes | AO62: http://km-oblrada.gov.ua/khmelnytsky-region/regulatory-base-activities/ | AP62: yes | AQ62: http://oblradack.gov.ua/files/docs/Anticorupcija/navch2.pdf | AR62: no | AT62: yes | AU62: https://chor.gov.ua/antikoruptsijna-diyalnist
A63: R19062 | B63: Q62 | C63: Does the Regional Council website contain the hotline telephone number of the relevant law enforcement bodies for the reporting about the facts of corruption committed by the Regional Council employees, Regional Council members and the head of the Regional Council? | D63: yes | E63: https://vinrada.gov.ua/antikorupcijna-liniya-pryamogo-zvyazku.htm | F63: yes | G63: http://volynrada.gov.ua/sites/default/files/2019/doc/informaciya_dlya_vikrivachiv_korupciyi.docx | H63: yes | I63: https://oblrada.dp.gov.ua/zvernennia-hromadian/ | J63: no | L63: no | N63: yes | O63: http://zor.gov.ua/content/povidomlennya-pro-korupciyu | P63: yes | Q63: https://www.orada.if.ua/запобігання-проявам-корупції/ | R63: yes | S63: https://kor.gov.ua/robota_rady/protydiia_koruptsii/ | T63: no | V63: yes | W63: https://lvivoblrada.gov.ua/the-public-information/zapobigannya-proyavam-korupciji | X63: no | Z63: no | AB63: yes | AC63: http://oblrada-pl.gov.ua/index.php?option=com_content&view=article&id=4149:telefon-doviri&catid=79:zapobigannja-projavam-koruptsiyi&Itemid=182 | AD63: yes | AE63: http://oblrada.rv.ua/zapobihannya_koruptsiyi/ | AF63: yes | AG63: https://sorada.gov.ua/pro-oblasnu-radu/zapobigannja-projavam-koruptsiji.html | AH63: yes | AI63: According to the test version of the portal | AJ63: no | AL63: yes | AM63: http://khor.gov.ua/zapobigannya-proyavam-koruptsiyi/ | AN63: yes | AP63: no | AR63: no | AT63: no
A64: R19063 | B64: Q63 | C64: Did the Regional Council establish a special regime of reporting on acts of misconduct (create special channels of information for the whistleblowers; introduce protection measures for the whistleblowers)? | D64: yes | E64: https://vinrada.gov.ua/poryadok-obrobki-povidomlen-pro-korupciju-scho-nadhodyat-do-oblasnoi-radi.htm | F64: yes | G64: http://volynrada.gov.ua/session/21/6 | H64: no | J64: no | L64: no | N64: yes | O64: antikor@zor.gov.ua | P64: yes | Q64: https://www.orada.if.ua/запобігання-проявам-корупції/ | R64: yes | S64: https://kor.gov.ua/robota_rady/protydiia_koruptsii/ | T64: no | V64: no | X64: no | Z64: no | AB64: no | AD64: yes | AE64: http://oblrada.rv.ua/zapobihannya_koruptsiyi/ | AF64: yes | AG64: https://sorada.gov.ua/pro-oblasnu-radu/zapobigannja-projavam-koruptsiji.html | AH64: yes | AI64: According to the test version of the portal | AJ64: no | AL64: no | AN64: yes | AO64: http://km-oblrada.gov.ua/management-regional-council/golova-xmelnickoi-oblasnoi/ | AP64: yes | AQ64: http://www.oblradack.gov.ua/telefon-dovri | AR64: no | AT64: no
A65: R19064 | B65: Q64 | C65: Does the Regional Council website contain a separate section for the public, where one may leave messages (complaints) about violations of the code of ethics, illegal practices of the Regional Council employees, conflicts of interests? | D65: yes | E65: https://vinrada.gov.ua/povidomlennya-pro-korupcijne-pravoporushennya.htm | F65: yes | G65: http://volynrada.gov.ua/node/59183 | H65: yes | I65: https://oblrada.dp.gov.ua/electronni-petisii/ https://oblrada.dp.gov.ua/zvernennia-hromadian/ | J65: no | L65: no | N65: yes | O65: http://zor.gov.ua/content/povidomlennya-pro-korupciyu | P65: yes | Q65: https://www.orada.if.ua/запобігання-проявам-корупції/ | R65: yes | S65: https://kor.gov.ua/robota_rady/protydiia_koruptsii/index.php/telefon_doviry.html | T65: no | V65: yes | W65: https://lvivoblrada.gov.ua/the-public-information/zapobigannya-proyavam-korupciji | X65: yes | Y65: https://www.mk-oblrada.gov.ua/zapobigannya-koruptsii | Z65: yes | AA65: http:/oblrada.odessa.gov.ua/kontakti/ | AB65: no | AD65: yes | AE65: http://oblrada.rv.ua/sklad_struktura/electronic_address.php | AF65: yes | AG65: https://sorada.gov.ua/pro-oblasnu-radu/zapobigannja-projavam-koruptsiji.html | AH65: yes | AI65: According to the test version of the portal | AJ65: no | AL65: yes | AM65: http://khor.gov.ua/zapobigannya-proyavam-koruptsiyi/ | AN65: yes | AO65: http://km-oblrada.gov.ua/zapobigannya-korupcii/ | AP65: no | AR65: yes | AS65: http://oblrada.cv.ua/online_reception/ | AT65: yes | AU65: https://chor.gov.ua/zv-yazki-z-gromadskistyu/elektronna-priymalnya
A66: R19065 | B66: Q65 | C66: Does the Regional Council publish and disseminate the newspaper with the relevant information about the activities of Regional Council and announcements of the events? | D66: no | F66: yes | G66: http://volynrada.gov.ua/rss/announcement http://volynrada.gov.ua/news | H66: no | J66: yes | K66: http://zhytomyrschyna.zt.ua/ | L66: no | N66: yes | O66: www.zor.gov.ua | P66: yes | Q66: https://www.orada.if.ua/news/ | R66: no | T66: no | V66: no | X66: no | Z66: yes | AA66: http:/oblrada.odessa.gov.ua/blog/category/news/ | AB66: yes | AC66: http://poltava.to/ | AD66: yes | AF66: yes | AG66: https://sorada.gov.ua/visnyk-oblasnoji-rady.html | AH66: no | AJ66: no | AL66: no | AN66: no | AP66: no | AR66: no | AT66: yes | AU66: https://chor.gov.ua/nasha-diyalnist/publikatsiji
A67: R19066 | B67: Q66 | C67: Is there a page of the Regional Council on Facebook? | D67: yes | E67: https://www.facebook.com/vinoblrada/ | F67: yes | G67: https://www.facebook.com/volynrada/ | H67: yes | I67: https://www.facebook.com/dniprorada | J67: yes | K67: https://www.facebook.com/zt.gov.ua/?fref=ts | L67: yes | M67: https://www.facebook.com/zakrada.gov.ua/?fref=ts | N67: yes | O67: https://www.facebook.com/zpoblrada/ | P67: yes | Q67: https://www.facebook.com/orada.if.ua/ | R67: yes | S67: https://www.facebook.com/kyivoblrada/ | T67: yes | U67: https://www.facebook.com/kr.oblrada/ | V67: yes | W67: https://www.facebook.com/pages/%D0%9B%D1%8C%D0%B2%D1%96%D0%B2%D1%81%D1%8C%D0%BA%D0%B0-%D0%9E%D0%B1%D0%BB%D0%B0%D1%81%D0%BD%D0%B0-%D0%A0%D0%B0%D0%B4%D0%B0/230908750420034?fref=ts | X67: yes | Y67: https://www.facebook.com/groups/moskalev2007/?fref=ts | Z67: yes | AA67: https://www.facebook.com/pages/%D0%9E%D0%B4%D0%B5%D1%81%D1%81%D0%BA%D0%B8%D0%B9-%D0%9E%D0%B1%D0%BB%D0%B0%D1%81%D1%82%D0%BD%D0%BE%D0%B9-%D0%A1%D0%BE%D0%B2%D0%B5%D1%82/505134452914583?fref=ts | AB67: yes | AC67: https://www.facebook.com/poltava.council/?ref=ts&fref=ts | AD67: yes | AE67: https://www.facebook.com/rivneregionrada/?fref=ts | AF67: yes | AG67: https://www.facebook.com/sorada.gov.ua | AH67: yes | AI67: https://www.facebook.com/ternopiloblrada/?fref=ts | AJ67: yes | AK67: https://www.facebook.com/search/top/?q=%D1%85%D0%B0%D1%80%D0%BA%D1%96%D0%B2%D1%81%D1%8C%D0%BA%D0%B0%20%D0%BE%D0%B1%D0%BB%D0%B0%D1%81%D0%BD%D0%B0%20%D1%80%D0%B0%D0%B4%D0%B0&epa=SEARCH_BOX | AL67: yes | AM67: https://www.facebook.com/oblradaks/ | AN67: yes | AO67: https://www.facebook.com/km.oblrada/ | AP67: no | AR67: yes | AS67: https://www.facebook.com/pages/%D0%A7%D0%B5%D1%80%D0%BD%D1%96%D0%B2%D0%B5%D1%86%D1%8C%D0%BA%D0%B0-%D0%9E%D0%B1%D0%BB%D0%B0%D1%81%D0%BD%D0%B0-%D1%80%D0%B0%D0%B4%D0%B0/1858913910986785 | AT67: no
A68: R19067 | B68: Q67 | C68: Is the information updated operatively on the Facebook page? | D68: yes | E68: https://www.facebook.com/vinoblrada/ | F68: yes | G68: https://www.facebook.com/volynrada/ | H68: yes | I68: https://www.facebook.com/dniprorada/?__tn__=kC-R&eid=ARCPJf9M4RGwYauqng_uDNuZLFyU4DELJPsVQ0M7AzlX_-xXzEBvqqc6gq9f6uVxOXZHKA0MzRxAeSnQ&hc_ref=ARRbY2zWMdVcyPe-ukJriFPA01yfY7RtUFWo8kFp-ebzLwoqdcMCcojdHNcj4-WKuaQ&fref=nf&__xts__[0]=68.ARBm38sX7bRxK0Vo17slIfQGrtvl1jUXa5cPH20BY83SUqmVaJBZuSiISrXfZJA74nYW473vezEUsfrU4ieOLHx8Pb4PP1TBjlpi80uVQUAwoFG6_ne4hCd0gmGzrZDUJzzi8NfEOzspt4vrk2z4oT3hmBJ4yLX3puox84ODiljy5LxpFXPisFa1p_jpWT8_dAT8Jkp_AuQ1wh8wM6aQNCpU3odyq2rhcZZYaNmwgYRccg1PUjX4eaAGctM9zMzyCB04VO9pt7Ut6_VGur8QqOGWWv9Z8pjNrtI--Xh5bIDuoOdkBnfIAEJkf1eqPB6ItYF2K43hfvMyFw9maakpjvg8UQ | J68: yes | K68: https://www.facebook.com/zt.gov.ua/?__tn__=kC-R&eid=ARA2YfwBlOFKMmURuYol0g15bVfe-wuiQMGrZG6T5dvs3HY5cguE2bw6v1Zf43fwA-Q0xAoOj2HjLDeJ&hc_ref=ARTnx0EC8pWFuKe-offgpS9eMgyPUeKXRctohYrMWP-f3KzODYwEBX-wBo332fR-6N4&fref=nf&__xts__[0]=68.ARDHwLjFrmwRXy6E9g7jIerUreKFKFOw68mv9xYPfs_txmnTfrLCdP8rr3F-7V32xh47anSm0PnAAjgI69pTJWmPHKcMTVJDjdDh9c1xzmpCan-xWXRiEFK4aRqq4SFeukM6JCgTdV4ngMhw6HqIdaToYK4MAeTccZTEkIGPrGzVJx0c14RgTJSn-aQu7Q_rTLWKnaxbrhgvgGPD1lgQs8Z8AfAFGPxTw_tHLLt07tCqC6yhMMPEgtoswYqI5l5ic7W9_OMzX9-ZHwbrCIc710qW4JN72RVpr9tpWYpunRnN93sKYTfvVU75sq_wFdgPEbX-RUy4oJb9Z0cD9GkiMZI | L68: yes | M68: https://www.facebook.com/zakrada.gov.ua/?fref=ts | N68: yes | O68: https://www.facebook.com/zpoblrada/ | P68: yes | R68: yes | S68: https://www.facebook.com/kyivoblrada/ | T68: yes | U68: https://www.facebook.com/kr.oblrada/?__tn__=kC-R&eid=ARAdba9PbFEctPF7gSOfe-Oks9v4dpJumtr_DWJejAoIa6qmDMg3tO4F04NTrcdHMd1IhgXR-y96EUUU&hc_ref=ARRkSW7ZHPfKHUOSiUzTLeycG10fOSX5BHFkZFRQy8jO9q_PBey99eQDjzZCJaY-47E&fref=nf&__xts__[0]=68.ARA4SgbV33_BaMoFG_c8yVpUwW8IPXTcc3mb7_R6FA-CJlWKOP76dfCnIxKDTqloaAnU7URyhvYUf42CFZITj11mDe-Kqma4fFe8v_nkAm8HX0UBDrqkno0NKyaak9L7XTomMlG7DpSapWAaQNzWsE2damnqus5w5nADQaf2zw2I_REfiAsixZ-Ubc8hGJrEM0qzR2Q8J1jiliBnloVfREVNjiPlnTYzuBTsRxWHGGFeRquxPV37EA-G_IZn0q79nOWo3Qzu_sendiIywjP8pN9K_rxPtQgHHTCM1QwcmUYRypuxtd8QbhshiupaY5dwEriir3Noj3sX_r-aB9l_5kI0Sg | V68: yes | W68: https://www.facebook.com/pages/%D0%9B%D1%8C%D0%B2%D1%96%D0%B2%D1%81%D1%8C%D0%BA%D0%B0-%D0%9E%D0%B1%D0%BB%D0%B0%D1%81%D0%BD%D0%B0-%D0%A0%D0%B0%D0%B4%D0%B0/230908750420034?fref=ts | X68: no | Z68: yes | AA68: https://www.facebook.com/pages/%D0%9E%D0%B4%D0%B5%D1%81%D1%81%D0%BA%D0%B8%D0%B9-%D0%9E%D0%B1%D0%BB%D0%B0%D1%81%D1%82%D0%BD%D0%BE%D0%B9-%D0%A1%D0%BE%D0%B2%D0%B5%D1%82/505134452914583?fref=ts | AB68: no | AC68: https://www.facebook.com/poltava.council/?__tn__=kC-R&eid=ARCV-222SmFOJpy4RL3GX1CsSFdk30JtKJY1QBmh2C-pKBKc56Qj151wOrrOmR9eos98jaocjhgIre11&hc_ref=ARQ1y_mHwp5TklVbAubW1eZ9ZqMx8nKCpLz9TIbkoGnDczXBb05t9XyV3c1FXH-N8yQ&__xts__[0]=68.ARCmnzO_epl0usDzSCzC1r30NJgxL9rjBc0P9wvDsjkSpJ6ivQZKLcZR-vtWFhmsTA0noN5lTJhiU2s1v73FUPAIgt7RAuBEbdkNClYc-aJwwEl9y8muSU0YUs7bWqkvYapOhZVbnjLDzxnkY1Cc_MnL4S2fbhw7mLqrj6ykXW7HHDlXGq-ys8q1BvfuEGx6agmgIWOiy5tCR26_i4sG-Z2zXPvddVsA6qO7UEZNqQ8505Ag-rW7zstsw0SE4LYJC3tgEmLMqZCjTIY3vJErQAY0ZvaOdPF9vGhK_ss2cwLHsKA2LDxTtEyTIUIwAk4_d-fTpFWT-E13MDbMf3Sq1dF9owv8LcgkbhkTRA | AD68: yes | AE68: https://www.facebook.com/rivneregionrada/?fref=ts | AF68: yes | AG68: https://www.facebook.com/sorada.gov.ua/?__tn__=kC-R&eid=ARCMYWVBjoCgjAIOy90RXSfzXNdlTmt2WeEFCkZth9r4mIipKt-FE0xoWbTm4RX2-NJrJDk_G7FqhYBg&hc_ref=ARQwNLvo3zLigaXIk4PvNwIpXV0n-iZzTZBkhoIV5l-zv11KQ8Iwb5Uz-RXd7XrefyA | AH68: yes | AI68: https://www.facebook.com/ternopiloblrada/?fref=ts | AJ68: yes | AK68: https://www.facebook.com/pages/%D0%9C%D0%B5%D0%BC%D0%BE%D1%80%D1%96%D0%B0%D0%BB%D1%8C%D0%BD%D0%B8%D0%B9-%D0%9A%D0%BE%D0%BC%D0%BF%D0%BB%D0%B5%D0%BA%D1%81-%D0%A1%D0%BB%D0%B0%D0%B2%D0%B8/2303153839972844?__tn__=kC-R&eid=ARBdGfDG01jqOK7263sPglM__uwYrLOYRNw6glPMSOU8EKAvwxqe_tVfNhXd1VIjROzkJmTCTS4tMX17&hc_ref=ARQ8li5ZWw5-hO2Q50fdqx3xPjCLGfg-v8H5edIA8-VjK4KpyNu82EhsT545PhuJcqQ&fref=tag&__xts__[0]=68.ARA1CiobpdN5TxfJ14wOo3IXHKHjSVV29VLHgBeGxwNyAFOtH2sVe-A_Raug7JVdAln9XRQk82w0VUnCY2JpGo7PesY8yRI9VDBon7hnT-ZhUmd0DlfWGxQRpUaVgqw0FKdmq8-a4ZfMYwKThfA_rBlHpJloG7yvBfNxL5KdaC5RG0R1KOhzlz4ORm6hSzJet4hbCwrW9QkL0SA2zH0RernZV-upB4dxg7_lVCaA9_uFDpWx4_ZmIS332Kt-fMka1zQxP3vvf_V6SEmUHusRFK1mo4rYoDgatCr5kmxrP8oC-bV10CoSTqkargu6xQSxIQYFbHybuV_IQZ30AYvoUtEDRA | AL68: yes | AM68: https://www.facebook.com/oblradaks/ | AN68: yes | AO68: https://www.facebook.com/km.oblrada/ | AP68: no | AR68: no | AS68: https://www.facebook.com/%D0%A7%D0%B5%D1%80%D0%BD%D1%96%D0%B2%D0%B5%D1%86%D1%8C%D0%BA%D0%B0-%D0%BE%D0%B1%D0%BB%D0%B0%D1%81%D0%BD%D0%B0-%D0%A0%D0%B0%D0%B4%D0%B0-%D0%9E%D1%80%D0%B3%D0%B0%D0%BD%D1%96%D0%B7%D0%B0%D1%86%D1%96%D1%97-%D0%B2%D0%B5%D1%82%D0%B5%D1%80%D0%B0%D0%BD%D1%96%D0%B2-%D0%A3%D0%BA%D1%80%D0%B0%D1%97%D0%BD%D0%B8-323899701853421/?__tn__=kC-R&eid=ARBk56QV1AlagbbWbw-LXpkICCVCiVEMWh8kXUOlVxJbRRCv7jCaNVIk0u2QN1cBrhraZnfcWy_loi3Q&hc_ref=ARQo6SvmZcQxoOdfPupe0Kl2jds9Wd-vdn4KUIpx9XPjm9JTsuakvy46f9WKLsw96RI&fref=nf&__xts__[0]=68.ARDJCjHselbx_79RfgRVMaIifv3qjFR78XaTaBSRhG8KeFONm0tm-cV8697x6HL3fPwXjruI3t5cgEwZ84qKVecygDqY7ipPENlBoLjm4FdHOz2tm6_ZdIEyU5XjKEis2HRplNf01hFM2Ys_xmAcj6MLcDwL6UdPCmZv6P58nbc1jGSTjP85r4EPj1HRgI4NDrBO-M14QM3mwVz5Ul55Fwd0UshHx7OXclzYdgCksn3TwTlFsCk6VBiJ5l8vBFwZ-MN8KImBz3IlFrY1NF-7m4WlwLHyH32TFj6gpAsSjjTIzo8Jg1VV1njScIk0tQpIQdBabwskih4YXDOAcN8 | AT68: no
C71: yes | D71: =COUNTIF(D$2:D$68,$C$71) -> 58 | F71: =COUNTIF(F$2:F$68,$C$71) -> 54 | H71: =COUNTIF(H$2:H$68,$C$71) -> 37 | J71: =COUNTIF(J$2:J$68,$C$71) -> 31 | L71: =COUNTIF(L$2:L$68,$C$71) -> 41 | N71: =COUNTIF(N$2:N$68,$C$71) -> 51 | P71: =COUNTIF(P$2:P$68,$C$71) -> 47 | R71: =COUNTIF(R$2:R$68,$C$71) -> 53 | T71: =COUNTIF(T$2:T$68,$C$71) -> 37 | V71: =COUNTIF(V$2:V$68,$C$71) -> 39 | X71: =COUNTIF(X$2:X$68,$C$71) -> 32 | Z71: =COUNTIF(Z$2:Z$68,$C$71) -> 52 | AB71: =COUNTIF(AB$2:AB$68,$C$71) -> 34 | AD71: =COUNTIF(AD$2:AD$68,$C$71) -> 62 | AF71: =COUNTIF(AF$2:AF$68,$C$71) -> 46 | AH71: =COUNTIF(AH$2:AH$68,$C$71) -> 45 | AJ71: =COUNTIF(AJ$2:AJ$68,$C$71) -> 37 | AL71: =COUNTIF(AL$2:AL$68,$C$71) -> 31 | AN71: =COUNTIF(AN$2:AN$68,$C$71) -> 60 | AP71: =COUNTIF(AP$2:AP$68,$C$71) -> 38 | AR71: =COUNTIF(AR$2:AR$68,$C$71) -> 26 | AT71: =COUNTIF(AT$2:AT$68,$C$71) -> 45
C72: no | D72: =COUNTIF(D$2:D$68,$C$72) -> 8 | F72: =COUNTIF(F$2:F$68,$C$72) -> 13 | H72: =COUNTIF(H$2:H$68,$C$72) -> 30 | J72: =COUNTIF(J$2:J$68,$C$72) -> 36 | L72: =COUNTIF(L$2:L$68,$C$72) -> 26 | N72: =COUNTIF(N$2:N$68,$C$72) -> 16 | P72: =COUNTIF(P$2:P$68,$C$72) -> 20 | R72: =COUNTIF(R$2:R$68,$C$72) -> 14 | T72: =COUNTIF(T$2:T$68,$C$72) -> 30 | V72: =COUNTIF(V$2:V$68,$C$72) -> 27 | X72: =COUNTIF(X$2:X$68,$C$72) -> 35 | Z72: =COUNTIF(Z$2:Z$68,$C$72) -> 14 | AB72: =COUNTIF(AB$2:AB$68,$C$72) -> 33 | AD72: =COUNTIF(AD$2:AD$68,$C$72) -> 5 | AF72: =COUNTIF(AF$2:AF$68,$C$72) -> 20 | AH72: =COUNTIF(AH$2:AH$68,$C$72) -> 21 | AJ72: =COUNTIF(AJ$2:AJ$68,$C$72) -> 24 | AL72: =COUNTIF(AL$2:AL$68,$C$72) -> 36 | AN72: =COUNTIF(AN$2:AN$68,$C$72) -> 7 | AP72: =COUNTIF(AP$2:AP$68,$C$72) -> 29 | AR72: =COUNTIF(AR$2:AR$68,$C$72) -> 41 | AT72: =COUNTIF(AT$2:AT$68,$C$72) -> 22
C73: partially | D73: =COUNTIF(D$2:D$68,$C$73) -> 1 | F73: =COUNTIF(F$2:F$68,$C$73) -> 0 | H73: =COUNTIF(H$2:H$68,$C$73) -> 0 | J73: =COUNTIF(J$2:J$68,$C$73) -> 0 | L73: =COUNTIF(L$2:L$68,$C$73) -> 0 | N73: =COUNTIF(N$2:N$68,$C$73) -> 0 | P73: =COUNTIF(P$2:P$68,$C$73) -> 0 | R73: =COUNTIF(R$2:R$68,$C$73) -> 0 | T73: =COUNTIF(T$2:T$68,$C$73) -> 0 | V73: =COUNTIF(V$2:V$68,$C$73) -> 1 | X73: =COUNTIF(X$2:X$68,$C$73) -> 0 | Z73: =COUNTIF(Z$2:Z$68,$C$73) -> 1 | AB73: =COUNTIF(AB$2:AB$68,$C$73) -> 0 | AD73: =COUNTIF(AD$2:AD$68,$C$73) -> 0 | AF73: =COUNTIF(AF$2:AF$68,$C$73) -> 1 | AH73: =COUNTIF(AH$2:AH$68,$C$73) -> 1 | AJ73: =COUNTIF(AJ$2:AJ$68,$C$73) -> 6 | AL73: =COUNTIF(AL$2:AL$68,$C$73) -> 0 | AN73: =COUNTIF(AN$2:AN$68,$C$73) -> 0 | AP73: =COUNTIF(AP$2:AP$68,$C$73) -> 0 | AR73: =COUNTIF(AR$2:AR$68,$C$73) -> 0 | AT73: =COUNTIF(AT$2:AT$68,$C$73) -> 0
D74: =SUM(D71:D73) -> 67 | F74: =SUM(F71:F73) -> 67 | H74: =SUM(H71:H73) -> 67 | J74: =SUM(J71:J73) -> 67 | L74: =SUM(L71:L73) -> 67 | N74: =SUM(N71:N73) -> 67 | P74: =SUM(P71:P73) -> 67 | R74: =SUM(R71:R73) -> 67 | T74: =SUM(T71:T73) -> 67 | V74: =SUM(V71:V73) -> 67 | X74: =SUM(X71:X73) -> 67 | Z74: =SUM(Z71:Z73) -> 67 | AB74: =SUM(AB71:AB73) -> 67 | AD74: =SUM(AD71:AD73) -> 67 | AF74: =SUM(AF71:AF73) -> 67 | AH74: =SUM(AH71:AH73) -> 67 | AJ74: =SUM(AJ71:AJ73) -> 67 | AL74: =SUM(AL71:AL73) -> 67 | AN74: =SUM(AN71:AN73) -> 67 | AP74: =SUM(AP71:AP73) -> 67 | AR74: =SUM(AR71:AR73) -> 67 | AT74: =SUM(AT71:AT73) -> 67
C77: help | D77: 3 | E77: 4 | F77: 5 | G77: 6 | H77: 7 | I77: 8 | J77: 9 | K77: 10 | L77: 11 | M77: 12 | N77: 13 | O77: 14 | P77: 15 | Q77: 16 | R77: 17 | S77: 18 | T77: 19 | U77: 20 | V77: 21 | W77: 22 | X77: 23 | Y77: 24 | Z77: 25 | AA77: 26 | AB77: 27 | AC77: 28 | AD77: 29 | AE77: 30 | AF77: 31 | AG77: 32 | AH77: 33 | AI77: 34 | AJ77: 35 | AK77: 36 | AL77: 37 | AM77: 38 | AN77: 39 | AO77: 40 | AP77: 41 | AQ77: 42 | AR77: 43 | AS77: 44 | AT77: 45 | AU77: 46

Sheet Monitoring_ukr
A1: questionID_2019 | B1: questionID | C1: question | D1: Вінницька область | E1: Вінницька область_comment | F1: Волинська область | G1: Волинська область_comment | H1: Дніпропетровська область | I1: Дніпропетровська область_comment | J1: Житомирська область | K1: Житомирська область_comment | L1: Закарпатська область | M1: Закарпатська область_comment | N1: Запорізька область | O1: Запорізька область_comment | P1: Івано-Франківська область | Q1: Івано-Франківська область_comment | R1: Київська область | S1: Київська область_comment | T1: Кіровоградська область | U1: Кіровоградська область_comment | V1: Львівська область | W1: Львівська область_comment | X1: Миколаївська область | Y1: Миколаївська область_comment | Z1: Одеська область | AA1: Одеська область_comment | AB1: Полтавська область | AC1: Полтавська область_comment | AD1: Рівненська область | AE1: Рівненська область_comment | AF1: Сумська область | AG1: Сумська область_comment | AH1: Тернопільська область | AI1: Тернопільська область_comment | AJ1: Харківська область | AK1: Харківська область_comment | AL1: Херсонська область | AM1: Херсонська область_comment | AN1: Хмельницька область | AO1: Хмельницька область_comment | AP1: Черкаська область | AQ1: Черкаська область_comment | AR1: Чернівецька область | AS1: Чернівецька область_comment | AT1: Чернігівська область | AU1: Чернігівська область_comment
A2: R19001 | B2: Q1 | C2: Чи створено на веб-сайті обласної ради онлайн платформу для комунікації між громадянином та обласною радою, подання скарг, пропозицій та звернень, запитів на інформацію? | D2: так | E2: https://vinrada.gov.ua/deputatska_priymalna.htm https://vinrada.gov.ua/povidomlennya-pro-korupcijne-pravoporushennya.htm | F2: так | G2: http://volynrada.gov.ua/zapit-na-otrimannya-publichnoyi-informaciyi http://volynrada.gov.ua/node/59183 | H2: так | I2: https://oblrada.dp.gov.ua/zvernennia-hromadian/ | J2: так | K2: https://zt.gov.ua/index.php/%D0%B7%D0%B0%D0%BF%D0%B8%D1%82%D0%B0%D0%BD%D0%BD%D1%8F-%D0%B4%D0%BE-%D0%BA%D0%B5%D1%80%D1%96%D0%B2%D0%BD%D0%B8%D1%86%D1%82%D0%B2%D0%B0.html | L2: так | M2: https://zakarpat-rada.gov.ua/elektronna-pryjmalnya/ | N2: так | O2: http://zor.gov.ua/content/zvernennya-gromadyan | P2: так | Q2: https://e-dem.in.ua/ivano-frankivsk-or | R2: так | S2: https://petition.kor.gov.ua/ | T2: так | U2: https://oblrada.kr.ua/elektronna-prijmalnya- | V2: ні | X2: так | Y2: https://www.mk-oblrada.gov.ua/vzaemodiya-z-gromadskistyu | Z2: так | AA2: http://oblrada.odessa.gov.ua/zvernennya-do-golovy-oblrady/ | AB2: так | AC2: http://oblrada-pl.gov.ua/index.php?option=com_content&view=article&id=3613&Itemid=173 | AD2: так | AE2: ел.звернення - http://oblrada.rv.ua/sklad_struktura/electronic_address.php ; ел-запит - http://oblrada.rv.ua/sklad_struktura/electronic_form.php | AF2: так | AG2: http://online.sorada.gov.ua/Account/LogOn?returnUrl=http%3A%2F%2Fonline.sorada.gov.ua%3A9006%2FRada%2FAccountUser%2FIndex | AH2: так | AI2: http://te-rada.org/profile/?ref=appeal | AJ2: ні | AL2: так | AM2: http://khor.gov.ua/zvernennya-gromadyan/ | AN2: так | AO2: http://km-oblrada.gov.ua/contacts/ | AP2: Так | AR2: так | AS2: http://oblrada.cv.ua/online_reception/ | AT2: Так | AU2: Електронна приймальня на сайті облісної ради https://chor.gov.ua/zv-yazki-z-gromadskistyu/elektronna-priymalnya
A3: R19002 | B3: Q2 | C3: Чи публікується у вільному доступі відповідь на звернення громадян, пропозиції, скарги в публічному доступі на відповідній онлайн платформі? | D3: ні | F3: ні | H3: так | I3: https://oblrada.dp.gov.ua/electronni-petisii/ | J3: ні | L3: ні | N3: ні | P3: ні | R3: так | S3: https://petition.kor.gov.ua/ | T3: ні | V3: ні | X3: ні | Z3: ні | AB3: ні | AD3: ні | AE3: публікація у вільному доступі такої інформації суперечить вимогам Закону України "Про звернення громадян" та Закону України "Про захист персональних даних" | AF3: ні | AH3: ні | AJ3: ні | AL3: ні | AN3: ні | AP3: Ні | AR3: ні | AT3: ні
A4: R19003 | B4: Q3 | C4: Чи надано можливість відстежувати стан розгляду звернень, скарг, пропозицій на відповідній онлайн платформі? | D4: ні | F4: так | G4: http://volynada.gov.ua/node/26153 | H4: так | I4: https://oblrada.dp.gov.ua/electronni-petisii/ | J4: ні | L4: ні | N4: ні | P4: ні | R4: так | S4: https://petition.kor.gov.ua/ | T4: ні | V4: ні | X4: ні | Z4: ні | AB4: ні | AD4: ні | AE4: відстеження в онлайн-режимі такої інформації суперечить вимогам Закону України "Про звернення громадян" та Закону України "Про захист персональних даних" - оскільки у разі письмового чи усного звернення громадянина технічно неможливо забезпечити доступ до такої інформації лише заявника | AF4: ні | AH4: ні | AJ4: ні | AL4: ні | AN4: ні | AP4: Так | AQ4: https://www.oblradack.gov.ua/zvernennia-gromadian | AR4: ні | AT4: ні
A5: R19004 | B5: Q4 | C5: Чи забезпечено надання відповіді на запити на інформацію у встановлені законом терміни (офіційний запит МЦПД)? | D5: так | E5: відповідь отримано вчасно | F5: так | G5: відповідь отримано вчасно | H5: ні | J5: ні | L5: ні | N5: так | O5: відповідь отримано вчасно | P5: так | Q5: відповідь отримано вчасно | R5: так | S5: відповідь отримано вчасно | T5: ні | V5: так | W5: відповідь отримано вчасно | X5: ні | Z5: так | AA5: відповідь отримано вчасно | AB5: ні | AD5: так | AE5: відповідь отримано вчасно | AF5: ні | AH5: так | AI5: відповідь отримано вчасно | AJ5: так | AK5: відповідь отримано вчасно | AL5: ні | AN5: так | AO5: відповідь отримано вчасно | AP5: так | AQ5: відповідь отримано вчасно | AR5: так | AS5: відповідь отримано вчасно | AT5: ні
A6: R19005 | B6: Q5 | C6: Чи забезпечено надання повної інформації у відповіді на запит на інформацію (офіційний запит МЦПД)? | D6: так | E6: отримано повну відповідь | F6: так | G6: отримано повну відповідь | H6: ні | J6: ні | L6: ні | N6: так | O6: отримано повну відповідь | P6: так | Q6: отримано повну відповідь | R6: так | S6: отримано повну відповідь | T6: ні | V6: так | W6: отримано повну відповідь | X6: ні | Z6: так | AA6: отримано повну відповідь | AB6: ні | AD6: так | AE6: отримано повну відповідь | AF6: ні | AH6: так | AI6: отримано повну відповідь | AJ6: так | AK6: отримано повну відповідь | AL6: ні | AN6: так | AO6: отримано повну відповідь | AP6: так | AQ6: отримано повну відповідь | AR6: так | AS6: отримано повну відповідь | AT6: ні
A7: R19006 | B7: Q6 | C7: Чи забезпечено надання відповіді на запити на інформацію у встановлені законом терміни (запит таємного клієнта)? | D7: так | E7: відповідь отримано вчасно | F7: так | G7: відповідь отримано вчасно | H7: ні | J7: ні | L7: ні | N7: так | O7: відповідь отримано вчасно | P7: так | Q7: відповідь отримано вчасно | R7: так | S7: відповідь отримано вчасно | T7: ні | V7: так | W7: відповідь отримано вчасно | X7: ні | Z7: так | AA7: відповідь отримано вчасно | AB7: ні | AD7: так | AE7: відповідь отримано вчасно | AF7: ні | AH7: так | AI7: відповідь отримано вчасно | AJ7: так | AK7: відповідь отримано вчасно | AL7: ні | AN7: так | AO7: відповідь отримано вчасно | AP7: так | AQ7: відповідь отримано вчасно | AR7: так | AS7: відповідь отримано вчасно | AT7: ні
A8: R19007 | B8: Q7 | C8: Чи забезпечено надання повної інформації у відповіді на запит на інформацію (запит таємного клієнта)? | D8: так | E8: отримано повну відповідь | F8: так | G8: отримано повну відповідь | H8: ні | J8: так | L8: ні | N8: так | O8: отримано повну відповідь | P8: так | Q8: отримано повну відповідь | R8: так | S8: отримано повну відповідь | T8: ні | V8: ні | X8: ні | Z8: так | AA8: отримано повну відповідь | AB8: ні | AD8: так | AE8: отримано повну відповідь | AF8: ні | AH8: так | AI8: отримано повну відповідь | AJ8: ні | AL8: ні | AN8: так | AO8: отримано повну відповідь | AP8: так | AQ8: отримано повну відповідь | AR8: ні | AT8: ні
A9: R19008 | B9: Q8 | C9: Чи опубліковано на веб-сайті обласної ради інформацію про голову обласної ради, депутатів обласної ради (резюме чи біографічні дані та контактні дані, час та місце проведення прийому громадян)? | D9: так | E9: https://vinrada.gov.ua/golova_ta_zastupniki_golovi_oblasnoi_radi.htm ; https://vinrada.gov.ua/rada_spisok_deputativ.htm | F9: так | G9: http://volynrada.gov.ua/leadership; http://volynrada.gov.ua/deputies_council | H9: так | I9: На прикладі міського голови – є і графік прийому, і коротка біографія і тп. https://oblrada.dp.gov.ua/oblasna-rada/kerivnitstvo/пригунов-гліб-олександрович/ | J9: так | K9: https://zt.gov.ua/index.php/oblasna-rada/struktura-ta-personi/kerivnitstvo/133-gor.html | L9: так | M9: https://zakarpat-rada.gov.ua/oblasna-rada/kerivnytstvo-rady/holova-rady/ | N9: так | O9: http://zor.gov.ua/management; http://zor.gov.ua/deputat/all; http://zor.gov.ua/content/grafik-pryyomu-deputativ | P9: так | Q9: http://www.orada.if.ua/deputies/сич-олександер-максимович/; http://www.orada.if.ua/обласна-рада/депутати/ | R9: так | S9: https://kor.gov.ua/sklad_rady/kerivnytstvo.html https://kor.gov.ua/sklad_rady/fraktsii_ta_ deputatskyi_korpus/deputatskyi_korpus.html | T9: так | U9: https://oblrada.kr.ua/golova-oblasnoi-radi | V9: так | W9: https://mail.lvivoblrada.gov.ua/the-structure/deputati https://mail.lvivoblrada.gov.ua/the-structure/kerivnictvo-lvivskoji-oblasnoji-radi | X9: так | Y9: https://www.mk-oblrada.gov.ua/deputatskyy-korpus | Z9: так | AA9: http://oblrada.odessa.gov.ua/zvernennya-gromadyan/grafik-osobystogo-pryjomu/ | AB9: так | AC9: http://oblrada-pl.gov.ua/index.php?option=com_content&view=article&id=46&Itemid=34 | AD9: так | AE9: http://oblrada.rv.ua/sklad_struktura/kerivnictvo.php - інформація про керівництво облради; http://oblrada.rv.ua/sklad_struktura/priom.php?SECTION_ID=48&ELEMENT_ID=1909 - графік прийому громадян керівництвом облради; http://oblrada.rv.ua/sklad_struktura/deputat.php - інформація про депутатів облради; http://oblrada.rv.ua/sklad_struktura/priom.php?SECTION_ID=48&ELEMENT_ID=1913 - графік прийому громадян депутатами облради | AF9: так | AG9: https://sorada.gov.ua/pro-oblasnu-radu/kerivnytstvo-oblasnoji-rady.html | AH9: так | AI9: http://te-rada.org/info/?id=2; http://te-rada.org/user/#&type=3 | AJ9: так | AK9: http://www.oblrada.kharkov.ua/ua/deputies | AL9: так | AM9: http://khor.gov.ua/storinka-golovy-hersonskoyi-oblasnoyi-rady/ | AN9: так | AO9: http://km-oblrada.gov.ua/management-regional-council/ | AP9: Так | AQ9: інформація про депутатів : https://www.oblradack.gov.ua/deputati-oblasnoi-radi-vii-sklikannya | AR9: так | AS9: http://oblrada.cv.ua/structure/ http://oblrada.cv.ua/activity/admission_shedule/ | AT9: Так | AU9: https://chor.gov.ua/2012-07-25-11-44-50; https://chor.gov.ua/oblasna-rada/deputati.
A10: R19009 | B10: Q9 | C10: Чи опубліковано на веб-сайті обласної ради інформацію про перелік, поіменний склад та контактні дані постійних комісій ради? | D10: так | E10: https://vinrada.gov.ua/spisok_deputativ_po_komisiyah.htm | F10: так | G10: http://volynrada.gov.ua/standing_committees | H10: так | I10: https://oblrada.dp.gov.ua/category/komissions/ | J10: так | K10: https://zt.gov.ua/index.php/oblasna-rada/struktura-ta-personi/postijni-komisiji.html | L10: так | M10: https://zakarpat-rada.gov.ua/oblasna-rada/postijni-komisiji/ | N10: так | O10: http://zor.gov.ua/postiyni_komisii | P10: так | Q10: http://www.orada.if.ua/депутатський-склад-за-комісіями/ | R10: так | S10: https://kor.gov.ua/sklad_rady/komisii.html | T10: так | U10: https://oblrada.kr.ua/postijni-komisii-kirovogradskoi-oblasnoi-radi | V10: так | W10: https://mail.lvivoblrada.gov.ua/the-structure/postiini-deputatski-komisiji-1 https://mail.lvivoblrada.gov.ua/the-structure/deputatski-frakciji-ta-grupi-1 | X10: так | Y10: https://www.mk-oblrada.gov.ua/sklad-postiynyh-komisiy | Z10: так | AA10: http://oblrada.odessa.gov.ua/pro-oblasnu-radu/deputatskyj-korpus/postijni-komisiyi/ | AB10: так | AC10: http://oblrada-pl.gov.ua/index.php?option=com_content&view=article&id=3613&Itemid=173 | AD10: так | AE10: інформація про постійні комісії облради - http://oblrada.rv.ua/sklad_struktura/komisii.php | AF10: так | AG10: https://sorada.gov.ua/pro-oblasnu-radu/34-about-sumy-oblast-council/15701-spysok-deputativ-sumskoji-oblasnoji-rady-somogo-sklykannja.html | AH10: так | AI10: http://te-rada.org/user/#&type=4 | AJ10: так | AK10: http://www.oblrada.kharkov.ua/ua/deputies/commission | AL10: так | AM10: http://khor.gov.ua/postijni-komisiyi-oblasnoyi-rady/ | AN10: так | AO10: http://km-oblrada.gov.ua/members-of-the-seventh-convocation/ | AP10: Так | AQ10: https://www.oblradack.gov.ua/sklad-postynyh-komisij | AR10: так | AS10: http://oblrada.cv.ua/structure/commissions/ | AT10: Так | AU10: https://chor.gov.ua/oblasna-rada/postijni-komisiji
A11: R19010 | B11: Q10 | C11: Чи опубліковано на веб-сайті обласної ради інформацію про поіменний склад та контактні дані виконавчого апарату обласної ради? | D11: так | E11: http://www.vinrada.gov.ua/zagalniy_spisok_pracivnikiv.htm | F11: так | G11: http://volynrada.gov.ua/aparat | H11: так | I11: https://oblrada.dp.gov.ua/category/oblasna-rada/vikon-aparat/ | J11: так | K11: https://zt.gov.ua/index.php/oblasna-rada/struktura-ta-personi/vikonavchij-aparat.html | L11: так | M11: https://zakarpat-rada.gov.ua/oblasna-rada/vykonavchyj-aparat/ | N11: так | O11: http://zor.gov.ua/viddili | P11: так | Q11: Пункт меню "Обласна рада - Виконавчий апарат" | R11: так | S11: https://kor.gov.ua/sklad_rady/vykonavchyi _aparat.html | T11: так | U11: https://oblrada.kr.ua/vikonavchij-aparat | V11: так | W11: https://mail.lvivoblrada.gov.ua/the-structure/struktura-aparatu | X11: так | Y11: https://www.mk-oblrada.gov.ua/vykonavchyy-aparat | Z11: так | AA11: http://oblrada.odessa.gov.ua/pro-oblasnu-radu/aparat-oblasnoyi-rady/struktura-aparatu/ | AB11: так | AD11: так | AE11: інформація про працівників вик.апарату облради - http://oblrada.rv.ua/sklad_struktura/vikonavchiy_aparat/ | AF11: так | AG11: https://sorada.gov.ua/pro-oblasnu-radu/34-about-sumy-oblast-council.html | AH11: так | AI11: http://te-rada.org/?id=64 | AJ11: так | AK11: http://www.oblrada.kharkov.ua/ua/board-structure/executive-body | AL11: так | AM11: http://khor.gov.ua/radnyky-golovy-hersonskoyi-oblasnoyi-rady-na-gromadskyh-zasadah/ | AN11: так | AO11: http://km-oblrada.gov.ua/postijni-komisi%D1%97/vii-sklikannya/ | AP11: Так | AQ11: https://www.oblradack.gov.ua/aparat-radi-telefonniy-dovdnik-0 | AR11: так | AS11: http://oblrada.cv.ua/structure/machineries/ | AT11: Так | AU11: https://chor.gov.ua/oblasna-rada/vikonavchiy-aparat/spisok-pratsivnikiv
A12: R19011 | B12: Q11 | C12: Чи публікується на веб-сайті обласної ради повідомлення про майбутні сесії обласної ради принаймні за 10 днів до початку сесії в зручному для користувача доступі (наприклад в окремому розділі)? | D12: так | E12: http://www.vinrada.gov.ua/grafik-provedennya-zasidan-postijnih-komisij.htm | F12: так | G12: http://volynrada.gov.ua/actualna-informacia/24-zhovtnya-chergova-sesiya-oblasnoyi-radi, а також інформація дублюється в стрічці новин | H12: ні | J12: так | K12: На головній сторінці у розділі "Підготовка до чергової сесії обласної ради" http://zt.gov.ua/ | L12: так | M12: https://zakarpat-rada.gov.ua/category/rozporyadzhennya/ | N12: так | O12: http://zor.gov.ua Розділ на головній сторінці веб-сайту "АНОНСИ ПОДІЙ ТА ПУБЛІКАЦІЇ" | P12: так | Q12: http://orada.if.ua/news/ | R12: так | S12: https://kor.gov.ua/pres-tsentr/podii.html | T12: так | U12: В розділі "Анонси", "Важливо" http://www.oblrada.kirovograd.ua/ | V12: так | W12: https://mail.lvivoblrada.gov.ua/plenary-sessions/poryadok-dennii-1 https://mail.lvivoblrada.gov.ua/news/u-vivtorok-29-zhovtnya-vidbudetsya-ii-plenarne-zasidannya-hh-chergovoji-sesiji-oblasnoji-radi | X12: так | Y12: Розпорядження голови обласної ради про скликання сесії оприлюднюється на головній сторінці офіційного веб-сайту обласної ради http://mk-oblrada.gov.ua/ | Z12: так | AA12: http://oblrada.odessa.gov.uadokumenty/rozporyadzhennya/ | AB12: так | AC12: http://oblrada-pl.gov.ua/index.php?option=com_content&view=article&id=10469&Itemid=37 | AD12: так | AE12: регулярно у розділі "Анонси подій" - http://www.oblrada.rv.ua/ | AF12: так | AG12: https://sorada.gov.ua/novyny-mistsevyh-rad/37-plan-zahodiv.html | AH12: так | AI12: http://te-rada.org/list/?t=4&s=rada | AJ12: так | AK12: http://www.oblrada.kharkov.ua/ua/press-center/anonsy/anonsy-all/22800-plan-osnovnikh-zakhodiv-kharkivskoji-oblasnoji-radi-ta-jiji-vikonavchogo-aparatu-z-28-zhovtnya-po-03-listopada-2019-roku | AL12: так | AM12: Календар основних заходів Херсонської обласної ради https://drive.google.com/ | AN12: так | AO12: http://km-oblrada.gov.ua/wp-content/uploads/2019/10/Rozpor-pro-sklik-29-sesii.pdf | AP12: Так | AQ12: «Анонси»: https://www.oblradack.gov.ua/ https://www.oblradack.gov.ua/rozporyadzhennya-pro-sklikannya-sesy-oblasnoyi-radi «Розпорядження про скликання сесій обласної ради»: https://www.oblradack.gov.ua/rozporyadzhennya-pro-sklikannya-sesy-oblasnoyi-radi | AR12: так | AS12: http://oblrada.cv.ua/news/ | AT12: Так | AU12: https://chor.gov.ua/nasha-diyalnist/anonsi/item/8148-uvaha-sklykaietsia-visimnadtsiata-sesiia-oblasnoi-rady-somoho-skl ; https://chor.gov.ua/nasha-diyalnist/anonsi/item/8525-uvaha-sklykaietsia-visimnadtsiata-sesiia-oblasnoi-rady-somoho-s
A13: R19012 | B13: Q12 | C13: Чи публікуються на веб-сайті обласної ради підготовчі матеріали до всіх відкритих засідань (включаючи порядок денний, проекти документів до затвердження), принаймні за два дні до засідання? | D13: так | E13: http://www.vinrada.gov.ua/proekti_rishen.htm | F13: так | G13: http://volynrada.gov.ua/projects | H13: ні | J13: ні | L13: так | M13: https://zakarpat-rada.gov.ua/category/proekty-rishennya/ | N13: так | O13: http://zor.gov.ua/content/proekty-rishen-do-rozglyadu-na-sesiyi ; http://zor.gov.ua/content/arhiv-proektiv-rishen | P13: так | Q13: http://www.orada.if.ua/проєкти-рішень/ | R13: так | S13: https://kor.gov.ua/robota_rady/proekty_rishen.html | T13: ні | V13: так | W13: https://www.lvivoblrada.gov.ua/plenary-sessions/poryadok-dennii-1 https://www.lvivoblrada.gov.ua/plenary-sessions/proekti-rishen/proekti-rishen-pidgotovlenni-dlya-rozglyadu https://www.lvivoblrada.gov.ua/plenary-sessions/proekti-rishen-iniciativa/iniciativa-deputata-grupi-deputativ https://www.lvivoblrada.gov.ua/plenary-sessions/proekti-rishen-iniciativa/iniciativa-vikonavchih-organiv-vladi https://www.lvivoblrada.gov.ua/plenary-sessions/proekti-rishen-iniciativa/iniciativa-pidrozdiliv-oblasnoji-radi | X13: ні | Z13: так | AA13: http://oblrada.odessa.gov.ua/dokumenty/proekty-rishen-2/ | AB13: так | AC13: http://oblrada-pl.gov.ua/index.php?option=com_content&view=article&id=10469&Itemid=37 | AD13: так | AE13: проекти рішень облради, подані на розгляд чергової сесії облради - http://oblrada.rv.ua/documents/proekty_rishen_oblasnoyi_rady/ | AF13: ні | AH13: так | AI13: Згідно тестового проекту порталу | AJ13: так | AK13: http://www.ts.lica.com.ua/?type=0&base=77&menu=377376&id=2538 | AL13: так | AM13: http://khor.gov.ua/proekty-rishen/ | AN13: так | AO13: http://km-oblrada.gov.ua/proekti-rishen/ | AP13: Так | AQ13: Порядки денні засідань постійних комісій обласної ради (проекти): https://www.oblradack.gov.ua/poryadki-denn-zasdan-postynih-komsy-proekt | AR13: ні | AT13: Так | AU13: https://chor.gov.ua/normativni-dokumenti/proekti-regulyatornih-aktiv-ta-rishen
A14: R19013 | B14: Q13 | C14: Чи публікує обласна рада на своєму сайті матеріали засідань обласної ради: протоколи засідань, результати поіменного голосування? | D14: так | E14: http://www.vinrada.gov.ua/protokoli-ta-visnovki-21.htm | F14: так | G14: http://volynrada.gov.ua/session http://volynrada.gov.ua/protocoltext http://volynrada.gov.ua/golos http://volynrada.gov.ua/all-solutions?calling=6&committees=All Крім цього, результати голосування розміщуються під кожним рішенням обласної ради. | H14: так | I14: https://oblrada.dp.gov.ua/plenarn%d1%96-zas%d1%96dannja/protokoli-ses%d1%96j/ | J14: так | K14: https://zt.gov.ua/index.php/27-%D1%81%D0%B5%D1%81%D1%96%D1%8F-08-10-2019/%D0%BF%D1%80%D0%BE%D1%82%D0%BE%D0%BA%D0%BE%D0%BB-%D1%81%D0%B5%D1%81%D1%96%D1%97.html | L14: так | M14: https://zakarpat-rada.gov.ua/normatyvni-dokumenty/rishennya-rady/vii-sklykannya/16-sesiya-26-09-2019/ | N14: так | O14: http://zor.gov.ua/content/trydcyat-druga-sesiya-somogo-sklykannya | P14: так | Q14: http://www.orada.if.ua/протоколи-сесій/, http://www.orada.if.ua/результати-поіменних голосувань/ | R14: так | S14: https://kor.gov.ua/robota_rady/rezultaty _holosuvannia.html | T14: так | U14: https://oblrada.kr.ua/protokoli-plenarnih-zasidan | V14: так | W14: https://mail.lvivoblrada.gov.ua/plenary-sessions/rezultati-golosuvannya https://mail.lvivoblrada.gov.ua/plenary-sessions/protokoli-sesii | X14: так | Y14: https://www.mk-oblrada.gov.ua/protokoly-plenarnyh-zasidan | Z14: так | AA14: http://oblrada.odessa.gov.ua/dokumenty/protokoly/; http://oblrada.odessa.gov.ua/dokumenty/rezultaty-golosuvannya/ | AB14: так | AC14: http://oblrada-pl.gov.ua/index.php?option=com_content&view=category&id=86&Itemid=201 | AD14: так | AE14: протоколи засідань - http://oblrada.rv.ua/documents/protokoly_zasidan_rady/index.php?SECTION_ID=170&PAGEN_1=2 ; результати поіменного голосування - http://oblrada.rv.ua/documents/rezultati_poimennogo_golosuvannya/ | AF14: так | AG14: https://sorada.gov.ua/dokumenty-oblrady.html | AH14: так | AI14: Згідно тестового проекту порталу | AJ14: так | AK14: http://www.ts.lica.com.ua/?type=0&base=77&menu=373666&id=1489 | AL14: так | AM14: http://khor.gov.ua/rezultaty-rozglyadu-pytan-poryadku-dennogo-hersonskoyi-oblasnoyi-rady-vii-sklykannya/ | AN14: так | AO14: http://km-oblrada.gov.ua/vii-sklikannya/ | AP14: Так | AQ14: Протоколи засідань постійних комісій обласної ради: https://www.oblradack.gov.ua/protokoli-zasdan-postynih-komsy | AR14: так | AS14: http://oblrada.cv.ua/document/list/section/99/ | AT14: Так | AU14: https://chor.gov.ua/normativni-dokumenti/protokoli-sesij/itemlist/category/234-7-sklikannya ; https://chor.gov.ua/normativni-dokumenti/rishennya/item/8284-rezultaty-poimennoho-holosuvannia ; https://chor.gov.ua/normativni-dokumenti/rishennya/item/8605-rezultaty-poimennoho-holosuvannia
A15: R19014 | B15: Q14 | C15: Чи публікує обласна рада на своєму сайті аудіо/відеозапис засідань обласної ради? | D15: так | E15: http://www.vinrada.gov.ua/audio-ta-videozapis-10.htm | F15: так | G15: Аудіо: http://volynrada.gov.ua/protocol Відео: http://volynrada.gov.ua/all_video https://www.youtube.com/channel/UCzXdX9qa3ZqSSILGMlwezQA | H15: так | I15: https://oblrada.dp.gov.ua/videogallery/ http://212.3.96.115/protocol https://oblrada.dp.gov.ua/plenarnі-zasіdannja/rezultati-poіmennogo-golosuvannja/ | J15: так | K15: https://zt.gov.ua/index.php/27-%D1%81%D0%B5%D1%81%D1%96%D1%8F-08-10-2019/%D0%B5%D0%BB%D0%B5%D0%BA%D1%82%D1%80%D0%BE%D0%BD%D0%BD%D0%B8%D0%B9-%D0%BF%D1%80%D0%BE%D1%82%D0%BE%D0%BA%D0%BE%D0%BB-%D0%BF%D0%BE%D1%96%D0%BC%D0%B5%D0%BD%D0%BD%D0%BE%D0%B3%D0%BE-%D0%B3%D0%BE%D0%BB%D0%BE%D1%81%D1%83%D0%B2%D0%B0%D0%BD%D0%BD%D1%8F.html https://zt.gov.ua/index.php/27-%D1%81%D0%B5%D1%81%D1%96%D1%8F-08-10-2019/%D0%BF%D1%80%D0%BE%D1%82%D0%BE%D0%BA%D0%BE%D0%BB-%D1%81%D0%B5%D1%81%D1%96%D1%97.html | L15: ні | N15: так | O15: http://zor.gov.ua/content/videotranslyaciya-32-yi-chergovoyi-sesiyi-zaporizkoyi-oblasnoyi-rady | P15: ні | R15: ні | T15: так | U15: https://oblrada.kr.ua/sesijna-diyalnist | V15: так | W15: http://archieve.oblrada.lviv.ua/index.php?option=com_content&view=article&id=159&Itemid=91 | X15: так | Y15: https://www.mk-oblrada.gov.ua/pishennya-oblasnoi-rady?group_id=187 | Z15: так | AA15: http://oblrada.odessa.gov.ua/dokumenty/stenogramy/ | AB15: ні | AD15: так | AE15: відеозаписи засідань обласної ради приєднані до протоколу - http://oblrada.rv.ua/documents/protokoly_zasidan_rady/index.php?SECTION_ID=170&PAGEN_1=2 | AF15: так | AG15: https://sorada.gov.ua/dokumenty-oblrady/5-sklykannja.html https://sorada.gov.ua/dokumenty-oblrady/6-sklykannja.html https://sorada.gov.ua/dokumenty-oblrady/7-sklykannja.html | AH15: так | AI15: http://te-rada.org/meeting/ | AJ15: часково | AK15: Частково (стенограма не публікується) http://www.ts.lica.com.ua/?type=0&base=77&menu=377252&id=2522; http://www.oblrada.kharkov.ua/ua/press-center/video/332-plenarni-zasidannia-kharkivskoi-oblasnoi-rady | AL15: так | AM15: http://khor.gov.ua/rezultaty-rozglyadu-pytan-poryadku-dennogo-hersonskoyi-oblasnoyi-rady-vii-sklykannya/ | AN15: так | AO15: http://km-oblrada.gov.ua/videotranslyaciya-zasidan-sesij-oblasnoi-radi/ | AP15: Ні | AR15: так | AS15: http://oblrada.cv.ua/video/ http://oblrada.cv.ua/photoreports/ | AT15: ні
A16: R19015 | B16: Q15 | C16: Чи публікує обласна рада на своєму сайті матеріали засідань постійних комісій обласної ради (в тому числі аудіо/відеозапис засідання, протоколи засідань, результати поіменного голосування)? | D16: частково | E16: аудіо/відеозапис засідання не опубліковується http://www.vinrada.gov.ua/protokoli-ta-visnovki-21.htm | F16: так | G16: Відео: http://volynrada.gov.ua/all_video https://www.youtube.com/channel/UCzXdX9qa3ZqSSILGMlwezQA На сторінці кожної постійної комісії розміщені рішення та протоколи. Приклад: http://volynrada.gov.ua/standing_committees/postiina-komisiya-z-pitan-osviti-nauki-informatsiinogo-prostoru-kulturi-ta-movi-0 | H16: так | I16: https://oblrada.dp.gov.ua/category/komissions/komis-soc-econom/ | J16: так | K16: https://zt.gov.ua/index.php/oblasna-rada/struktura-ta-personi/postijni-komisiji/185-postijna-komisiya-z-pitan-byudzhetu-i-komunalnoji-vlasnosti.html https://zt.gov.ua/index.php/oblasna-rada/struktura-ta-personi/postijni-komisiji.html | L16: так | M16: https://zakarpat-rada.gov.ua/normatyvni-dokumenty/publichna-informatsija/dostup-do-publichnoji-informatsiji/protokoly-zasidan/protokoly-komisij/ | N16: так | O16: http://zor.gov.ua/content/protokoly-postiynyh-komisiy-7-sklykannya ; http://zor.gov.ua/node/1520/ | P16: так | Q16: http://www.orada.if.ua/протоколи-засідань-постійних-комісі/ | R16: так | S16: https://kor.gov.ua/robota_rady/zasidannia_komisii.html | T16: так | U16: https://oblrada.kr.ua/videozapisi-zasidan | V16: так | W16: https://mail.lvivoblrada.gov.ua/activity/postiini-komisiji-oblasnoji-radi/protokoli-postiinih-komisii | X16: так | Y16: https://www.mk-oblrada.gov.ua/dokumenty-postiynyh-komisiy | Z16: так | AA16: http://oblrada.odessa.gov.ua/pro-oblasnu-radu/deputatskyj-korpus/postijni-komisiyi/ | AB16: так | AC16: http://oblrada-pl.gov.ua/index.php?option=com_content&view=category&id=88:vii-sklikannja&Itemid=130&layout=default | AD16: так | AE16: протоколи засідань, рекомендації постійних комісій та відеозапии засідань для прикладу - http://oblrada.rv.ua/documents/rekomendats/index.php?SECTION_ID=100 | AF16: так | AG16: https://sorada.gov.ua/dokumenty-oblrady/protokoly/protocols-commissions.html | AH16: так | AI16: http://te-rada.org/document/ | AJ16: частково | AK16: Частково (стенограма, аудіо/відеозапис засідання не публікується) http://www.oblrada.kharkov.ua/ua/public-information/protocols-of-standing-committees | AL16: так | AM16: http://khor.gov.ua/protokoly-zasidan-postijnyh-komisij-hersonskoyi-oblasnoyi-rady-vii-sklykannya-ta-vysnovky-i-rekomendatsiyi/ | AN16: так | AO16: http://km-oblrada.gov.ua/postijni-komisi%d1%97/vii-sklikannya/protokoli-postijnix-komisij/ | AP16: Так | AQ16: Протоколи засідань постійних комісій обласної ради: https://www.oblradack.gov.ua/protokoli-zasdan-postynih-komsy | AR16: так | AS16: http://oblrada.cv.ua/photoreports/ | AT16: Так | AU16: https://chor.gov.ua/protokoli-ta-rekomendatsiji-postijnikh-komisij
A17: R19016 | B17: Q16 | C17: Чи публікується на веб-сайті обласної ради рішення ради? | D17: так | E17: http://www.vinrada.gov.ua/rishennya-5.htm | F17: так | G17: http://volynrada.gov.ua/session | H17: так | I17: https://oblrada.dp.gov.ua/category/news/ https://oblrada.dp.gov.ua/category/documents/проекти-рішень/proeki-rishen/ | J17: ні | L17: так | M17: https://zakarpat-rada.gov.ua/normatyvni-dokumenty/rishennya-rady/ | N17: так | O17: http://zor.gov.ua/sessii_ta_rishenya_radi | P17: так | Q17: http://www.orada.if.ua/рішення-обласної-ради/ | R17: так | S17: https://kor.gov.ua/robota_rady/rishennia.html | T17: ні | V17: так | W17: http://www.oblrada.lviv.ua/%D1%80%D1%96%D1%88%D0%B5%D0%BD%D0%BD%D1%8F_vii_%D1%81%D0%BA%D0%BB%D0%B8%D0%BA%D0%B0%D0%BD%D0%BD%D1%8F_428categ.html | X17: ні | Z17: так | AA17: http://oblrada.odessa.gov.ua/dokumenty/rishennya/ | AB17: так | AC17: http://oblrada-pl.gov.ua/index.php?option=com_content&view=article&id=11457:rozpochalosja-druge-plenarne-zasidannja-dvadtsjat-somoyi-sesiyi-oblasnoyi-radi&catid=1:latest-news&Itemid=50 | AD17: так | AE17: рішення опубліковані починаючи з V скликання (2005р) з можливістю пошуку необхідного рішення http://oblrada.rv.ua/documents/rekomendats/index.php?SECTION_ID=100 | AF17: ні | AH17: так | AI17: http://te-rada.org/document/ | AJ17: ні | AL17: так | AM17: http://khor.gov.ua/rishennia-sesij-khersonskoi-oblasnoi-rady/ | AN17: так | AO17: http://km-oblrada.gov.ua/rishennya-sesiy/ | AP17: Так | AQ17: Розділ «Документи», рубрика «Рішення сесій обласної ради» https://www.oblradack.gov.ua/ostanni-rishennya-sesyi | AR17: ні | AT17: Так | AU17: https://chor.gov.ua/normativni-dokumenti/rishennya/itemlist/category/231-7-sklikannya
A18: R19017 | B18: Q17 | C18: Чи публікується на веб-сайті звіти голови обласної ради про його роботу (не рідше 1 разу на рік)? | D18: так | E18: http://www.vinrada.gov.ua/dodatok-do-proektu-rishennya-pro-zvit-golovi-oblasnoi-radi-olijnika-ad-video.htm | F18: так | G18: http://volynrada.gov.ua/session/23/2-1 http://volynrada.gov.ua/session/19/2-0 http://volynrada.gov.ua/session/10/3-0 | H18: ні | I18: Останній звіт 2017го року - https://oblrada.dp.gov.ua/oblasna-rada/kerivnitstvo/пригунов-гліб-олександрович/ | J18: так | K18: https://zt.gov.ua/index.php/news/13553-%D0%B2%D0%BE%D0%BB%D0%BE%D0%B4%D0%B8%D0%BC%D0%B8%D1%80-%D1%88%D0%B8%D1%80%D0%BC%D0%B0-%D0%B2%D1%96%D0%B4%D0%B7%D0%B2%D1%96%D1%82%D1%83%D0%B2%D0%B0%D0%B2-%D0%B7%D0%B0-%D0%B2%D0%B8%D0%BA%D0%BE%D0%BD%D0%B0%D0%BD%D1%83-%D1%80%D0%BE%D0%B1%D0%BE%D1%82%D1%83-%D1%83-2018-%D1%80%D0%BE%D1%86%D1%96.html | L18: так | M18: https://zakarpat-rada.gov.ua/normatyvni-dokumenty/rishennya-rady/vii-sklykannya/13-sesiya-13-12-2018/ | N18: так | O18: http://zor.gov.ua/sites/default/files/rishennya/07_22_28.zip | P18: так | Q18: http://www.orada.if.ua/обласна-рада/звіти-голови/ | R18: так | S18: https://kor.gov.ua/pres-tsentr/novyny.html | T18: так | U18: https://oblrada.kr.ua/uploads/tiny/documents/rizne/Zvit_golovu_za_2018.pdf | V18: так | W18: https://mail.lvivoblrada.gov.ua/activity/deputatska-diyalnist/zvit-deputata-pro-provedenu-robotu | X18: так | Y18: https://www.mk-oblrada.gov.ua/search-result.php | Z18: так | AA18: http://oblrada.odessa.gov.ua/pro-oblasnu-radu/deputatskyj-korpus/zvity/ | AB18: так | AC18: http://oblrada-pl.gov.ua/index.php?option=com_content&view=article&id=10687&Itemid=226 | AD18: так | AE18: звіт голови облради http://oblrada.rv.ua/sklad_struktura/kerivnictvo.php?SECTION_ID=27&ELEMENT_ID=15961, а також опубліковані відповідні рішення у підрозділі "Рішення" сайту. Опубліковано лише один звіт голови, адже це вже четвертий голова упродовж скликання, тому попередні звіти стосуються інших голів облради, повноваження яких були припинені | AF18: так | AG18: https://docs.google.com/viewer?url=https://sorada.gov.ua/dokumenty-oblrady/7-sklykannja/category/170-19-session-7-skl.html?download=6549%3A19-session-267-skl | AH18: так | AI18: Згідно тестового проекту порталу | AJ18: так | AK18: http://www.oblrada.kharkov.ua/ua/board-structure/direction/602-chernov-serhiy-ivanovych | AL18: ні | AN18: так | AO18: http://km-oblrada.gov.ua/zvit-golovi-oblasnoi-radi-zagorodnog/?hilite=%27%D0%97%D0%B2%D1%96%D1%82%27 | AP18: Так | AQ18: Розділ «Документи», рубрика «Рішення сесій обласної ради» https://www.oblradack.gov.ua/ostanni-rishennya-sesyi | AR18: так | AS18: http://oblrada.cv.ua/document/list/section/29/ | AT18: Так | AU18: https://chor.gov.ua/nasha-diyalnist/publikatsiji/item/6184-detsentralizatsiia-vlady-ta-reformuvannia-orhaniv-mistsevoho-samo ; https://chor.gov.ua/nasha-diyalnist/publikatsiji/item/7940-cherez-strukturne-reformuvannia-ta-detsentralizatsiiu-vlady-do-ek ; https://chor.gov.ua/2012-07-25-11-44-50
A19: R19018 | B19: Q18 | C19: Чи опубліковуються періодично (не рідше 1 разу на рік) на веб-сайті обласної ради звіти про виконання запитів на публічну інформацію? | D19: так | E19: https://vinrada.gov.ua/zviti-za-2019-r.htm | F19: так | G19: http://volynrada.gov.ua/node/26153 | H19: так | I19: https://oblrada.dp.gov.ua/publichna-informatsia/ | J19: так | K19: https://zt.gov.ua/index.php/ofitsijni-dokumenti/dostup-do-publichnoji-informatsiji/2012-09-24-21-09-36.html | L19: ні | N19: так | O19: http://zor.gov.ua/content/dostup-do-publichnoyi-informaciyi | P19: так | Q19: http://www.orada.if.ua/%D0%B7%D0%B2%D1%96%D1%82-%D0%BF%D1%80%D0%BE-%D0%B2%D0%B8%D0%BA%D0%BE%D0%BD%D0%B0%D0%BD%D0%BD%D1%8F%D0%B8%D1%82%D1%96%D0%B2/ | R19: так | S19: https://kor.gov.ua/pres-tsentr/novyny.html | T19: так | U19: https://oblrada.kr.ua/zvit-pro-rozglyad-zapitiv-pro-dostup-do-publichnoi-informatsii | V19: так | W19: https://mail.lvivoblrada.gov.ua/the-public-information/zviti-1 | X19: так | Y19: https://www.mk-oblrada.gov.ua/zvity-pro-robotu-iz-zapytamy-na-informatsiyu | Z19: так | AA19: http://oblrada.odessa.gov.ua/zvernennya-gromadyan/statyctychni-dani/ | AB19: так | AC19: http://oblrada-pl.gov.ua/index.php?option=com_content&view=category&layout=blog&id=96&Itemid=217 | AD19: так | AE19: щокварталу публікуються звіти щодо надходження та виконання запитів http://oblrada.rv.ua/documents/public_information.php | AF19: ні | AH19: так | AI19: http://te-rada.org/list/?t=25&s=rada | AJ19: ні | AL19: ні | AN19: так | AO19: http://km-oblrada.gov.ua/zviti-shhodo-zadovolennya-zapitiv-na-inf/ | AP19: Так | AQ19: https://www.oblradack.gov.ua/rozdl-zvti | AR19: так | AS19: http://oblrada.cv.ua/document/pub_info/ | AT19: Так | AU19: https://chor.gov.ua/zv-yazki-z-gromadskistyu/item/113-zviti
A20: R19019 | B20: Q19 | C20: Чи опубліковано на веб-сайті обласної ради інформацію про затвердженні програми соціально-економічного та культурного розвитку, цільові програми, включаючи звіти про їх виконання? | D20: так | E20: http://www.vinrada.gov.ua/perelik_dovgostrokovih_program.htm http://www.vinrada.gov.ua/zvit_pro_vikonannya_zahodiv_oblasnih_program.htm | F20: так | G20: http://volynrada.gov.ua/node/29409 http://volynrada.gov.ua/programs | H20: так | I20: http://212.3.96.115/region-programmes | J20: так | K20: https://zt.gov.ua/index.php/ofitsijni-dokumenti/%D0%BE%D0%B1%D0%BB%D0%B0%D1%81%D0%BD%D1%96-%D0%BF%D1%80%D0%BE%D0%B3%D1%80%D0%B0%D0%BC%D0%B8/%D0%BF%D0%B5%D1%80%D0%B5%D0%BB%D1%96%D0%BA-%D0%BE%D0%B1%D0%BB%D0%B0%D1%81%D0%BD%D0%B8%D1%85-%D0%BF%D1%80%D0%BE%D0%B3%D1%80%D0%B0%D0%BC.html https://zt.gov.ua/index.php/ofitsijni-dokumenti/%D0%BE%D0%B1%D0%BB%D0%B0%D1%81%D0%BD%D1%96-%D0%BF%D1%80%D0%BE%D0%B3%D1%80%D0%B0%D0%BC%D0%B8/%D1%85%D1%96%D0%B4-%D0%B2%D0%B8%D0%BA%D0%BE%D0%BD%D0%B0%D0%BD%D0%BD%D1%8F-%D0%BE%D0%B1%D0%BB%D0%B0%D1%81%D0%BD%D0%B8%D1%85-%D0%BF%D1%80%D0%BE%D0%B3%D1%80%D0%B0%D0%BC.html | L20: так | M20: https://zakarpat-rada.gov.ua/normatyvni-dokumenty/rishennya-rady/ | N20: так | O20: http://zor.gov.ua/content/perelik-naboriv-danyh-shcho-pidlyagayut-oprylyudnennyu-u-formi-vidkrytyh-danyh | P20: так | Q20: http://www.orada.if.ua/wp-content/uploads/2019/04/perelik_program_2019.pdf | R20: так | S20: https://kor.gov.ua/pres-tsentr/novyny.html | T20: так | U20: https://oblrada.kr.ua/diyuchi-oblasni-programi | V20: так | W20: https://mail.lvivoblrada.gov.ua/oblasni-programi/programi-2019-roku | X20: так | Y20: https://www.mk-oblrada.gov.ua/oblasni-programy | Z20: так | AA20: http://oblrada.odessa.gov.ua/odeska-oblast/strategichni-ta-programni-dokumenty-oblasti/perelik-diyuchyh-regionalnyh-tsilovyh-ta-kompleksnyh-program-odeskoyi-oblasti/ | AB20: так | AC20: http://oblrada-pl.gov.ua/index.php?option=com_content&view=article&id=11398:oleksandr-bilenkij-liderstvo-tse-intuyitivnij-ruh-vpered-z-velikimi-viklikami-do-sebe&catid=1:latest-news&Itemid=50 | AD20: так | AE20: діючі регіональні програми - http://oblrada.rv.ua/documents/oblprogram/oblprogram.php ; звіти про виконання програм - http://oblrada.rv.ua/documents/oblprogram/zvit.php | AF20: так | AG20: https://sorada.gov.ua/dokumenty-oblrady/proekty-rishen/category/68-proekty-rishen.html | AH20: так | AI20: http://te-rada.org/?id=300 | AJ20: ні | AL20: так | AM20: http://khor.gov.ua/vidkryti-dani/ | AN20: так | AO20: http://km-oblrada.gov.ua/programi-regionalnogo-rozvitku/ | AP20: Так | AQ20: У розділі «Обласні програми» https://www.oblradack.gov.ua/oblasn-programi публікуються програми соціально-економічного та культурного розвитку регіону, затверджені обласною радою. Стан виконання обласних програм розглядається на пленарних засіданнях відповідно до плану роботи обласної ради. Інформації публікуються на веб-сайті у розділах: «Матеріали до сесії обласної ради» (https://www.oblradack.gov.ua/materiali-chergovoyi-sesyi-oblasnoyi-radi); «Документи», рубрика «Рішення сесій обласної ради» https://www.oblradack.gov.ua/ostanni-rishennya-sesyi | AR20: так | AS20: http://oblrada.cv.ua/passport/8 | AT20: Так | AU20: https://chor.gov.ua/oblasni-programi/item/6525-chynni-oblasni-prohramy-zizminamy
A21: R19020 | B21: Q20 | C21: Чи опубліковано на сайті обласної ради основну інформацію про область (адміністративно-територіальний устрій, культуру, природу і т.д.)? | D21: так | E21: https://vinrada.gov.ua/pasport_oblasti.htm | F21: так | G21: http://volynrada.gov.ua/general-information | H21: так | I21: https://oblrada.dp.gov.ua/region/passport-oblasti/ | J21: так | K21: http://zt.gov.ua/index.php/zhitomirshchina/pro-nash-kraj/vizitivka-oblasti.html | L21: так | M21: https://zakarpat-rada.gov.ua/zakarpattya/ | N21: так | O21: http://zor.gov.ua/zap-krai | P21: ні | R21: так | S21: https://kor.gov.ua/kyivska_oblast/pro_oblast.html | T21: так | U21: https://oblrada.kr.ua/administrativno-teritorialnij-ustrij | V21: так | W21: http://www.oblrada.lviv.ua/%D0%BF%D0%B0%D1%81%D0%BF%D0%BE%D1%80%D1%82_%D0%BB%D1%8C%D0%B2%D1%96%D0%B2%D1%81%D1%8C%D0%BA%D0%BE%D1%97_%D0%BE%D0%B1%D0%BB%D0%B0%D1%81%D1%82%D1%96_394cms.htm | X21: так | Y21: https://www.mk-oblrada.gov.ua/pro-oblast | Z21: так | AA21: http://oblrada.odessa.gov.ua/odeska-oblast/pasport-oblasti/; http://oblrada.odessa.gov.ua/odeska-oblast/administratyvno-terytorialnij-ustrij/ | AB21: так | AC21: http://oblrada-pl.gov.ua/index.php?option=com_content&view=category&id=43&Itemid=79 | AD21: так | AE21: паспорт області, в тому числі коротка довідка на англ.мові - http://oblrada.rv.ua/mistseve_samovryaduvannya/pasport_oblasti/ ; адміністративно-територіальний устрій - http://oblrada.rv.ua/mistseve_samovryaduvannya/admin_ustrij.php | AF21: так | AG21: https://sorada.gov.ua/pro-sumsku-oblast.html | AH21: так | AI21: http://te-rada.org/?id=45 | AJ21: так | AK21: http://www.oblrada.kharkov.ua/ua/kharkiv-region | AL21: ні | AM21: uk.wikipedia.org/wiki/Херсонська_область | AN21: так | AO21: http://km-oblrada.gov.ua/xmelnicka-oblast/ | AP21: Так | AQ21: Географічне положення: https://www.oblradack.gov.ua/geografichne-pologennja Історія: https://www.oblradack.gov.ua/istoria Символіка: https://www.oblradack.gov.ua/symvolika Населення: https://www.oblradack.gov.ua/naselennja Адміністративно-територіальний устрій : https://www.oblradack.gov.ua/administratyvno-teretorialnij-ustrij Історичні та культурні об’єкти: https://www.oblradack.gov.ua/istorychni-ta-kulturni-obekty | AR21: так | AS21: http://oblrada.cv.ua/passport/ | AT21: Так | AU21: https://chor.gov.ua/nash-kray/administrativno-teritorialniy-ustriy ; https://chor.gov.ua/nash-kray/istoriya ; https://chor.gov.ua/nash-kray/vidatni-osobistosti
A22: R19021 | B22: Q21 | C22: Чи опубліковано на веб-сайті обласної ради в зручному для користувача вигляді порядок доступу громадян до засідань обласної ради (наприклад в окремому розділі)? | D22: так | E22: https://vinrada.gov.ua/poryadok-dostupu-do-sesijnoi-zali.htm | F22: так | G22: http://volynrada.gov.ua/node/44694 | H22: так | I22: https://oblrada.dp.gov.ua/oficiyni-documenti/reglament/ | J22: так | K22: https://zt.gov.ua/index.php/news/13546-%D1%80%D0%BE%D0%B7%E2%80%99%D1%8F%D1%81%D0%BD%D0%B5%D0%BD%D0%BD%D1%8F-%D1%89%D0%BE%D0%B4%D0%BE-%D0%BF%D1%80%D0%B8%D1%81%D1%83%D1%82%D0%BD%D0%BE%D1%81%D1%82%D1%96-%D0%BF%D1%80%D0%B5%D0%B4%D1%81%D1%82%D0%B0%D0%B2%D0%BD%D0%B8%D0%BA%D1%96%D0%B2-%D0%B3%D1%80%D0%BE%D0%BC%D0%B0%D0%B4%D1%81%D1%8C%D0%BA%D0%BE%D1%81%D1%82%D1%96-%D0%BD%D0%B0-%D1%81%D0%B5%D1%81%D1%96%D1%8F%D1%85-%D0%BE%D0%B1%D0%BB%D0%B0%D1%81%D0%BD%D0%BE%D1%97-%D1%80%D0%B0%D0%B4%D0%B8.html | L22: так | M22: https://zakarpat-rada.gov.ua/category/rozporyadzhennya/page/3/ | N22: ні | P22: так | R22: так | S22: https://kor.gov.ua/pres-tsentr/akredytatsiia _predstavnykiv_zmi.html | T22: ні | V22: ні | X22: ні | Z22: так | AA22: http://oblrada.odessa.gov.ua/wp-content/uploads/Pravyla-propusknogo-rezhymu-2017-.pdf | AB22: ні | AD22: так | AE22: http://www.oblrada.rv.ua/documents/dostup_gromadyan.php та http://oblrada.rv.ua/sklad_struktura/komisii.php | AF22: так | AG22: https://sorada.gov.ua/pro-oblasnu-radu/reglament-roboty-oblasnoji-rady.html | AH22: так | AI22: Згідно тестового проекту порталу | AJ22: так | AK22: (Ст. 4) http://www.oblrada.kharkov.ua/ua/about-rada/regulations | AL22: так | AM22: http://khor.gov.ua/zapyt-na-uchast-u-plenarnomu-zasidanni/ | AN22: так | AO22: http://km-oblrada.gov.ua/dostup-do-publichnoi-informacii/ | AP22: Так | AQ22: Стаття 10 регламенту Черкаської обласної ради VII скликання: https://www.oblradack.gov.ua/reglament-oblasnoyi-radi | AR22: ні | AT22: Так | AU22: https://chor.gov.ua/normativni-dokumenti/reglament; https://chor.gov.ua/nasha-diyalnist/anonsi/item/7582-nahaduiemo-pro-poriadok-dostupu-osib-do-plenarnykh-zasidan-cherni
A23: R19022 | B23: Q22 | C23: Чи створено на веб-сайті обласної ради інструмент, який дозволяє громадськості подавати, підписувати і відстежувати електронні петиції до обласної ради? | D23: так | E23: https://vinrada.gov.ua/elektronni-peticii.htm | F23: так | G23: https://e-dem.in.ua/volyn-or | H23: так | I23: https://oblrada.dp.gov.ua/electronni-petisii/ | J23: так | K23: https://e-dem.in.ua/zhytomyr-or | L23: ні | N23: так | O23: http://petition.zor.gov.ua | P23: так | Q23: https://e-dem.in.ua/ivano-frankivsk-or | R23: так | S23: https://petition.kor.gov.ua/ | T23: так | U23: https://oblrada.kr.ua/elektronna-petitsiya | V23: так | W23: https://e-dem.in.ua/lviv-or | X23: так | Y23: https://e-dem.in.ua/mykolayiv-or | Z23: ні | AB23: ні | AD23: так | AE23: http://oblrada.rv.ua/petition/ | AF23: так | AG23: http://online.sorada.gov.ua/Account/LogOn?returnUrl=http%3A%2F%2Fonline.sorada.gov.ua%3A9006%2FRada%2FAccountUser%2FIndex | AH23: так | AI23: http://petition.te-rada.org/petition | AJ23: так | AK23: http://www.oblrada.kharkov.ua/petitions/ | AL23: так | AM23: http://petition.khor.gov.ua/ | AN23: так | AO23: http://km-oblrada.gov.ua/petici%d1%97/ | AP23: Так | AQ23: https://pt.oblradack.gov.ua/ | AR23: ні | AT23: Так | AU23: https://e-dem.in.ua/chernihiv-or/
A24: R19023 | B24: Q23 | C24: Чи опубліковано на веб-сайті умови отримання грантів та фінансування соціальних проектів/конкурсів з обласного бюджету жителями області? | D24: так | E24: https://vinrada.gov.ua/ogoloshennya-86.htm | F24: так | G24: http://volynrada.gov.ua/actualna-informacia/konkurs-mistsevikh-initsiativ | H24: ні | J24: ні | L24: ні | N24: ні | P24: так | Q24: http://www.orada.if.ua/конкурс-проектів-та-програм-місцевог/ | R24: так | S24: https://kor.gov.ua/pres-tsentr/novyny.html | T24: ні | V24: ні | X24: ні | Z24: так | AA24: http://oblrada.odessa.gov.ua/pro-oblasnu-radu/do-vidoma-gromady/ | AB24: ні | AD24: так | AE24: http://oblrada.rv.ua/documents/provisions.php | AF24: так | AG24: https://sorada.gov.ua/grants.html | AH24: ні | AI24: Не належить до повноважень обласної ради | AJ24: так | AK24: http://oblrada.kharkov.ua/ua/contests-grants/grants | AL24: так | AM24: http://khor.gov.ua/oblasnyj-konkurs-proektiv-rozvytku/ | AN24: так | AO24: https://microprojects.km-oblrada.gov.ua/ | AP24: Ні | AQ24: Не є функцією обласної ради | AR24: ні | AT24: Так | AU24: https://chor.gov.ua/oblasnij-konkurs-zhurnalistskikh-robit
A25: R19024 | B25: Q24 | C25: Чи опубліковано на веб-сайті інформацію про надані гранти та профінансовані соціальні проекти/конкурси з обласного бюджету? | D25: так | E25: https://vinrada.gov.ua/peremozhci-6.htm | F25: так | G25: http://www.volynrada.gov.ua/news/reiting-proektiv-mistsevikh-initsiativ-konkursu-volinskoyi-oblasnoyi-radi | H25: ні | J25: ні | L25: ні | N25: ні | P25: ні | R25: так | S25: https://kor.gov.ua/pres-tsentr/novyny.html | T25: ні | V25: ні | X25: ні | Z25: ні | AB25: так | AC25: http://oblrada-pl.gov.ua/grant/grant010618.pdf | AD25: так | AE25: http://oblrada.rv.ua/documents/oblprogram/zvit.php | AF25: так | AG25: https://sorada.gov.ua/grants.html | AH25: ні | AI25: Не належить до повноважень обласної ради | AJ25: так | AK25: http://www.oblrada.kharkov.ua/ua/contests-grants | AL25: ні | AN25: так | AO25: https://microprojects.km-oblrada.gov.ua/ | AP25: Ні | AQ25: Не є функцією обласної ради | AR25: ні | AT25: Так | AU25: https://chor.gov.ua/oblasnij-konkurs-zhurnalistskikh-robit
A26: R19025 | B26: Q25 | C26: Чи опубліковано на веб-сайті обласної ради інформацію про завершені та триваючі проекти з іноземним фінансуванням, що реалізуються в області (грантових проектів, проектів міжнародної технічної допомоги), включаючи звіти про їх реалізацію? | D26: ні | F26: так | G26: http://volynrada.gov.ua/design | H26: ні | J26: ні | L26: так | M26: https://zakarpat-rada.gov.ua/category/news/ | N26: ні | P26: ні | R26: так | S26: https://kor.gov.ua/pres-tsentr/novyny.html | T26: ні | V26: ні | X26: ні | Z26: так | AA26: http://oblrada.odessa.gov.ua/pro-oblasnu-radu/napryamky-diyalnosti/mizhnarodna-diyalnist-ta-prykordonne-spivrobitnytstvo/ | AB26: ні | AD26: так | AE26: http://oblrada.rv.ua/documents/oblprogram/zvit.php | AF26: так | AG26: https://sorada.gov.ua/grants.html | AH26: ні | AI26: Не належить до повноважень обласної ради | AJ26: так | AK26: http://www.oblrada.kharkov.ua/ua/contests-grants/grants | AL26: ні | AN26: так | AP26: Ні | AQ26: Не є функцією обласної ради | AR26: ні | AT26: Ні
A27: R19026 | B27: Q26 | C27: Чи опубліковано на веб-сайті обласної ради інформацію про відкриті освітні та культурні конкурси для участі молоді та громадян? | D27: так | E27: https://vinrada.gov.ua/rishennya-17.htm | F27: так | G27: http://volynrada.gov.ua/awards/polozhennya-pro-oblasni-premiyi-za-zaslugi-u-sferi-nauki-i-osviti http://volynrada.gov.ua/awards/polozhennya-pro-poryadok-provedennya-konkursu-oblasnoyi-radi-sered-oblasnikh-raionnikh-miskik | H27: ні | J27: так | K27: https://zt.gov.ua/index.php/news/14300-%D0%B6%D0%B8%D1%82%D0%BE%D0%BC%D0%B8%D1%80-%D0%B2%D1%96%D0%B4%D0%B7%D0%BD%D0%B0%D1%87%D0%B0%D1%82%D0%B8%D0%BC%D0%B5-%D0%B4%D0%B5%D0%BD%D1%8C-%D0%B7%D0%B0%D1%85%D0%B8%D1%81%D0%BD%D0%B8%D0%BA%D0%B0-%D1%83%D0%BA%D1%80%D0%B0%D1%97%D0%BD%D0%B8.html | L27: так | M27: https://zakarpat-rada.gov.ua/category/news/ | N27: так | O27: http://www.zor.gov.ua/content/zaporizka-oblasna-rada-dlya-studentiv | P27: так | Q27: http://www.orada.if.ua/конкурс-ініціатив-місцевих-карпатсь/ | R27: так | S27: https://kor.gov.ua/pres-tsentr/novyny.html | T27: так | U27: https://www.oblrada.kr.ua/importance/ogoloshuetsya-konkurs-na-zdobuttya-oblasnoi-literaturnoi-premii-imeni-evgena-malanyuka | V27: ні | X27: ні | Z27: так | AA27: http://oblrada.odessa.gov.ua/pro-oblasnu-radu/konkursy-ta-nagorody/ | AB27: так | AC27: http://oblrada-pl.gov.ua/index.php?option=com_content&view=article&id=10234&Itemid=218 | AD27: так | AE27: http://oblrada.rv.ua/documents/oblprogram/oblprogram.php | AF27: так | AG27: https://sorada.gov.ua/grants.html | AH27: ні | AI27: http://te-rada.org/?id=300 Не належить до повноважень обласної ради | AJ27: так | AK27: http://www.oblrada.kharkov.ua/ua/contests-grants | AL27: так | AM27: http://khor.gov.ua/oblasnyj-konkurs-proektiv-gromadskyh-organizatsij/ | AN27: так | AO27: http://km-oblrada.gov.ua/premii-oblasnoi-radi/ | AP27: Ні | AQ27: Не є функцією обласної ради | AR27: ні | AT27: Так | AU27: https://chor.gov.ua/nasha-diyalnist/anonsi/item/8707-uvaha-rozpochalasia-robota-po-pidhotovtsi-konkursu-festyvaliu-dyt ; https://chor.gov.ua/nasha-diyalnist/anonsi/item/8439-studentiv-vyshiv-chernihivshchyny-zaproshuiut-vsiaty-uchast-u-vse
A28: R19027 | B28: Q27 | C28: Чи створено на веб-сайті окремий розділ англійською мовою для отримання іноземцями поштових контактних даних (електронної пошти), телефонів керівників підрозділів та міського голови? | D28: так | E28: http://www.vinrada.gov.ua/aktualno-205.htm | F28: ні | H28: ні | J28: ні | L28: ні | N28: так | P28: так | Q28: http://www.orada.if.ua/en/regional-council/contacts/ | R28: ні | T28: ні | V28: ні | X28: ні | Z28: ні | AB28: ні | AD28: так | AE28: http://www.oblrada.rv.ua/sklad_struktura/vikonavchiy_aparat/ Також коротка довідка пор інвестиційний потенціал на англ. мові http://www.oblrada.rv.ua/mistseve_samovryaduvannya/pasport_oblasti/index.php?SECTION_ID=92&ELEMENT_ID=10016 | AF28: ні | AH28: так | AI28: Згідно тестового проекту порталу | AJ28: так | AK28: http://www.oblrada.kharkov.ua/en/ | AL28: ні | AN28: так | AP28: Ні | AR28: ні | AT28: Так | AU28: https://chor.gov.ua/oblasna-rada/kontakti
A29: R19028 | B29: Q28 | C29: Чи опубліковано на веб-сайті обласної ради плани державних закупівель на поточний період? | D29: так | E29: https://vinrada.gov.ua/richnij-plan-zakupivel-na-2019-rik.htm | F29: так | G29: http://volynrada.gov.ua/procurement | H29: так | I29: https://oblrada.dp.gov.ua/category/diyalnist/richni-plani-zakupivel/ | J29: ні | L29: так | M29: https://zakarpat-rada.gov.ua/derzhavni-zakupivli/ | N29: так | O29: http://zor.gov.ua/content/derzhavni-zakupivli | P29: ні | R29: так | S29: https://kor.gov.ua/robota_rady/informatsiia.html | T29: так | U29: https://www.oblrada.kr.ua/konkursni-torgi | V29: так | W29: https://prozorro.gov.ua/tender/search?edrpou=25255072&edrpou=22340506 | X29: ні | Z29: так | AA29: http://oblrada.odessa.gov.ua/pro-oblasnu-radu/derzhavni-zakupivli/odeska-oblasna-rada/ | AB29: так | AC29: http://oblrada-pl.gov.ua/ses/dz/2019.pdf | AD29: так | AE29: план закупівель http://oblrada.rv.ua/komunalna_vlasnist/konkursni_torgy/oblrada/index.php?SECTION_ID=165&ELEMENT_ID=14681&back_url_admin=%2Fbitrix%2Fadmin%2Fiblock_element_admin.php%3FIBLOCK_ID%3D2%26type%3Ddocuments%26lang%3Dua%26find_section_section%3D165 | AF29: так | AG29: https://sorada.gov.ua/derzhavni-zakupivli.html | AH29: так | AI29: http://te-rada.org/list/?t=35&s=rada | AJ29: так | AK29: http://www.oblrada.kharkov.ua/ua/component/content/article/316-richnyi-plan-zakupivel/20918-richnij-plan-zakupivel-na-2019-rik?Itemid=1319 | AL29: ні | AN29: так | AO29: http://km-oblrada.gov.ua/derzhavni-zakupivli-orenda/ | AP29: Ні | AR29: ні | AT29: Ні
A30: R19029 | B30: Q29 | C30: Чи опубліковано на веб-сайті обласної ради плани державних закупівель за 2014,2015,2016 рік? | D30: так | E30: https://vinrada.gov.ua/2018-rik-2.htm | F30: так | G30: http://volynrada.gov.ua/procurement | H30: так | I30: https://oblrada.dp.gov.ua/category/diyalnist/richni-plani-zakupivel/ | J30: так | K30: https://zt.gov.ua/index.php/upravlinnya-majnom/%D0%B4%D0%B5%D1%80%D0%B6%D0%B0%D0%B2%D0%BD%D1%96-%D0%B7%D0%B0%D0%BA%D1%83%D0%BF%D1%96%D0%B2%D0%BB%D1%96/%D1%80%D1%96%D1%87%D0%BD%D0%B8%D0%B9-%D0%BF%D0%BB%D0%B0%D0%BD-%D0%B7%D0%B0%D0%BA%D1%83%D0%BF%D1%96%D0%B2%D0%BB%D1%96.html%D0%BF%D0%BB%D0%B0%D0%BD-%D0%B7%D0%B0%D0%BA%D1%83%D0%BF%D1%96%D0%B2%D0%BB%D1%96.html | L30: так | M30: https://zakarpat-rada.gov.ua/derzhavni-zakupivli/ | N30: ні | P30: ні | R30: так | S30: https://kor.gov.ua/robota_rady/informatsiia.html | T30: так | U30: https://prozorro.gov.ua/plan/search?query=22223982&dateplan[plan_tender]=01.01.2019%E2%80%9431.12.2019 | V30: ні | X30: так | Y30: https://prozorro.gov.ua/tender/search?query=25696652 | Z30: так | AA30: http://oblrada.odessa.gov.ua/pro-oblasnu-radu/derzhavni-zakupivli/odeska-oblasna-rada/ | AB30: так | AC30: http://oblrada-pl.gov.ua/index.php?option=com_content&view=category&layout=blog&id=37&Itemid=65 | AD30: так | AE30: http://oblrada.rv.ua/komunalna_vlasnist/konkursni_torgy/oblrada/ | AF30: так | AG30: https://sorada.gov.ua/derzhavni-zakupivli.html | AH30: так | AI30: так - після 2016, ні - 2014-2015 | AJ30: так | AK30: http://www.oblrada.kharkov.ua/ua/public-information/management-of-municipal-property/events-and-announcements | AL30: ні | AN30: так | AO30: Офіційний сайт державних закупівель ProZorro | AP30: Ні | AR30: так | AS30: http://oblrada.cv.ua/activity/purchases/ | AT30: Так | AU30: https://chor.gov.ua/oblasna-rada/derzhavni-zakupivli
A31: R19030 | B31: Q30 | C31: Чи створено розділ на веб-сайті обласної ради для розміщення інформації про закупівлі обласної ради, в тому числі повідомлень про заплановані закупівлі обласної ради? | D31: так | E31: https://vinrada.gov.ua/richnij-plan-zakupivel-na-2019-rik.htm | F31: так | G31: http://volynrada.gov.ua/procurement | H31: ні | J31: так | K31: https://zt.gov.ua/index.php/upravlinnya-majnom/%D0%B4%D0%B5%D1%80%D0%B6%D0%B0%D0%B2%D0%BD%D1%96-%D0%B7%D0%B0%D0%BA%D1%83%D0%BF%D1%96%D0%B2%D0%BB%D1%96/%D1%80%D1%96%D1%87%D0%BD%D0%B8%D0%B9-%D0%BF%D0%BB%D0%B0%D0%BD-%D0%B7%D0%B0%D0%BA%D1%83%D0%BF%D1%96%D0%B2%D0%BB%D1%96.html?limitstart=0 | L31: так | M31: https://zakarpat-rada.gov.ua/derzhavni-zakupivli/ | N31: ні | O31: http://zor.gov.ua/content/derzhavni-zakupivli | P31: ні | R31: так | S31: https://kor.gov.ua/robota_rady/informatsiia.html | T31: так | U31: https://www.oblrada.kr.ua/konkursni-torgi | V31: так | W31: https://prozorro.gov.ua/tender/search?edrpou=25255072&edrpou=22340506 | X31: так | Y31: https://www.mk-oblrada.gov.ua/publichni-zakupivli-475cms.htm | Z31: так | AA31: http://oblrada.odessa.gov.ua/pro-oblasnu-radu/derzhavni-zakupivli/odeska-oblasna-rada/ | AB31: так | AC31: http://oblrada-pl.gov.ua/index.php?option=com_content&view=category&layout=blog&id=37&Itemid=65 | AD31: так | AE31: план закупівель http://oblrada.rv.ua/komunalna_vlasnist/konkursni_torgy/oblrada/index.php?SECTION_ID=165&ELEMENT_ID=14681 | AF31: так | AG31: https://sorada.gov.ua/derzhavni-zakupivli.html | AH31: так | AI31: Згідно тестового проекту порталу | AJ31: так | AK31: http://www.oblrada.kharkov.ua/ua/public-information/vidkryti-dani/richnyi-plan-zakupivel | AL31: ні | AN31: так | AO31: http://km-oblrada.gov.ua/derzhavni-zakupivli-orenda/plan-provedennya-zakupivel-tovariv-robit-poslug-za-byudzhetni-koshti/ | AP31: Ні | AR31: ні | AT31: Ні
A32: R19031 | B32: Q31 | C32: Чи опубліковано у відповідному розділі інформацію про завершені закупівлі обласної ради (із зазначенням типу закупівлі, дати, ціни, кандидатів, їх пропозиції, протоколів засідань Комісії)? | D32: так | E32: https://vinrada.gov.ua/2019-rik-2.htm | F32: ні | H32: так | I32: https://oblrada.dp.gov.ua/category/diyalnist/richni-plani-zakupivel/ | J32: ні | L32: так | M32: https://zakarpat-rada.gov.ua/derzhavni-zakupivli/ | N32: так | O32: http://zor.gov.ua На веб-сайті Запорізької обласної ради є посилання на сторінку Запорізької обласної ради; https://www.dzo.com.ua/companies/18061 | P32: ні | R32: ні | T32: так | U32: https://www.oblrada.kr.ua/konkursni-torgi | V32: так | W32: https://prozorro.gov.ua/tender/search?edrpou=25255072&edrpou=22340506 | X32: так | Y32: https://prozorro.gov.ua/tender/search?query=25696652 | Z32: так | AA32: http://oblrada.odessa.gov.ua/pro-oblasnu-radu/derzhavni-zakupivli/odeska-oblasna-rada/ | AB32: ні | AD32: так | AE32: завершені закупівлі http://oblrada.rv.ua/komunalna_vlasnist/konkursni_torgy/oblrada/index.php?SECTION_ID=165&ELEMENT_ID=14681 | AF32: так | AG32: https://sorada.gov.ua/derzhavni-zakupivli.html | AH32: ні | AJ32: частково | AK32: Частково (кандидати, їх пропозиції, протоколи засідань Комісії не зазначені). http://www.oblrada.kharkov.ua/ua/public-information/vidkryti-dani/richnyi-plan-zakupivel | AL32: ні | AN32: так | AO32: http://km-oblrada.gov.ua/derzhavni-zakupivli-orenda/ | AP32: Ні | AR32: ні | AT32: Ні
A33: R19032 | B33: Q32 | C33: Чи опубліковуються на веб-сайті обласної ради на постійній основі всі договори закупівель, в тому числі всі зміни до них (із зазначенням гіперпосилань між договорами, рахунками і змінами до договорів для легкого доступу до всіх документів, що відносяться до відповідного договору)? | D33: так | E33: https://vinrada.gov.ua/zakupivli-na-prozorro.htm | F33: ні | H33: так | I33: Вказані щорічні документи зі змінами https://oblrada.dp.gov.ua/category/diyalnist/richni-plani-zakupivel/ | J33: ні | L33: так | M33: https://zakarpat-rada.gov.ua/derzhavni-zakupivli/ | N33: так | O33: http://zor.gov.ua/content/perelik-naboriv-danyh-shcho-pidlyagayut-oprylyudnennyu-u-formi-vidkrytyh-danyh | P33: ні | R33: ні | T33: так | U33: https://www.oblrada.kr.ua/konkursni-torgi | V33: так | W33: https://prozorro.gov.ua/tender/search?edrpou=25255072&edrpou=22340506 | X33: ні | Z33: так | AA33: http://oblrada.odessa.gov.ua/pro-oblasnu-radu/derzhavni-zakupivli/odeska-oblasna-rada/ | AB33: так | AC33: http://oblrada-pl.gov.ua/index.php?option=com_content&view=category&layout=blog&id=37&Itemid=65 | AD33: так | AE33: договори закупівель http://oblrada.rv.ua/komunalna_vlasnist/konkursni_torgy/oblrada/index.php?SECTION_ID=165&ELEMENT_ID=14681 | AF33: ні | AH33: ні | AJ33: ні | AL33: ні | AN33: так | AP33: Ні | AR33: ні | AT33: Ні
A34: R19033 | B34: Q33 | C34: Чи відображено в режимі реального часу на веб-сайті обласної ради інформацію про закупівлі, які здійснюються через електронну систему закупівель з наданням відповідних гіперпосилань на актуальні пропозиції? | D34: так | E34: https://www.dzo.eonTua/tenders/current?filter%5Bobiect%5D=title&filter%5Bsearch%5D=&filter%5Boperator%5D=and&filter%5Bidentifiers search%5D=&filter%5Bidentifiers%5D=00022438&filter%5Bclassification%5D=&filter%5Btender valueamount%5D%5Bstart%5D=&filter%5Btendervalueamount%5D%5Bend%5D=&filter%5Bdate%5D%5Bstart%5D=&filter%5Bdate%5D%5Bend%5D=&filter%5Border%5D=:pate desc&formname=filter | F34: ні | H34: ні | J34: ні | L34: ні | N34: так | O34: http://zor.gov.ua На веб-сайті Запорізької обласної ради є посилання на сторінку Запорізької обласної ради; https://www.dzo.com.ua/companies/18061 | P34: ні | R34: ні | T34: так | U34: https://www.oblrada.kr.ua/konkursni-torgi | V34: так | W34: https://prozorro.gov.ua/tender/search?edrpou=25255072&edrpou=22340506 | X34: так | Y34: https://prozorro.gov.ua/tender/search?query=25696652 | Z34: так | AA34: http://oblrada.odessa.gov.ua/pro-oblasnu-radu/derzhavni-zakupivli/odeska-oblasna-rada/ | AB34: так | AC34: http://oblrada-pl.gov.ua/index.php?option=com_content&view=category&layout=blog&id=37&Itemid=65 | AD34: так | AE34: http://oblrada.rv.ua/komunalna_vlasnist/konkursni_torgy/oblrada/index.php?SECTION_ID=165&ELEMENT_ID=14681 | AF34: ні | AH34: ні | AJ34: ні | AL34: ні | AN34: так | AO34: http://km-oblrada.gov.ua/vidkriti-dani/ | AP34: Ні | AR34: ні | AT34: Ні
A35: R19034 | B35: Q34 | C35: Чи публікується на веб-сайті обласної ради перелік установ, закладів, підприємств спільної власності територіальних громад сіл, селищ, міст області? | D35: так | E35: https://vinrada.gov.ua/reestr-dovidnik-pidpriemstv-ustanov-%C2%A0organizacij-obektiv-spilnoi-vlasnosti-teritorialnih-gromad-sil-selisch-mist-oblasti.htm | F35: так | G35: http://volynrada.gov.ua/communal/list | H35: так | I35: https://oblrada.dp.gov.ua/diyalnist/zakladi-utanovi/perelik-okp/%d0%be%d0%b1%d0%bb%d0%b0%d1%81%d0%bd%d1%96-%d0%ba%d0%be%d0%bc%d0%bc%d1%83%d0%bd%d0%b0%d0%bb%d1%8c%d0%bd%d1%96-%d0%bf%d1%96%d0%b4%d0%bf%d1%80%d0%b8%d1%94%d0%bc%d1%81%d1%82%d0%b2%d0%b0-%d0%b7/ | J35: ні | L35: так | M35: http://usvth.uz.ua/ | N35: так | O35: http://zor.gov.ua/komunalna-vlasnist ; http://zor.gov.ua/content/perelik-naboriv-danyh-shcho-pidlyagayut-oprylyudnennyu-u-formi-vidkrytyh-danyh (п.1,п.2) | P35: так | Q35: http://www.orada.if.ua/документи/документи-управління-обєктами/переліки-майна/ | R35: так | S35: https://kor.gov.ua/kyivska_oblast/pidporiadkovani_pidpryiemstva/komunalni_pidpryiemstva.html | T35: так | U35: https://oblrada.kr.ua/informatsijna-baza | V35: так | W35: http://www.oblrada.lviv.ua/%D0%BF%D1%96%D0%B4%D0%BF%D1%80%D0%B8%D1%94%D0%BC%D1%81%D1%82%D0%B2%D0%B0_%D0%BA%D0%BE%D0%BC%D1%83%D0%BD%D0%B0%D0%BB%D1%8C%D0%BD%D0%BE%D1%97_%D0%B2%D0%BB%D0%B0%D1%81%D0%BD%D0%BE%D1%81%D1%82%D1%96_%D0%BB%D0%BE%D1%80_405cms.htm | X35: так | Y35: https://www.mk-oblrada.gov.ua/zaklady-ustanovy-ta-organizatsii | Z35: так | AA35: http://property.odessa.gov.ua/perelik-obyektiv/ | AB35: так | AC35: http://oblrada-pl.gov.ua/index.php?option=com_content&view=article&id=875&Itemid=139 | AD35: так | AE35: http://oblrada.rv.ua/komunalna_vlasnist/perilik_oblasnyh_komunalnyh_zakladiv_pidpryjemstv_ustanov/ | AF35: так | AG35: http://mayno.sm.gov.ua/node/13 | AH35: так | AI35: http://te-rada.org/?id=70 | AJ35: так | AK35: http://www.oblrada.kharkov.ua/ua/public-information/zaklady-osvity-shcho-perebuvaiut-u-spilnii-vlasnosti-hromad-oblasti | AL35: так | AM35: http://khor.gov.ua/komunalni-ustanovy-ta-pidpryyemstva/ | AN35: так | AO35: (перелік укладених договорів) | AP35: Так | AQ35: «Обласна комунальна власність», Рішення обласної ради від 20.04.2018 № 22-14/VІІ . https://www.oblradack.gov.ua/upravlnnya-maynom-oblasnoyi-komunalnoyi-vlasnost-vikonavchogo-aparatu-oblasnoyi-radi. https://www.oblradack.gov.ua/5374-xh-sesia-oblasnoii-radi-vi-sklikannia | AR35: так | AS35: http://oblrada.cv.ua/activity/communal/ | AT35: Так | AU35: https://chor.gov.ua/normativni-dokumenti/rishennya/item/6297-pro-zatverdzhennia-perelikiv-ob-iektiv-spilnoi-vlasnosti-terytori
A36: R19035 | B36: Q35 | C36: Чи публікується на веб-сайті обласної ради перелік об’єктів нерухомого майна спільної власності територіальних громад сіл, селищ, міст області? | D36: ні | F36: так | G36: http://volynrada.gov.ua/communal/perelik-maina-spilnoyi-vlasnosti-teritorialnikh-gromad-sil-selishch-mist-oblasti-shcho-pere | H36: ні | J36: так | K36: http://zt.gov.ua/index.php/upravlinnya-majnom/robocha-grupa-z-pitan-vikoristannya-majna/vilne-nerukhome-majno-yake-ne-vikoristovuetsya-ta-mozhe-buti-nadano-v-orendu.html | L36: так | M36: http://usvth.uz.ua/obiekty-svth/obiekty-nerukhomoho-maina.html | N36: так | O36: Перелік вільного майна http://zor.gov.ua/node/19 ; http://zor.gov.ua/content/perelik-naboriv-danyh-shcho-pidlyagayut-oprylyudnennyu-u-formi-vidkrytyh-danyh (п.4) | P36: так | Q36: http://www.orada.if.ua/документи/документи-управління-обєктами/переліки-майна/ | R36: так | S36: https://kor.gov.ua/kyivska_oblast/pidporiadkovani_pidpryiemstva/komunalni_pidpryiemstva.html | T36: так | U36: https://oblrada.kr.ua/informatsijna-baza | V36: так | W36: http://www.oblrada.lviv.ua/mayno | X36: ні | Z36: так | AA36: http://property.odessa.gov.ua/perelik-obyektiv/ | AB36: так | AC36: http://oblrada-pl.gov.ua/index.php?option=com_content&view=article&id=875&Itemid=139 | AD36: так | AE36: http://oblrada.rv.ua/komunalna_vlasnist/perelik_obyektiv_spilnoyi_vlasnosti_terytorialnykh_hromad_oblasti/ | AF36: так | AG36: http://mayno.sm.gov.ua/node/13 | AH36: ні | AJ36: так | AK36: http://www.oblrada.kharkov.ua/ua/public-information/management-of-municipal-property/analitichni-materiali | AL36: так | AM36: http://khor.gov.ua/category/informatsiia-upravlinnia-rozvytku-ob-iektiv-spilnoi-vlasnosti-terytorialnykh-hromad-oblasti-vykonavchoho-aparatu/ | AN36: так | AO36: http://km-oblrada.gov.ua/vidkriti-dani/ | AP36: Так | AQ36: Додаток 2 до рішення обласної ради від 20.04.2018 № 22-14/VІІ https://www.oblradack.gov.ua/5374-xh-sesia-oblasnoii-radi-vi-sklikannia | AR36: так | AS36: http://oblrada.cv.ua/activity/communal/ | AT36: Так | AU36: https://ukm.chor.gov.ua/pro-upravlinnya-komunalnogo-majna/ob-ekti-komunalnoji-vlasnosti/item/71-perelik-ob-iektiv-nerukhomoho-maina-spilnoi-vlasnosti-terytorialn
A37: R19036 | B37: Q36 | C37: Чи опубліковано на веб-сайті обласної ради порядок та умови приватизації об’єктів права комунальної власності? | D37: так | E37: https://vinrada.gov.ua/poryadok-dennij-ta-rishennya-37.htm 833 рішення | F37: так | G37: http://volynrada.gov.ua/communal/polozhennya-pro-diyalnist-auktsionnoyi-komisiyi-z-prodazhu-ob-yektiv-maloyi-privatizatsiyi- | H37: ні | J37: ні | L37: так | M37: http://usvth.uz.ua/ | N37: так | O37: Проект регуляторного акту "Про нормативно-правові документи з питань приватизації майна, що є спільною власністю територіальних громад сіл, селищ, міст Запорізької області" планується розглянути на пленарному засіданні обласної ради 24.10.2019; http://zor.gov.ua/content/proekty-rishen-do-rozglyadu-na-sesiyi (п.9) | P37: так | Q37: http://www.orada.if.ua/документи/документи-управління-обєктами/повідомлення/ | R37: так | S37: https://kor.gov.ua/kyivska_oblast/pidporiadkovani_pidpryiemstva/poriadky.html | T37: так | U37: https://www.oblrada.kr.ua/normativna-baza | V37: так | W37: https://lvivoblrada.gov.ua/activity/privatizaciyu | X37: ні | Z37: так | AA37: http://property.odessa.gov.ua/orenda-i-pryvatyzatsiya/ | AB37: так | AC37: http://oblrada-pl.gov.ua/uploads/1234.pdf | AD37: так | AE37: http://oblrada.rv.ua/komunalna_vlasnist/informacija_pro_vidchuzhennja_majna/ | AF37: так | AG37: https://sorada.gov.ua/upr-mayno.html | AH37: ні | AJ37: ні | AL37: так | AM37: http://khor.gov.ua/pryvatyzatsiya/ | AN37: так | AO37: (перелік укладених договорів) | AP37: Так | AQ37: «Документи», «Рішення» Рішення сесії Черкаської обласної ради від 16.11.2018 № 26-13/VII, із змінами внесеними рішенням обласної ради від 11.10.2019 № 32-30 VII https://www.oblradack.gov.ua/xkhvi-sesiya-oblasnoi-radi-vii-sklikannya | AR37: ні | AT37: Так | AU37: https://ukm.chor.gov.ua/normativni-dokumenti/normativno-pravova-informatsiya/item/641-polozhennia-pro-poriadok-peredachi-ob-iektiv-prava-spilnoi-vlasno
A38: R19037 | B38: Q37 | C38: Чи опубліковано на веб-сайті обласної ради порядок та умови відчуження об’єктів права комунальної власності? | D38: так | E38: https://vinrada.sov.ua/rishennva-8.htm | F38: так | G38: http://volynrada.gov.ua/communal/polozhennya-pro-poryadok-vidchuzhennya-maina-shcho-perebuvaye-u-spilnii-vlasnosti-teritoria | H38: ні | J38: так | K38: http://6.zt.gov.ua/index.php/ofitsijni-dokumenti/normativni-dokumenti/rishennya-oblasnoji-radi/3837-%E2%84%96-817-%D0%BF%D1%80%D0%BE-%D0%B7%D0%B0%D1%82%D0%B2%D0%B5%D1%80%D0%B4%D0%B6%D0%B5%D0%BD%D0%BD%D1%8F-%D0%BF%D0%BE%D0%BB%D0%BE%D0%B6%D0%B5%D0%BD%D0%BD%D1%8F-%D0%BF%D1%80%D0%BE-%D0%BF%D0%BE%D1%80%D1%8F%D0%B4%D0%BE%D0%BA-%D0%B2%D1%96%D0%B4%D1%87%D1%83%D0%B6%D0%B5%D0%BD%D0%BD%D1%8F-%D0%BC%D0%B0%D0%B9%D0%BD%D0%B0,-%D1%89%D0%BE-%D0%BF%D0%B5%D1%80%D0%B5%D0%B1%D1%83%D0%B2%D0%B0%D1%94-%D1%83-%D1%81%D0%BF%D1%96%D0%BB%D1%8C%D0%BD%D1%96%D0%B9-%D0%B2%D0%BB%D0%B0%D1%81%D0%BD%D0%BE%D1%81%D1%82%D1%96-%D1%82%D0%B5%D1%80%D0%B8%D1%82%D0%BE%D1%80%D1%96%D0%B0%D0%BB%D1%8C%D0%BD%D0%B8%D1%85-%D0%B3%D1%80%D0%BE%D0%BC%D0%B0%D0%B4-%D1%81%D1%96%D0%BB,-%D1%81%D0%B5%D0%BB%D0%B8%D1%89,-%D0%BC%D1%96%D1%81%D1%82-%D0%BE%D0%B1%D0%BB%D0%B0%D1%81%D1%82%D1%96,-%D1%83-%D0%BD%D0%BE%D0%B2%D1%96%D0%B9-%D1%80%D0%B5%D0%B4%D0%B0%D0%BA%D1%86%D1%96%D1%97.html | L38: так | M38: http://usvth.uz.ua/ | N38: так | O38: Проект регуляторного акту "Про нормативно-правові документи з питань приватизації майна, що є спільною власністю територіальних громад сіл, селищ, міст Запорізької області" планується розглянути на пленарному засіданні обласної ради 24.10.2019; http://zor.gov.ua/content/proekty-rishen-do-rozglyadu-na-sesiyi (п.9) | P38: так | Q38: http://www.orada.if.ua/документи/документи-управління-обєктами/повідомлення/ | R38: так | S38: https://kor.gov.ua/kyivska_oblast/pidporiadkovani_pidpryiemstva/poriadky.html | T38: так | U38: https://www.oblrada.kr.ua/garyacha-informatsiya | V38: ні | X38: так | Y38: https://www.mk-oblrada.gov.ua/normatyvna-baza | Z38: так | AA38: http://property.odessa.gov.ua/orenda-i-pryvatyzatsiya/ | AB38: ні | AD38: так | AE38: http://oblrada.rv.ua/komunalna_vlasnist/informacija_pro_vidchuzhennja_majna/ | AF38: так | AG38: https://sorada.gov.ua/upr-mayno.html | AH38: так | AI38: Згідно тестового проекту порталу | AJ38: ні | AL38: ні | AN38: так | AO38: http://km-oblrada.gov.ua/derzhavni-zakupivli-orenda/ | AP38: Так | AQ38: «Обласна комунальна власність», Порядок відчуження об'єктів спільної власності територіальних громад сіл, селищ, міст Черкаської області (Із змінами, внесеними згідно із рішенням Черкаської обласної ради від 28.11.2017 № 18-12/VII) https://www.oblradack.gov.ua/normativno-regulyatorn-akti | AR38: ні | AT38: Так | AU38: https://ukm.chor.gov.ua/normativni-dokumenti/normativno-pravova-informatsiya/item/6-polozhennia-pro-poriadok-vidchuzhennia-ta-spysannia-maina-shcho-i
A39: R19038 | B39: Q38 | C39: Чи опубліковано на веб-сайті обласної ради порядок та умови здачі в оренду об’єктів права комунальної власності? | D39: так | E39: https://vinrada.gov.ua/poryadok-dennij-ta-rishennya-7.htm | F39: так | G39: http://volynrada.gov.ua/communal/polozhennya-pro-orendu-nerukhomogo-maina-spilnoyi-vlasnosti-teritorialnikh-gromad-sil-selis | H39: так | I39: http://212.3.96.115/trade_exchange | J39: ні | L39: так | M39: http://usvth.uz.ua/diialnist/orenda-maina/normatyvna-baza.html | N39: так | O39: http://zor.gov.ua/content/regulyatorni-akty ; http://zor.gov.ua/content/perelik-naboriv-danyh-shcho-pidlyagayut-oprylyudnennyu-u-formi-vidkrytyh-danyh (п.10) | P39: так | Q39: http://www.orada.if.ua/документи/документи-управління-обєктами/повідомлення/ | R39: так | S39: https://kor.gov.ua/kyivska_oblast/pidporiadkovani_pidpryiemstva/poriadky.html | T39: так | U39: https://www.oblrada.kr.ua/garyacha-informatsiya | V39: ні | X39: так | Y39: https://www.mk-oblrada.gov.ua/normatyvna-baza | Z39: так | AA39: http://property.odessa.gov.ua/orenda-i-pryvatyzatsiya/ | AB39: так | AC39: http://oblrada-pl.gov.ua/uploads/123456789.pdf | AD39: так | AE39: http://oblrada.rv.ua/komunalna_vlasnist/orenda_majna/ | AF39: так | AG39: https://sorada.gov.ua/upr-mayno.html | AH39: так | AI39: http://te-rada.org/list/?t=31&s=rada | AJ39: ні | AL39: так | AM39: http://khor.gov.ua/orenda-auktsion/ | AN39: так | AO39: Офіційний сайт державних закупівель ProZorro | AP39: Ні | AR39: ні | AT39: Так | AU39: https://chor.gov.ua/normativni-dokumenti/rishennya/item/532-pro-zatverdzhennya-polozhennya-pro-poryadok-provedennya-konkursu ; https://chor.gov.ua/component/k2/item/6749-pro-vnesennia-zmin-do-polozhennia-pro-poriadok-peredachi-maina-sp
A40: R19039 | B40: Q39 | C40: Чи опубліковано на веб-сайті обласної ради порядок проведення конкурсу на право купівлі/оренди об’єктів права комунальної власності? | D40: так | E40: https://vinrada.gov.ua/poryadok-dennij-ta-rishennya-7.htm | F40: так | G40: http://volynrada.gov.ua/communal/polozhennya-pro-orendu-nerukhomogo-maina-spilnoyi-vlasnosti-teritorialnikh-gromad-sil-selis | H40: так | I40: http://212.3.96.115/trade_exchange | J40: ні | L40: так | M40: http://usvth.uz.ua/diialnist/orenda-maina/normatyvna-baza.html | N40: так | O40: http://www.zor.gov.ua/content/regulyatorni-akty ; http://zor.gov.ua/content/perelik-naboriv-danyh-shcho-pidlyagayut-oprylyudnennyu-u-formi-vidkrytyh-danyh (п.10) | P40: так | Q40: http://www.orada.if.ua/документи/документи-управління-обєктами/повідомлення/ | R40: так | S40: https://kor.gov.ua/kyivska_oblast/pidporiadkovani_pidpryiemstva/poriadky.html | T40: так | U40: https://www.oblrada.kr.ua/korisna-informatsiya | V40: ні | X40: так | Y40: https://www.mk-oblrada.gov.ua/normatyvna-baza | Z40: так | AA40: http://property.odessa.gov.ua/orenda-i-pryvatyzatsiya/ | AB40: так | AC40: http://oblrada-pl.gov.ua/ses/next/732.pdf | AD40: так | AE40: http://www.oblrada.rv.ua/komunalna_vlasnist/informacija_pro_vidchuzhennja_majna/ | AF40: так | AG40: https://sorada.gov.ua/upr-mayno.html | AH40: так | AI40: Згідно тестового проекту порталу | AJ40: ні | AL40: ні | AN40: так | AO40: http://km-oblrada.gov.ua/derzhavni-zakupivli-orenda/perelik-dogovoriv/?hilite=%27e-data%27 | AP40: Так | AQ40: «Документи», «Рішення» https://www.oblradack.gov.ua/5296-xh-sesia-oblasnoii-radi-vi-sklikannia від 02.03.2018 №21-5/VIІ «Про затвердження Порядку проведення конкурсу на право оренди майна спільної власності територіальних громад сіл, селищ та міст Черкаської області» | AR40: ні | AT40: Так | AU40: https://chor.gov.ua/normativni-dokumenti/rishennya/item/532-pro-zatverdzhennya-polozhennya-pro-poryadok-provedennya-konkursu ; https://chor.gov.ua/component/k2/item/6749-pro-vnesennia-zmin-do-polozhennia-pro-poriadok-peredachi-maina-sp
A41: R19040 | B41: Q40 | C41: Чи опубліковано на сайті інформацію щодо запланованих конкурсних процедур продажу/здачі в оренду об’єктів права комунальної власності? | D41: так | E41: https://vinrada.gov.ua/2019-rik.htm | F41: так | G41: http://volynrada.gov.ua/announcement/pro-orendu-u-volinskomu-koledzhi-kulturi-ta-mistetstv | H41: так | I41: http://212.3.96.115/trade_exchange | J41: так | K41: https://zt.gov.ua/index.php/upravlinnya-majnom/ogoloshennya/majno-v-orendu.html | L41: так | M41: http://usvth.uz.ua/ | N41: так | O41: http://zor.gov.ua/content/informaciyne-povidomlennya | P41: так | Q41: http://www.orada.if.ua/документи/документи-управління-обєктами/повідомлення/ | R41: так | S41: https://kor.gov.ua/kyivska_oblast/pidporiadkovani_pidpryiemstva/poriadky.html | T41: так | U41: https://www.oblrada.kr.ua/garyacha-informatsiya | V41: ні | X41: так | Y41: https://www.mk-oblrada.gov.ua/news?group=28 | Z41: так | AA41: http://property.odessa.gov.ua/orenda-i-pryvatyzatsiya/ | AB41: ні | AD41: так | AE41: оренда - http://oblrada.rv.ua/komunalna_vlasnist/orenda_majna/ та приватизація - http://www.oblrada.rv.ua/komunalna_vlasnist/informacija_pro_vidchuzhennja_majna/ | AF41: так | AG41: https://sorada.gov.ua/upr-mayno.html | AH41: так | AI41: http://te-rada.org/list/?t=29&s=rada | AJ41: так | AK41: http://www.oblrada.kharkov.ua/ua/public-information/management-of-municipal-property/events-and-announcements | AL41: ні | AN41: так | AO41: http://km-oblrada.gov.ua/komunalna-vlasnist/ | AP41: Так | AQ41: «Анонси», «Оголошення про передачу в оренду вільних площ» https://www.oblradack.gov.ua/ogoloshennya-pro-peredachu-v-orendu-vilnikh-primischen | AR41: ні | AT41: Так | AU41: https://ukm.chor.gov.ua/potochna-diyalnist/informatsiya-pro-provedennya-konkursiv-na-pravo-orendi-komunalnogo-majna-oblasti
A42: R19041 | B42: Q41 | C42: Чи опубліковано на сайті інформацію про результати конкурсних процедур продажу об’єктів права комунальної власності або їх оренди? | D42: так | E42: https://vinrada.gov.ua/perelik-orendariv-vbudinkah-scho-znahodvatsva-na-balansiupravlinnva-spilnoi-komunalnoi-vlasnosti.htm | F42: ні | H42: так | I42: http://212.3.96.115/trade_exchange | J42: ні | L42: так | M42: http://usvth.uz.ua/ | N42: так | O42: http://zor.gov.ua/content/informaciyne-povidomlennya | P42: так | Q42: http://www.orada.if.ua/документи/документи-управління-обєктами/результати-конкурсів/ | R42: ні | T42: так | U42: https://www.oblrada.kr.ua/garyacha-informatsiya | V42: ні | X42: ні | Z42: так | AA42: http://property.odessa.gov.ua/orenda-i-pryvatyzatsiya/ | AB42: ні | AD42: так | AE42: http://oblrada.rv.ua/komunalna_vlasnist/informacija_pro_vidchuzhennja_majna/ | AF42: так | AG42: https://sorada.gov.ua/upr-mayno.html | AH42: так | AI42: http://te-rada.org/list/?t=29&s=rada | AJ42: так | AK42: http://www.oblrada.kharkov.ua/ua/public-information/management-of-municipal-property/results-of-competitions | AL42: ні | AN42: так | AO42: http://km-oblrada.gov.ua/vidkriti-dani/ | AP42: Ні | AR42: ні | AT42: Так | AU42: https://ukm.chor.gov.ua/2016-02-05-07-05-44
A43: R19042 | B43: Q42 | C43: Чи опубліковано на сайті аналіз доцільності продажу/здачі в оренду об’єктів права комунальної власності, включаючи наявні фінансові витрати на утримання та прогнозований розмір надходжень до обласного бюджету, перед будь-яким продажем/орендою? | D43: ні | E43: Розрахунок фінансових витрат на утримання об’єктів здійснюється балансоутримувачами майна | F43: ні | H43: ні | J43: ні | L43: ні | N43: так | O43: http://zor.gov.ua/content/regulyatorni-akty (APB оренда, АРВ приватизація) ; http://zor.gov.ua/content/perelik-naboriv-danyh-shcho-pidlyagayut-oprylyudnennyu-u-formi-vidkrytyh-danyh (п.28) | P43: ні | R43: так | S43: https://kor.gov.ua/kyivska_oblast/pidporiadkovani_pidpryiemstva/poriadky.html | T43: ні | V43: ні | X43: ні | Z43: так | AA43: http://property.odessa.gov.ua/orenda-i-pryvatyzatsiya/ | AB43: ні | AD43: ні | AF43: так | AG43: https://sorada.gov.ua/upr-mayno.html | AH43: ні | AJ43: так | AK43: http://www.oblrada.kharkov.ua/ua/public-information/management-of-municipal-property/analitichni-materiali | AL43: ні | AN43: ні | AP43: Так | AQ43: В пояснювальних записках до проектів рішень https://www.oblradack.gov.ua/materiali-chergovoyi-sesyi-oblasnoyi-radi | AR43: ні | AT43: Ні
A44: R19043 | B44: Q43 | C44: Чи публікуються на постійній основі результати конкурсів щодо продажу/здачі в оренду об’єктів права комунальної власності на офіційному сайті обласної ради? | D44: так | E44: https://vinrada.gov.ua/perelik-orendariv-vbudinkah-scho-znahodvatsva-na-balansiupravlinnva-spilnoi-komunalnoi-vlasnosti.htm | F44: ні | H44: ні | J44: ні | L44: так | M44: http://usvth.uz.ua/ | N44: так | O44: http://zor.gov.ua/content/informaciyne-povidomlennya | P44: так | Q44: http://www.orada.if.ua/документи/документи-управління-обєктами/результати-конкурсів/ | R44: так | S44: https://kor.gov.ua/kyivska_oblast/upravlinnia_spilnoiu_vlasnistiu/upravlinnia_z_pytan_komunalnoi_vlasnosti_ta_zhytlovokomunalnoho_hospodarstva _vykonavchoho_aparatu_kyivskoi_oblasnoi_rady.html | T44: так | U44: https://www.oblrada.kr.ua/garyacha-informatsiya | V44: ні | X44: ні | Z44: так | AA44: http://property.odessa.gov.ua/orenda-i-pryvatyzatsiya/ | AB44: ні | AD44: так | AE44: оренда - http://oblrada.rv.ua/komunalna_vlasnist/orenda_majna/ та приватизація - http://www.oblrada.rv.ua/komunalna_vlasnist/informacija_pro_vidchuzhennja_majna/ | AF44: так | AG44: https://sorada.gov.ua/upr-mayno.html | AH44: так | AI44: http://te-rada.org/list/?t=29&s=rada | AJ44: так | AK44: http://www.oblrada.kharkov.ua/ua/public-information/management-of-municipal-property/results-of-competitions | AL44: ні | AN44: так | AO44: http://km-oblrada.gov.ua/derzhavni-zakupivli-orenda/ | AP44: Ні | AR44: ні | AT44: Так | AU44: https://ukm.chor.gov.ua/2016-02-05-07-05-44
A45: R19044 | B45: Q44 | C45: Чи публікується на сайті інформація щодо кожного проданого/зданого в оренду об’єкту із зазначенням розміру надходжень до обласного бюджету та особи, яка виграла конкурс? | D45: так | E45: https://vinrada.gov.ua/perelik-obektiv-neruhomosti-teritorialnih-gromad-vinnickoi-oblasti-yaki-perebuvajut-v-orendi-2.htm | F45: ні | H45: ні | J45: так | K45: https://zt.gov.ua/index.php/upravlinnya-majnom/robocha-grupa-z-pitan-vikoristannya-majna/%D0%BE%D0%B1%E2%80%99%D1%94%D0%BA%D1%82%D0%B8-%D0%BA%D0%BE%D0%BC%D1%83%D0%BD%D0%B0%D0%BB%D1%8C%D0%BD%D0%BE%D1%97-%D0%B2%D0%BB%D0%B0%D1%81%D0%BD%D0%BE%D1%81%D1%82%D1%96,-%D1%89%D0%BE-%D0%BF%D0%B5%D1%80%D0%B5%D0%B4%D0%B0%D0%BD%D1%96-%D0%B2-%D0%BE%D1%80%D0%B5%D0%BD%D0%B4%D1%83-%D1%87%D0%B8-%D1%96%D0%BD%D1%88%D0%B5-%D0%BF%D1%80%D0%B0%D0%B2%D0%BE-%D0%BA%D0%BE%D1%80%D0%B8%D1%81%D1%82%D1%83%D0%B2%D0%B0%D0%BD%D0%BD%D1%8F.html | L45: так | M45: https://zakarpat-rada.gov.ua/mayno/orendaryam/prymischennya-peredani-v-orendu/ | N45: так | O45: http://zor.gov.ua/content/informaciyne-povidomlennya ; http://zor.gov.ua/content/perelik-naboriv-danyh-shcho-pidlyagayut-oprylyudnennyu-u-formi-vidkrytyh-danyh (п.3, п.5) | P45: так | Q45: http://www.orada.if.ua/документи/документи-управління-обєктами/результати-конкурсів/ | R45: ні | T45: ні | V45: ні | X45: ні | Z45: так | AA45: http://property.odessa.gov.ua/orenda-i-pryvatyzatsiya/ | AB45: ні | AD45: так | AE45: оренда - http://oblrada.rv.ua/komunalna_vlasnist/orenda_majna/ та приватизація - http://www.oblrada.rv.ua/komunalna_vlasnist/informacija_pro_vidchuzhennja_majna/ | AF45: так | AG45: https://sorada.gov.ua/upr-mayno.html | AH45: так | AI45: Згідно тестового проекту порталу | AJ45: частково | AK45: http://www.oblrada.kharkov.ua/ua/public-information/management-of-municipal-property/results-of-competitions | AL45: ні | AN45: так | AO45: http://km-oblrada.gov.ua/vidkriti-dani/ | AP45: Так | AQ45: «Обласна комунальна власність», Переліки діючих договорів оренди https://www.oblradack.gov.ua/upravlnnya-maynom-oblasnoyi-komunalnoyi-vlasnost-vikonavchogo-aparatu-oblasnoyi-radi | AR45: ні | AT45: Так | AU45: https://ukm.chor.gov.ua/informatsiya-pro-orendu-majna/item/752-informatsiia-pro-stan-nadkhodzhen-koshtiv-vid-orendy-maina-spilno
